Workbook
Name \0: #REF!
Name \0: #REF!
Name \0: #REF!
Name \00: #REF!
Name \00: #REF!
Name \00: #REF!
Name \a: #REF!
Name \a: #REF!
Name \AA: [1]LIQUIDACION!#REF!
Name \b: [2]STRSUMM0!#REF!
Name \bb: [2]STRSUMM0!#REF!
Name \E: #REF!
Name \EE: #REF!
Name \G: #REF!
Name \k: '[3]7422CW00'!#REF!
Name \l: [4]STRSUMM0!#REF!
Name \M: #REF!
Name \ñ: '[5]7422CW00'!#REF!
Name \P: #REF!
Name \R: #REF!
Name \s: #REF!
Name \s: #REF!
Name \V: #REF!
Name \X: 'INDICAR CÓDIGO DEL ITEM DE PAGO'!ERR
Name \X: 'PRESUPUESTO OFICIAL (Entidad)'!ERR
Name \X: 'PROPUESTA ECONOMICA(Proponente)'!ERR
Name \X: [0]!ERR
Name \Z: 'INDICAR CÓDIGO DEL ITEM DE PAGO'!ERR
Name \Z: 'PRESUPUESTO OFICIAL (Entidad)'!ERR
Name \Z: 'PROPUESTA ECONOMICA(Proponente)'!ERR
Name \Z: [0]!ERR
Name _________AFC1: [6]INV!$A$25:$D$28
Name _________AFC3: [6]INV!$F$25:$I$28
Name _________AFC5: [6]INV!$K$25:$N$28
Name _________BGC1: [6]INV!$A$5:$D$8
Name _________BGC3: [6]INV!$F$5:$I$8
Name _________BGC5: [6]INV!$K$5:$N$8
Name _________CAC1: [6]INV!$A$19:$D$22
Name _________CAC3: [6]INV!$F$19:$I$22
Name _________CAC5: [6]INV!$K$19:$N$22
Name _________PJ50: #REF!
Name _________PJ50: #REF!
Name _________SBC1: [6]INV!$A$12:$D$15
Name _________SBC3: [6]INV!$F$12:$I$15
Name _________SBC5: [6]INV!$K$12:$N$15
Name ________AFC1: [6]INV!$A$25:$D$28
Name ________AFC3: [6]INV!$F$25:$I$28
Name ________AFC5: [6]INV!$K$25:$N$28
Name ________BGC1: [6]INV!$A$5:$D$8
Name ________BGC3: [6]INV!$F$5:$I$8
Name ________BGC5: [6]INV!$K$5:$N$8
Name ________CAC1: [6]INV!$A$19:$D$22
Name ________CAC3: [6]INV!$F$19:$I$22
Name ________CAC5: [6]INV!$K$19:$N$22
Name ________MA2: #REF!
Name ________MA2: #REF!
Name ________PJ50: #REF!
Name ________PJ50: #REF!
Name ________SBC1: [6]INV!$A$12:$D$15
Name ________SBC3: [6]INV!$F$12:$I$15

Sheet PPTOETAPAS
A1: ESTADIO ORLANDO LOSADA BUENDÍA - GARZON
A3: PRIMERA ETAPA: ADECUACION Y CONSTRUCCION DE LA TRIBUNA OCCIDENTAL, INCLUYE ADECUACION DE CANCHA, ILUMINACION, CAMERINOS, BATERIAS SANITARIAS; SALA DE PRENSA Y OTROS SERVICIOS
A4: Plazo: | B4: Doce (12) Meses
A5: Item | B5: Descripción | C5: Unidad | D5: Cantidad | E5: P. Unitario | F5: P.Total
A6: 1 | B6: PRELIMINARES | F6: =SUM(F7:F8) -> 87811694 | I6: =10816.64+3314.27+1520.83+1875.97+6798.06 -> 24325.77
A7: 1.1 | B7: Localización y Replanteo | C7: área | D7: =10812.64+3314.27 -> 14126.91 | E7: 2850 | F7: =+ROUND(D7*E7,0) -> 40261694 | H7: 16002.88
A8: 1.2 | B8: Demoliciones, incluye botada de escombros | C8: Global | D8: 1 | E8: 47550000 | F8: =+ROUND(D8*E8,0) -> 47550000 | H8: 1
A9: 2 | B9: EXCAVACIONES Y LLENOS | F9: =SUM(F10:F17) -> 76795000
A10: 2.1 | B10: Excavaciones de 0-2 a maquina | C10: m3 | D10: 350 | E10: 27550 | F10: =+ROUND(D10*E10,0) -> 9642500 | H10: 350
A11: 2.2 | B11: Excavaciones de 2-4 a maquina | C11: m3 | D11: 250 | E11: 32550 | F11: =+ROUND(D11*E11,0) -> 8137500 | H11: 250
A12: 2.3 | B12: Excavaciones de 0-2 manual | C12: m3 | D12: 150 | E12: 30500 | F12: =+ROUND(D12*E12,0) -> 4575000 | H12: 150
A13: 2.4 | B13: Excavaciones de 2-4 a manual | C13: m3 | D13: 100 | E13: 35600 | F13: =+ROUND(D13*E13,0) -> 3560000 | H13: 100
A14: 2.5 | B14: Excavación de roca, incluye dinamita o crash, incluye botada | C14: m3 | D14: 45 | E14: 224000 | F14: =+ROUND(D14*E14,0) -> 10080000 | H14: 45
A15: 2.6 | B15: Llenos estructurales con material de prestamo | C15: m3 | D15: 480 | E15: 45000 | F15: =+ROUND(D15*E15,0) -> 21600000 | H15: 480
A16: 2.7 | B16: Lleno con material de recebo | C16: m3 | D16: 220 | E16: 65000 | F16: =+ROUND(D16*E16,0) -> 14300000 | H16: 220
A17: 2.8 | B17: Lleno con material In Situ | C17: m3 | D17: 200 | E17: 24500 | F17: =+ROUND(D17*E17,0) -> 4900000 | H17: 200
A18: 3 | B18: CONCRETOS | F18: =SUM(F19:F23) -> 1643254547
A19: 3.1 | B19: Concreto fundación | C19: m3 | D19: =((12.25+3.44+7.02+10.95+32.49+5.52)+(12.25+3.44+10.53+8.21+16.25+8.28)*2) -> 189.59 | E19: 535000 | F19: =+ROUND(D19*E19,0) -> 101430650 | H19: 189.59 | I19: =12.25+3.44+10.53+8.21+16.25+8.28 -> 58.96 | J19: =63.77*2 -> 127.54
A20: 3.2 | B20: Concretos columnas | C20: m3 | D20: =((10.08+15.34+17.1+106.18)*2)+13.44+20.45+20.52+91.01 -> 442.82 | E20: 675550 | F20: =+ROUND(D20*E20,0) -> 299147051 | H20: 442.82 | I20: =+I19*2 -> 117.92 | J20: 73.63
A21: 3.3 | B21: Concretos para vigas fundacion | C21: m3 | D21: =(73.63+137.44) -> 211.07 | E21: 545400 | F21: =+ROUND(D21*E21,0) -> 115117578 | H21: 211.07 | I21: =12.25+3.44+7.02+10.95+32.49+5.52 -> 71.67 | J21: =+J20+J19 -> 201.17
A22: 3.4 | B22: Concreto para losas, espesor 0.60, incluye formaleteria | C22: m2 | D22: 2977.76 | E22: 185450 | F22: =+ROUND(D22*E22,0) -> 552225592 | H22: 2977.76
A23: 3.5 | B23: Concreto para tribuna, incluye formaleteria | C23: m2 | D23: =19.3*112.3 -> 2167.39 | E23: 265450 | F23: =+ROUND(D23*E23,0) -> 575333676 | H23: 2167.39
A24: 4 | B24: REFUERZO | F24: =SUM(F25:F26) -> 958242478
A25: 4.1 | B25: Refuerzo Grado 60 | C25: kg | D25: =+ROUND((D19+D20+D21+D22*1.1+D23*1.1)*35+8000,0) -> 235610 | E25: 3850 | F25: =+ROUND(D25*E25,0) -> 907098500 | H25: 235610
A26: 4.2 | B26: Refuerzo malla | C26: m2 | D26: =+D22+D23+180*30 -> 10545.15 | E26: 4850 | F26: =+ROUND(D26*E26,0) -> 51143978 | H26: 10545.15
A27: 5 | B27: CUBIERTA | F27: =SUM(F28) -> 0
A28: 5.1 | B28: Cubierta de tribunas, teja termoacustica, incluye estructura metálica, canoa y bajantes en fibra de vidrio | C28: m2 | E28: 134500 | F28: =+ROUND(D28*E28,0) -> 0
A29: 6 | B29: ESTRUCTURAS Y AREAS ESPECIALES CON ACABADOS | F29: =SUM(F30:F45) -> 1764206200
B30: Nivel Camerinos
A31: 6.1 | B31: Camerino A | C31: m2 | D31: 266.96 | E31: 1150000 | F31: =+ROUND(D31*E31,0) -> 307004000 | H31: 266.96
A32: 6.2 | B32: Camerino B | C32: m2 | D32: 223.98 | E32: 1150000 | F32: =+ROUND(D32*E32,0) -> 257577000 | H32: 223.98
A33: 6.3 | B33: Camerino Arbitros | C33: m2 | D33: 39.64 | E33: 1150000 | F33: =+ROUND(D33*E33,0) -> 45586000 | H33: 39.64
A34: 6.4 | B34: Oficinas | C34: m2 | D34: 75.07 | E34: 850000 | F34: =+ROUND(D34*E34,0) -> 63809500 | H34: 75.07
A35: 6.6 | B35: Circulaciones | C35: m2 | D35: 212.42 | E35: =+E37 -> 650000 | F35: =+ROUND(D35*E35,0) -> 138073000 | H35: 212.42
B36: Nivel 1
A37: 6.7 | B37: Circulaciones | C37: m2 | D37: 776.46 | E37: 650000 | F37: =+ROUND(D37*E37,0) -> 504699000 | H37: 776.46
A38: 6.8 | B38: Baños | C38: m2 | D38: 143.05 | E38: 1350000 | F38: =+ROUND(D38*E38,0) -> 193117500 | H38: 143.05
A39: 6.9 | B39: Locales y Oficinas | C39: m2 | E39: 850000 | F39: =+ROUND(D39*E39,0) -> 0 | H39: 370.49
B40: Nivel VIP
A41: 6.1 | B41: Cabinas - PMU - Palcos VIP | C41: m2 | E41: 1150000 | F41: =+ROUND(D41*E41,0) -> 0 | H41: 250
B42: Fachada
A43: 6.11 | B43: Lamina Microperforada Incluye Estructura | C43: m2 | D43: 596 | E43: 250000 | F43: =+ROUND(D43*E43,0) -> 149000000 | H43: 596
A44: 6.12 | B44: Manposteria en Muro Split | C44: m2 | D44: =192.94+162.01+162.01+105.4+105.4 -> 727.76 | E44: 120000 | F44: =+ROUND(D44*E44,0) -> 87331200 | H44: 727.76
A45: 6.13 | B45: Portones según Diseño | C45: m2 | D45: 100.05 | E45: 180000 | F45: =+ROUND(D45*E45,0) -> 18009000 | H45: 100.05
B46: Edificaciones laterales
A47: 6.11 | B47: Edificaciones laterales para la recepción y oficinas | C47: m2 | D47: =224.01 -> 224.01 | E47: 800000 | F47: =+ROUND(D47*E47,0) -> 179208000 | H47: 448.02
A48: 7 | B48: OBRAS DE ADECUACION CANCHA | F48: =SUM(F49:F72) -> 1026944790
A49: 7.1 | B49: DESMONTE, DESCAPOTE Y LIMPIEZA a máquina, e=0.15m. Incluye cargue, transporte y botada de escombros material vegetal en botaderos oficiales o donde indique la interventoría. Su medida será en sitio. | C49: m2 | D49: 10930 | E49: 5872 | F49: =+ROUND(D49*E49,0) -> 64180960
A50: 7.2 | B50: Explanación - corte y extendidad hasta una profundidad de 20 cm, despues de ejecutada la actividad de descapote. Incluye cargue, transporte y botada de tierra en botaderos oficiales o donde la intervenotría lo indique. | C50: m3 | D50: =8400*0.3 -> 2520 | E50: 14657 | F50: =+ROUND(D50*E50,0) -> 36935640
A51: 7.3 | B51: Nivelacion y compactacion al 90% del proctor modificado del terreno natural. En esta etapa se deberá realizar el ensayo de permeabilidad del suelo para aprobar el diseño o rediseñar elsistema de filtración adecuado al tipo de terreno y al manejo de aguas subterráneas | C51: m2 | D51: 10625 | E51: 752 | F51: =+ROUND(D51*E51,0) -> 7990000
A52: 7.4 | B52: Construcción de cajas de registro de 100 x 100 x altura hasta 120 cm. en concreto de 21Mpa. con impermeabiIizante integral tipo Sika o equivalente, con concrefibra el piso y tapa en concreto, la tapa con su respectivo herraje. Incluye suministro, transporte e instalación de los materiales y todos los demás elementos necesarios para su correcta instalación y funcionamiento. | C52: un | D52: 6 | E52: 715315 | F52: =+ROUND(D52*E52,0) -> 4291890
A53: 7.5 | B53: Suministro e instalación de material granular seleccionado para capa filtrante del campo de juego. En Piedra de canto rodado de poros abiertos, de curva granulometrica continua, donde un tamaño inferior 0,063mm no debe superar el 5% y un tamaño no superior a 1.1/2", de tal manera que cumpla con índice de permeabilidad KF a LK 100 debe ser superior a 3 mm/min. (180 mm/h) e inferior a 30 mm/min. (1800 mrn/h). | C53: m3 | D53: =8400*0.1 -> 840 | E53: 62500 | F53: =+ROUND(D53*E53,0) -> 52500000
A54: 7.6 | B54: Instalación de GEOTEXTIL NT 1600. para filtro o equivalente. Incluye suministro y transporte de los materiales, traslapos y todos los elementos necesarios para su correcta instalación y funcionamiento. Según diseño del filtro. | C54: m2 | D54: 8400 | E54: 7141 | F54: =+ROUND(D54*E54,0) -> 59984400
A55: 7.7 | B55: Suministro, Transporte e instalación de grama tipo bermuda Ref. 419 de alto trafico o similar en TEPE, que se adpaten a suelos arcillosos a arenosos con PH desde 5,5 a 8,5. Incluye una capa de tierra orgánica negra de 10 cm (capa de enraizamiento) abonada y se deberá hacer como mínimo tres riegos con fertilizantes y regado con agua hasta su total prendimiento. Se deberá realizar un pisado manual de la capa de tierra y luego rastrillar unos 2 cm para remoción de la capa de enraizamiento para acomodar la grama, se deberá utilizar todo lo necesario para su correcta instalación. | C55: m2 | D55: 8400 | E55: 41105 | F55: =+ROUND(D55*E55,0) -> 345282000
B56: Sistema de Riego | F56: =+ROUND(D56*E56,0) -> 0
A57: 7.8 | B57: Aspersores pop up turbo T - 3, incluye Swing joint Articulado | C57: un | D57: 24 | E57: 480000 | F57: =+ROUND(D57*E57,0) -> 11520000
A58: 7.9 | B58: Cajas para valvula | C58: un | D58: 7 | E58: 220000 | F58: =+ROUND(D58*E58,0) -> 1540000
B59: Tuberias | F59: =+ROUND(D59*E59,0) -> 0
A60: 7.10 | B60: Tuberia pvc de 2" rde 26 | C60: ml | D60: 450 | E60: 22200 | F60: =+ROUND(D60*E60,0) -> 9990000
A61: 7.11 | B61: Tuberia pvc de 1 1/2" rde 26 | C61: ml | D61: 300 | E61: 16500 | F61: =+ROUND(D61*E61,0) -> 4950000
A62: 7.12 | B62: Tuberia pvc 1 1/4" rde 26 | C62: ml | D62: 300 | E62: 14500 | F62: =+ROUND(D62*E62,0) -> 4350000
A63: 7.13 | B63: Tuberia pvc 1" rde 26 | C63: ml | D63: 300 | E63: 13200 | F63: =+ROUND(D63*E63,0) -> 3960000
A64: 7.14 | B64: Equipo de bombeo completo, incluye motobomba de alta presión 2"x2" 12 HP 20H con arrancador, multiple de succión y descarga de 2", accesorios, acometida electrica e instalación electrico y puesta en marcha. | C64: un | D64: 1 | E64: 38460000 | F64: =+ROUND(D64*E64,0) -> 38460000
A65: 7.15 | B65: Tanque Prefabricado en fibra de vidrio de capacidad de almacenamiento de 30 m3, en fibra de vidrio, incluye todos los accesorios para su correcta instalación | C65: un | D65: 1 | E65: 28640000 | F65: =+ROUND(D65*E65,0) -> 28640000
A66: 7.16 | B66: SUMINISTRO, EXTENDIDO Y NIVELACION DE ARENA DE RIO LAVADA E=0,20 m | C66: M3 | D66: =8400*0.2 -> 1680 | E66: 42750 | F66: =+ROUND(D66*E66,0) -> 71820000
B67: SISTEMA DE DRENAJES y LECHO FILTRANTE | F67: =+ROUND(D67*E67,0) -> 0
A68: 7.17 | B68: CONSTRUCCION DRENAJES DIAM. Tipo Planar 12" | C68: ML | D68: 1950 | E68: 53790 | F68: =+ROUND(D68*E68,0) -> 104890500
A69: 7.18 | B69: SUMINISTRO E INSTALACION DE TUBERIA NOVAFORT 10" (INCLUYE: Tuberia, zanjado, arena y mano de obra) | C69: ML | D69: 120 | E69: 136205 | F69: =+ROUND(D69*E69,0) -> 16344600
A70: 7.19 | B70: SUMINISTRO E INSTALACION DE TUBERIA NOVAFORT 12" (INCLUYE: Tuberia, zanjado, arena y mano de obra) | C70: ML | D70: 40 | E70: 163745 | F70: =+ROUND(D70*E70,0) -> 6549800
A71: 7.20 | B71: CONSTRUCCION CAJAS DESARENADORA 3X2 | C71: UND | D71: 1 | E71: 965000 | F71: =+ROUND(D71*E71,0) -> 965000
A72: 7.21 | B72: Colocación de grama Sintetica area Circulacion Cancha | C72: m2 | D72: 2530 | E72: 60000 | F72: =+ROUND(D72*E72,0) -> 151800000 | H72: 2530
A73: 8 | B73: OBRAS ELECTRICAS | F73: =SUM(F74) -> 1088496311
A74: 8.1 | B74: Instalaciones Electricas ver presupuesto Anexo | C74: Global | D74: 1 | E74: 1088496311 | F74: =+ROUND(D74*E74,0) -> 1088496311 | H74: 1
A75: 9 | B75: INSTALACIONES HIDROSANITARIAS | F75: =SUM(F76:F78) -> 192050000
A76: 9.1 | B76: Instalaciones Hidraulicas, incluye acometida,contador y todos los accesorios | C76: Global | D76: 1 | E76: 106800000 | F76: =+ROUND(D76*E76,0) -> 106800000 | H76: 1
A77: 9.2 | B77: Instalaciones sanirtarias, incluye obras civiles | C77: Global | D77: 1 | E77: 85250000 | F77: =+ROUND(D77*E77,0) -> 85250000 | H77: 1
A78: 9.2 | B78: Red contraincendios | C78: Global | E78: 80000000 | F78: =+ROUND(D78*E78,0) -> 0
A79: 10 | B79: OBRAS VARIAS | F79: =SUM(F80) -> 0
A80: 10.3 | B80: Señalización | C80: Global | E80: 65000000 | F80: =+ROUND(D80*E80,0) -> 0
F81: =+ROUND(D81*E81,0) -> 0
B82: TOTAL COSTO DIRECTO | F82: =+SUM(F7:F81)/2 -> 6883499173
B83: AIU | C83: 0.25 | F83: =+ROUND(F82*C83,0) -> 1720874793
B84: TOTAL COSTO + AIU | F84: =+F82+F83 -> 8604373966 | H84: 7495758550
B86: Interventoría Técnica | C86: 0.07 | F86: =+ROUND(F84*C86,0) -> 602306178 | H86: =+H84*7% -> 5.247031e+08
B87: TOTAL COSTO + AiU | F87: =+F86+F84 -> 9206680144

Sheet COTIZACIÓN MATERIALES
B1: =+#REF! -> #REF! | E1: LISTADO DE MATERIALES
B4: =+#REF! -> #REF! | E4: FECHA: 19/08/2025 | H4: =#REF! -> #REF! | I4: =#REF! -> #REF! | J4: =#REF! -> #REF! | K4: =#REF! -> #REF! | L4: =#REF! -> #REF! | M4: =#REF! -> #REF! | N4: =#REF! -> #REF! | O4: =#REF! -> #REF! | ... AE4: =#REF! -> #REF!
A5: =+#REF! -> #REF! | H5: Cantidad por Actividad
A6: Item | B6: Material | C6: Und | E6: Cant | F6: Val. Unt | G6: Val. Total | H6: 1.1 | I6: 2.1 | J6: 2.2 | K6: 2.3 | L6: 2.4 | M6: 2.5 | N6: 2.6 | O6: 3.1 | P6: 3.2 | Q6: 3.3 | R6: 3.4 | S6: 3.5 | T6: 3.6 | U6: 4.1 | V6: 4.2 | W6: 4.3 | X6: 4.4 | Y6: 4.5 | Z6: 4.6 | AA6: 4.7 | AB6: 4.8 | AC6: 4.9 | AD6: 4.10 | AE6: 4.11 | AF6: 5.1 | AH6: 1.1 | AI6: 2.1 | AJ6: 2.2 | AK6: 2.3 | AL6: 2.4 | AM6: 2.5 | AN6: 2.6 | AO6: 3.1 | AP6: 3.2 | AQ6: 3.3 | AR6: 3.4 | AS6: 3.5 | AT6: 3.6 | AU6: 4.1 | AV6: 4.2 | AW6: 4.3 | AX6: 4.4 | AY6: 4.5 | AZ6: 4.6 | BA6: 4.7 | BB6: 4.8 | BC6: 4.9 | BD6: 4.10 | BE6: 4.11 | BF6: 5.1
A7: 1 | B7: PUNTILLA 1 1/2" a 3" | C7: LB | E7: =SUM(H7:AF7) -> #REF! | H7: =#REF!*#REF! -> #REF! | AH7: =$F7*H7 -> #REF! | AI7: =$F7*I7 -> 0 | AJ7: =$F7*J7 -> 0 | AK7: =$F7*K7 -> 0 | AL7: =$F7*L7 -> 0 | AM7: =$F7*M7 -> 0 | AN7: =$F7*N7 -> 0 | AO7: =$F7*O7 -> 0 | ... BF7: =$F7*AF7 -> 0
A8: 2 | B8: POLIN DE MADERA (5x5) | C8: ML | E8: =SUM(H8:AF8) -> #REF! | H8: =#REF!*#REF! -> #REF! | AH8: =$F8*H8 -> #REF! | AI8: =$F8*I8 -> 0 | AJ8: =$F8*J8 -> 0 | AK8: =$F8*K8 -> 0 | AL8: =$F8*L8 -> 0 | AM8: =$F8*M8 -> 0 | AN8: =$F8*N8 -> 0 | AO8: =$F8*O8 -> 0 | ... BF8: =$F8*AF8 -> 0
A9: 3 | B9: CERCO DE MADERA 5X10 | C9: ML | E9: =SUM(H9:AF9) -> #REF! | H9: =#REF!*#REF! -> #REF! | AH9: =$F9*H9 -> #REF! | AI9: =$F9*I9 -> 0 | AJ9: =$F9*J9 -> 0 | AK9: =$F9*K9 -> 0 | AL9: =$F9*L9 -> 0 | AM9: =$F9*M9 -> 0 | AN9: =$F9*N9 -> 0 | AO9: =$F9*O9 -> 0 | ... BF9: =$F9*AF9 -> 0
A10: 4 | B10: PIOLA GRUESA ROLLO 50 ML | C10: UND | E10: =SUM(H10:AF10) -> #REF! | H10: =#REF!*#REF! -> #REF! | AH10: =$F10*H10 -> #REF! | AI10: =$F10*I10 -> 0 | AJ10: =$F10*J10 -> 0 | AK10: =$F10*K10 -> 0 | AL10: =$F10*L10 -> 0 | AM10: =$F10*M10 -> 0 | AN10: =$F10*N10 -> 0 | AO10: =$F10*O10 -> 0 | ... BF10: =$F10*AF10 -> 0
A11: 5 | B11: MINERAL ROJO | C11: KG | E11: =SUM(H11:AF11) -> #REF! | H11: =#REF!*#REF! -> #REF! | AH11: =$F11*H11 -> #REF! | AI11: =$F11*I11 -> 0 | AJ11: =$F11*J11 -> 0 | AK11: =$F11*K11 -> 0 | AL11: =$F11*L11 -> 0 | AM11: =$F11*M11 -> 0 | AN11: =$F11*N11 -> 0 | AO11: =$F11*O11 -> 0 | ... BF11: =$F11*AF11 -> 0
A12: 6 | B12: RECEBO COMÚN | C12: M3 | E12: =SUM(H12:AF12) -> #REF! | M12: =M4*#REF! -> #REF! | AH12: =$F12*H12 -> 0 | AI12: =$F12*I12 -> 0 | AJ12: =$F12*J12 -> 0 | AK12: =$F12*K12 -> 0 | AL12: =$F12*L12 -> 0 | AM12: =$F12*M12 -> #REF! | AN12: =$F12*N12 -> 0 | AO12: =$F12*O12 -> 0 | ... BF12: =$F12*AF12 -> 0
A13: 7 | B13: SUB-BASE GRANULAR SBG-1 | C13: M3 | E13: =SUM(H13:AF13) -> #REF! | N13: =N4*#REF! -> #REF! | AH13: =$F13*H13 -> 0 | AI13: =$F13*I13 -> 0 | AJ13: =$F13*J13 -> 0 | AK13: =$F13*K13 -> 0 | AL13: =$F13*L13 -> 0 | AM13: =$F13*M13 -> 0 | AN13: =$F13*N13 -> #REF! | AO13: =$F13*O13 -> 0 | ... BF13: =$F13*AF13 -> 0
A14: 8 | B14: ACERO Fy= 4200 Kg/cm2 | C14: KG | E14: =SUM(H14:AF14) -> #REF! | O14: =O4*#REF! -> #REF! | AH14: =$F14*H14 -> 0 | AI14: =$F14*I14 -> 0 | AJ14: =$F14*J14 -> 0 | AK14: =$F14*K14 -> 0 | AL14: =$F14*L14 -> 0 | AM14: =$F14*M14 -> 0 | AN14: =$F14*N14 -> 0 | AO14: =$F14*O14 -> #REF! | ... BF14: =$F14*AF14 -> 0
A15: 9 | B15: ALAMBRE NEGRO No. 18 | C15: KG | E15: =SUM(H15:AF15) -> #REF! | O15: =O4*#REF! -> #REF! | AH15: =$F15*H15 -> 0 | AI15: =$F15*I15 -> 0 | AJ15: =$F15*J15 -> 0 | AK15: =$F15*K15 -> 0 | AL15: =$F15*L15 -> 0 | AM15: =$F15*M15 -> 0 | AN15: =$F15*N15 -> 0 | AO15: =$F15*O15 -> #REF! | ... BF15: =$F15*AF15 -> 0
A16: 10 | B16: CEMENTO | C16: Bult | E16: =SUM(H16:AF16) -> #REF! | P16: =P4*'4 - CIMENTACIÓN - CONCRETOS'!$E$55 -> #REF! | Q16: =Q4*'8 - PISOS - CONCRETO-ENCHAPES'!E246 -> #REF! | AH16: =$F16*H16 -> 0 | AI16: =$F16*I16 -> 0 | AJ16: =$F16*J16 -> 0 | AK16: =$F16*K16 -> 0 | AL16: =$F16*L16 -> 0 | AM16: =$F16*M16 -> 0 | AN16: =$F16*N16 -> 0 | AO16: =$F16*O16 -> 0 | ... BF16: =$F16*AF16 -> 0
A17: 11 | B17: GRAVILLA | C17: M3 | E17: =SUM(H17:AF17) -> #REF! | P17: =P4*'4 - CIMENTACIÓN - CONCRETOS'!$E$56 -> #REF! | Q17: =Q4*'8 - PISOS - CONCRETO-ENCHAPES'!E247 -> #REF! | AH17: =$F17*H17 -> 0 | AI17: =$F17*I17 -> 0 | AJ17: =$F17*J17 -> 0 | AK17: =$F17*K17 -> 0 | AL17: =$F17*L17 -> 0 | AM17: =$F17*M17 -> 0 | AN17: =$F17*N17 -> 0 | AO17: =$F17*O17 -> 0 | ... BF17: =$F17*AF17 -> 0
A18: 12 | B18: ARENA | C18: M3 | E18: =SUM(H18:AF18) -> #REF! | P18: =P4*'4 - CIMENTACIÓN - CONCRETOS'!$E$57 -> #REF! | Q18: ='8 - PISOS - CONCRETO-ENCHAPES'!E248*'COTIZACIÓN MATERIALES'!Q4 -> #REF! | AH18: =$F18*H18 -> 0 | AI18: =$F18*I18 -> 0 | AJ18: =$F18*J18 -> 0 | AK18: =$F18*K18 -> 0 | AL18: =$F18*L18 -> 0 | AM18: =$F18*M18 -> 0 | AN18: =$F18*N18 -> 0 | AO18: =$F18*O18 -> 0 | ... BF18: =$F18*AF18 -> 0
A19: 13 | B19: Sika Plastocrete DM 4,5kg | C19: Gal | E19: =SUM(H19:AF19) -> #REF! | Q19: ='8 - PISOS - CONCRETO-ENCHAPES'!E250*Q4 -> #REF! | AH19: =$F19*H19 -> 0 | AI19: =$F19*I19 -> 0 | AJ19: =$F19*J19 -> 0 | AK19: =$F19*K19 -> 0 | AL19: =$F19*L19 -> 0 | AM19: =$F19*M19 -> 0 | AN19: =$F19*N19 -> 0 | AO19: =$F19*O19 -> 0 | ... BF19: =$F19*AF19 -> 0
A20: 14 | B20: AGUA | C20: LT | E20: =SUM(H20:AF20) -> #REF! | P20: =P4*'4 - CIMENTACIÓN - CONCRETOS'!E58 -> #REF! | Q20: =Q4*'8 - PISOS - CONCRETO-ENCHAPES'!E249 -> #REF! | R20: =R4*'9 - PAÑETES - PINTURA'!E86 -> #REF! | T20: =T4*'9 - PAÑETES - PINTURA'!E124 -> #REF! | AH20: =$F20*H20 -> 0 | AI20: =$F20*I20 -> 0 | AJ20: =$F20*J20 -> 0 | AK20: =$F20*K20 -> 0 | AL20: =$F20*L20 -> 0 | AM20: =$F20*M20 -> 0 | AN20: =$F20*N20 -> 0 | AO20: =$F20*O20 -> 0 | ... BF20: =$F20*AF20 -> 0
A21: 15 | B21: MORTERO IMPERMEABILIZANTE ZIKA | C21: KG | E21: =SUM(H21:AF21) -> #REF! | R21: =R4*'9 - PAÑETES - PINTURA'!E85 -> #REF! | AH21: =$F21*H21 -> 0 | AI21: =$F21*I21 -> 0 | AJ21: =$F21*J21 -> 0 | AK21: =$F21*K21 -> 0 | AL21: =$F21*L21 -> 0 | AM21: =$F21*M21 -> 0 | AN21: =$F21*N21 -> 0 | AO21: =$F21*O21 -> 0 | ... BF21: =$F21*AF21 -> 0
A22: 16 | B22: CINTA PVC SIKA V-22 | C22: ML | E22: =SUM(H22:AF22) -> #REF! | S22: =S4*#REF! -> #REF! | AH22: =$F22*H22 -> 0 | AI22: =$F22*I22 -> 0 | AJ22: =$F22*J22 -> 0 | AK22: =$F22*K22 -> 0 | AL22: =$F22*L22 -> 0 | AM22: =$F22*M22 -> 0 | AN22: =$F22*N22 -> 0 | AO22: =$F22*O22 -> 0 | ... BF22: =$F22*AF22 -> 0
A23: 17 | B23: MORTERO 1:4 DE BAJA PERMEABILIDAD | C23: M3 | E23: =SUM(H23:AF23) -> #REF! | T23: =T4*'9 - PAÑETES - PINTURA'!E123 -> #REF! | AH23: =$F23*H23 -> 0 | AI23: =$F23*I23 -> 0 | AJ23: =$F23*J23 -> 0 | AK23: =$F23*K23 -> 0 | AL23: =$F23*L23 -> 0 | AM23: =$F23*M23 -> 0 | AN23: =$F23*N23 -> 0 | AO23: =$F23*O23 -> 0 | ... BF23: =$F23*AF23 -> 0
A24: 18 | B24: TUBO PVC P Ø2" RDE 26 | C24: ML | E24: =SUM(H24:AF24) -> #REF! | U24: =U4*#REF! -> #REF! | AH24: =$F24*H24 -> 0 | AI24: =$F24*I24 -> 0 | AJ24: =$F24*J24 -> 0 | AK24: =$F24*K24 -> 0 | AL24: =$F24*L24 -> 0 | AM24: =$F24*M24 -> 0 | AN24: =$F24*N24 -> 0 | AO24: =$F24*O24 -> 0 | ... BF24: =$F24*AF24 -> 0
A25: 19 | B25: LIMPIADOR/REMOVEDOR PVC. ( 1/4 Gal ) | C25: UND | E25: =SUM(H25:AF25) -> #REF! | U25: =U4*#REF! -> #REF! | V25: =V4*#REF! -> #REF! | W25: =W4*#REF! -> #REF! | X25: =X4*#REF! -> #REF! | AH25: =$F25*H25 -> 0 | AI25: =$F25*I25 -> 0 | AJ25: =$F25*J25 -> 0 | AK25: =$F25*K25 -> 0 | AL25: =$F25*L25 -> 0 | AM25: =$F25*M25 -> 0 | AN25: =$F25*N25 -> 0 | AO25: =$F25*O25 -> 0 | ... BF25: =$F25*AF25 -> 0
A26: 20 | B26: SOLDADURA LIQUIDA PVC. (1/4 Gal ) | C26: UND | E26: =SUM(H26:AF26) -> #REF! | U26: =U4*#REF! -> #REF! | V26: =V4*#REF! -> #REF! | W26: =W4*#REF! -> #REF! | X26: =X4*#REF! -> #REF! | AH26: =$F26*H26 -> 0 | AI26: =$F26*I26 -> 0 | AJ26: =$F26*J26 -> 0 | AK26: =$F26*K26 -> 0 | AL26: =$F26*L26 -> 0 | AM26: =$F26*M26 -> 0 | AN26: =$F26*N26 -> 0 | AO26: =$F26*O26 -> 0 | ... BF26: =$F26*AF26 -> 0
A27: 21 | B27: TUBO PVC P Ø6" RDE 26 | C27: ML | E27: =SUM(H27:AF27) -> #REF! | V27: =V4*#REF! -> #REF! | AH27: =$F27*H27 -> 0 | AI27: =$F27*I27 -> 0 | AJ27: =$F27*J27 -> 0 | AK27: =$F27*K27 -> 0 | AL27: =$F27*L27 -> 0 | AM27: =$F27*M27 -> 0 | AN27: =$F27*N27 -> 0 | AO27: =$F27*O27 -> 0 | ... BF27: =$F27*AF27 -> 0
A28: 22 | B28: Codo PVC de 2" | C28: UND | E28: =SUM(H28:AF28) -> #REF! | W28: =W4*#REF! -> #REF! | AH28: =$F28*H28 -> 0 | AI28: =$F28*I28 -> 0 | AJ28: =$F28*J28 -> 0 | AK28: =$F28*K28 -> 0 | AL28: =$F28*L28 -> 0 | AM28: =$F28*M28 -> 0 | AN28: =$F28*N28 -> 0 | AO28: =$F28*O28 -> 0 | ... BF28: =$F28*AF28 -> 0
A29: 23 | B29: Codo PVC de 6" | C29: UND | E29: =SUM(H29:AF29) -> #REF! | X29: =X4*#REF! -> #REF! | AH29: =$F29*H29 -> 0 | AI29: =$F29*I29 -> 0 | AJ29: =$F29*J29 -> 0 | AK29: =$F29*K29 -> 0 | AL29: =$F29*L29 -> 0 | AM29: =$F29*M29 -> 0 | AN29: =$F29*N29 -> 0 | AO29: =$F29*O29 -> 0 | ... BF29: =$F29*AF29 -> 0
A30: 24 | B30: Tee PVC de 2" | C30: UND | E30: =SUM(H30:AF30) -> #REF! | W30: =W4*#REF! -> #REF! | AH30: =$F30*H30 -> 0 | AI30: =$F30*I30 -> 0 | AJ30: =$F30*J30 -> 0 | AK30: =$F30*K30 -> 0 | AL30: =$F30*L30 -> 0 | AM30: =$F30*M30 -> 0 | AN30: =$F30*N30 -> 0 | AO30: =$F30*O30 -> 0 | ... BF30: =$F30*AF30 -> 0
A31: 25 | B31: Tee PVC de 6" | C31: UND | E31: =SUM(H31:AF31) -> #REF! | X31: =X4*#REF! -> #REF! | AH31: =$F31*H31 -> 0 | AI31: =$F31*I31 -> 0 | AJ31: =$F31*J31 -> 0 | AK31: =$F31*K31 -> 0 | AL31: =$F31*L31 -> 0 | AM31: =$F31*M31 -> 0 | AN31: =$F31*N31 -> 0 | AO31: =$F31*O31 -> 0 | ... BF31: =$F31*AF31 -> 0
A32: 26 | B32: NIPLE PASAMUROS EN ACERO | C32: UND | E32: =SUM(H32:AF32) -> #REF! | Y32: =Y4*#REF! -> #REF! | AH32: =$F32*H32 -> 0 | AI32: =$F32*I32 -> 0 | AJ32: =$F32*J32 -> 0 | AK32: =$F32*K32 -> 0 | AL32: =$F32*L32 -> 0 | AM32: =$F32*M32 -> 0 | AN32: =$F32*N32 -> 0 | AO32: =$F32*O32 -> 0 | ... BF32: =$F32*AF32 -> 0
A33: 27 | B33: Válvula de 2" de compuerta elástica | C33: UND | E33: =SUM(H33:AF33) -> #REF! | Z33: =Z4*#REF! -> #REF! | AH33: =$F33*H33 -> 0 | AI33: =$F33*I33 -> 0 | AJ33: =$F33*J33 -> 0 | AK33: =$F33*K33 -> 0 | AL33: =$F33*L33 -> 0 | AM33: =$F33*M33 -> 0 | AN33: =$F33*N33 -> 0 | AO33: =$F33*O33 -> 0 | ... BF33: =$F33*AF33 -> 0
A34: 28 | B34: Válvula de 6" de compuerta elástica | C34: UND | E34: =SUM(H34:AF34) -> #REF! | AA34: =AA4*#REF! -> #REF! | AH34: =$F34*H34 -> 0 | AI34: =$F34*I34 -> 0 | AJ34: =$F34*J34 -> 0 | AK34: =$F34*K34 -> 0 | AL34: =$F34*L34 -> 0 | AM34: =$F34*M34 -> 0 | AN34: =$F34*N34 -> 0 | AO34: =$F34*O34 -> 0 | ... BF34: =$F34*AF34 -> 0
A35: 29 | B35: Tapa en lámina tipo alfajor en portacandados de 60x60cm | C35: UND | E35: =SUM(H35:AF35) -> #REF! | AB35: ='COTIZACIÓN MATERIALES'!AB4*#REF! -> #REF! | AH35: =$F35*H35 -> 0 | AI35: =$F35*I35 -> 0 | AJ35: =$F35*J35 -> 0 | AK35: =$F35*K35 -> 0 | AL35: =$F35*L35 -> 0 | AM35: =$F35*M35 -> 0 | AN35: =$F35*N35 -> 0 | AO35: =$F35*O35 -> 0 | ... BF35: =$F35*AF35 -> 0
A36: 30 | B36: válvula de pie con rejilla de 2" | C36: UND | E36: =SUM(H36:AF36) -> #REF! | AC36: =AC4*#REF! -> #REF! | AH36: =$F36*H36 -> 0 | AI36: =$F36*I36 -> 0 | AJ36: =$F36*J36 -> 0 | AK36: =$F36*K36 -> 0 | AL36: =$F36*L36 -> 0 | AM36: =$F36*M36 -> 0 | AN36: =$F36*N36 -> 0 | AO36: =$F36*O36 -> 0 | ... BF36: =$F36*AF36 -> 0
A37: 31 | B37: Escalones en Propileno de 3/4" | C37: UND | E37: =SUM(H37:AF37) -> #REF! | AD37: =AD4*#REF! -> #REF! | AH37: =$F37*H37 -> 0 | AI37: =$F37*I37 -> 0 | AJ37: =$F37*J37 -> 0 | AK37: =$F37*K37 -> 0 | AL37: =$F37*L37 -> 0 | AM37: =$F37*M37 -> 0 | AN37: =$F37*N37 -> 0 | AO37: =$F37*O37 -> 0 | ... BF37: =$F37*AF37 -> 0
A38: 32 | B38: Codo para ventilación de 3" en tubo galbanizado | C38: UND | E38: =SUM(H38:AF38) -> #REF! | AE38: =AE4*#REF! -> #REF! | AH38: =$F38*H38 -> 0 | AI38: =$F38*I38 -> 0 | AJ38: =$F38*J38 -> 0 | AK38: =$F38*K38 -> 0 | AL38: =$F38*L38 -> 0 | AM38: =$F38*M38 -> 0 | AN38: =$F38*N38 -> 0 | AO38: =$F38*O38 -> 0 | ... BF38: =$F38*AF38 -> 0
A39: 33 | B39: Sika Anchorfix-4 | C39: UND | E39: =SUM(H39:AF39) -> #REF! | Y39: =Y4*#REF! -> #REF! | AD39: =AD4*#REF! -> #REF! | AH39: =$F39*H39 -> 0 | AI39: =$F39*I39 -> 0 | AJ39: =$F39*J39 -> 0 | AK39: =$F39*K39 -> 0 | AL39: =$F39*L39 -> 0 | AM39: =$F39*M39 -> 0 | AN39: =$F39*N39 -> 0 | AO39: =$F39*O39 -> 0 | ... BD39: =$F39*AD39 -> #REF! | BF39: =$F39*AF39 -> 0
AF40: =SUM(AH40:BF40) -> #REF! | AH40: =SUM(AH7:AH39) -> #REF! | AI40: =SUM(AI7:AI39) -> 0 | AJ40: =SUM(AJ7:AJ39) -> 0 | AK40: =SUM(AK7:AK39) -> 0 | AL40: =SUM(AL7:AL39) -> 0 | AM40: =SUM(AM7:AM39) -> #REF! | AN40: =SUM(AN7:AN39) -> #REF! | AO40: =SUM(AO7:AO39) -> #REF! | ... BD40: =SUM(BD7:BD39) -> #REF! | BE40: =SUM(BE7:BE38) -> #REF! | BF40: =SUM(BF7:BF39) -> 0
A43: Item | B43: Material | C43: Und | E43: Cant | F43: Val. Unt | G43: Val. Total
A44: 2 | B44: POLIN DE MADERA (5x5) | C44: ML | E44: 14.4512
A45: 3 | B45: POLIN DE MADERA (5x10) | C45: ML | E45: 18.064
A48: Item | B48: Material | C48: Und | E48: Cant | F48: Val. Unt | G48: Val. Total
A49: 6 | B49: RECEBO COMÚN | C49: M3 | E49: 94.848
A50: 7 | B50: SUB-BASE GRANULAR SBG-1 | C50: M3 | E50: 51.436
A51: 11 | B51: GRAVILLA | C51: M3 | E51: 121.48856 | P51: =P43*'4 - CIMENTACIÓN - CONCRETOS'!$E$56 -> 0 | Q51: =Q43*'8 - PISOS - CONCRETO-ENCHAPES'!E286 -> 0 | AH51: =$F51*H51 -> 0 | AI51: =$F51*I51 -> 0 | AJ51: =$F51*J51 -> 0 | AK51: =$F51*K51 -> 0 | AL51: =$F51*L51 -> 0 | AM51: =$F51*M51 -> 0 | AN51: =$F51*N51 -> 0 | AO51: =$F51*O51 -> 0 | ... BF51: =$F51*AF51 -> 0
A52: 12 | B52: ARENA | C52: M3 | E52: 116.3428 | P52: =P43*'4 - CIMENTACIÓN - CONCRETOS'!$E$57 -> 0 | Q52: ='8 - PISOS - CONCRETO-ENCHAPES'!E287*'COTIZACIÓN MATERIALES'!Q43 -> 0 | AH52: =$F52*H52 -> 0 | AI52: =$F52*I52 -> 0 | AJ52: =$F52*J52 -> 0 | AK52: =$F52*K52 -> 0 | AL52: =$F52*L52 -> 0 | AM52: =$F52*M52 -> 0 | AN52: =$F52*N52 -> 0 | AO52: =$F52*O52 -> 0 | ... BF52: =$F52*AF52 -> 0
A55: Item | B55: Material | C55: Und | E55: Cant | F55: Val. Unt | G55: Val. Total
A56: 26 | B56: NIPLE PASAMUROS EN ACERO | C56: UND | E56: 9
A57: 27 | B57: Válvula de 2" de compuerta elástica | C57: UND | E57: 3
A58: 28 | B58: Válvula de 6" de compuerta elástica | C58: UND | E58: 1
A59: 29 | B59: Tapa en lámina tipo alfajor en portacandados de 60x60cm | C59: UND | E59: 3
A60: 30 | B60: válvula de pie con rejilla de 2" | C60: UND | E60: 1
A61: 31 | B61: Escalones en Propileno de 3/4" | C61: UND | E61: 18
A62: 32 | B62: Codo para ventilación de 3" en tubo galvanizado | C62: UND | E62: 4
A66: Item | B66: Transporte | C66: Und | D66: Cant | E66: Tarifa | F66: Val. Total
A67: 1 | B67: VOLQUETA (5-6)M3 (Material pétreo) | C67: M3 | D67: =SUM(G67:AE67) -> 0
A70: Item | B70: Euipo | E70: Tarifa/Hora | F70: Val. Total
A71: 1 | B71: HERRAMIENTA MENOR. | D71: =SUM(G71:AE71) -> 0
A72: 2 | B72: RETROCARGADOR S/LLANTA (70-90)HP. | C72: 1 | D72: =SUM(G72:AE72) -> 0
A73: 3 | B73: IMPLEMENTOS DE SEGURIDAD INDUSTRIAL | D73: =SUM(G73:AE73) -> 0
A74: 4 | B74: FORMALETA PARA SOLADOS Y CONCRETO DE LIMPIEZA. | C74: 1 | D74: =SUM(G74:AE74) -> 0
A75: 6 | B75: FORMALETA PARA ESTRUCTURAS | C75: 1 | D75: =SUM(G75:AE75) -> 0
A76: 7 | B76: APISONADOR TIPO RANA | C76: 1 | D76: =SUM(G76:AE76) -> 0
A77: 8 | B77: MEZCLADORA DE CONCRETO | C77: 1 | D77: =SUM(G77:AE77) -> 0
A78: 9 | B78: VIBRADOR DE CONCRETO | C78: 1 | D78: =SUM(G78:AE78) -> 0

Sheet Hoja1
A1: DATOS GENERALES
A2: Población | B2: 1764
A3: Coordenadas MGA | B3: ESTE | C3: 1780000.8 | D3: NORTE | E3: 4683505.1
A4: Capacidad del tanque | B4: 360 | C4: m3

Sheet PRESUPUESTO OFICIAL (Entidad)
C3: Formulario 1 - Propuesta económica - Documento tipo de selección abreviada de menor cuantía - versión 2
C4: Código | D4: CCE-EICP-FM-25 | E4: Versión | F4: 2
C6: FORMULARIO 1
C7: PRESUPUESTO OFICIAL
C8: [La entidad puede utilizar este formulario de detalle del presupuesto oficial para determinar las condiciones bajo las cuales los proponentes analizarán y presentarán su propuesta económica de forma detallada, sin perjuicio que la entidad pueda modificarlo o establecer la presentación de la oferta económica con un formulario distinto al indicado.]
C10: Adicionalmente, cuando el proceso de contratación es estructurado por precios unitarios, la Entidad debe aplicar las notas 1, 2 y 3 del presente formulario y las casillas de "Descripción", "Porcentaje" de la Administración, Imprevisto, Utilidad y total A.I.U. resaltadas en colo amarillo. Tratándose de otras modalidades de precio, la Entidad puede o no configurar los mismos aspectos.
C11: PAVIMENTACIÓN EN CONCRETO HIDRAULICO DE LA INFRAESTRUCTURA VIAL PARA TRÁFICO VEHICULAR DE VÍAS URBANAS DEL MUNICIPIO DE TIMANÁ, HUILA.
C12: Nº | D12: ITEM DE PAGO | E12: ESPECIFICACIONES | G12: DESCRIPCION | H12: UND. | I12: CANTIDAD | J12: VALOR UNITARIO | K12: VALOR TOTAL
E13: GENERAL | F13: PARTICULAR
C14: 1. CARRERA 6A ENTRE CALLE 11 Y CALLE 12
D15: 1.1 | G15: ESTRUCTURA DE PAVIMENTO
D16: 1.1.1 | G16: EXCAVACIÓN SIN CLASIFICAR DE LA EXPLANACIÓN Y CANALES (Análisis aplicado para la excavación mecánica de material sin clasificar) | H16: M3 | I16: 203.84 | J16: =26017*1.3 -> 33822.1 | K16: =I16*J16 -> 6894296.9
D17: 1.1.2 | G17: sub base seleccionado compactado hasta alcanzar una densidad seca no inferior al 95% de la máxima obtenida en el ensayo Proctor Modificado para mejoramiento de la via. | H17: M3 | I17: 104 | J17: =117871*1.3 -> 153232.3 | K17: =I17*J17 -> 15936159
D18: 1.1.3 | G18: Restitución de pavimento rígido MR 4.0 MPA incluye equipo para acabado superficial,llana, flotadora, cepillo de texturizado, microtexturizado y aplicación de menbrana curadora, corte, dilatacion y sello de junta | H18: M3 | I18: 99.84 | J18: =886583*1.3 -> 1152557.9 | K18: =I18*J18 -> 1.1507138e+08
D19: 1.1.4 | G19: Acero de refuerzo para transferencia de esfuerzo del concreto rígido figurado FY= 420 Mpa-60000 PSI, corrugado. Incluye transporte con descarga, transporte interno, certificados y todos los elementos necesarios para su correcta instalación, según diseño y recomendaciones para la via | H19: Kg | I19: 2075.58 | J19: =5633*1.3 -> 7322.9 | K19: =I19*J19 -> 15199265
D20: 1.1.5 | G20: instalacion de Sardinel prefrabricado A-10 incluye todo lo necesario para su instalacion | H20: ml | I20: 208 | J20: =76401*1.3 -> 99321.3 | K20: =I20*J20 -> 20658830
C21: Subtotal | K21: =ROUND(SUM(K16:K20),0) -> 173759932
D22: 1.2 | G22: CUNETA
D23: 1.2.1 | G23: RELLENOS PARA ESTRUCTURAS CON RECEBO seleccionado compactado hasta alcanzar una densidad seca no inferior al 95% de la maxima obtenida en el ensayo proctor modificado. Incluye el transporte y el suministro in situ del material de relleno, así como su extensión, humedecimiento y compactación a través de medios manuales. | H23: M3 | I23: 31.2 | J23: =91899*1.3 -> 119468.7 | K23: =I23*J23 -> 3727423.4
D24: 1.2.2 | G24: concretos clase d, f´c =3000 psi (bases) Análisis aplicado para la construcción de cuneta de concreto premezclado vaciado in situ, con resistencia de 21 MPa. Incluye transporte de concreto, formaleta en madera, emulsión para el curado y ejecución de juntas de dilatación con sello de poliuretano | H24: M3 | I24: 20.8 | J24: =638285*1.3 -> 829770.5 | K24: =I24*J24 -> 17259226
D25: 1.2.3 | G25: Suministro figurado y armado de Acero en barras corrugadas, Grado 60 (fy=4200 kg/cm²), de varios diámetros, según NTC 2289 y ASTM A 706. | H25: Kg | I25: 800.8 | J25: =5633*1.3 -> 7322.9 | K25: =I25*J25 -> 5864178.3
C26: Subtotal | K26: =ROUND(SUM(K23:K25),0) -> 26850828
C27: 2. CARRERA 2 ENTRE CALLE 2 Y 3
D28: 1.1 | G28: ESTRUCTURA DE PAVIMENTO
D29: 1.1.1 | G29: EXCAVACIÓN SIN CLASIFICAR DE LA EXPLANACIÓN Y CANALES (Análisis aplicado para la excavación mecánica de material sin clasificar) | H29: M3 | I29: 83.3 | J29: =26017*1.3 -> 33822.1 | K29: =I29*J29 -> 2817380.9
D30: 1.1.2 | G30: sub base seleccionado compactado hasta alcanzar una densidad seca no inferior al 95% de la máxima obtenida en el ensayo Proctor Modificado para mejoramiento de la via | H30: M3 | I30: 61.25 | J30: =117871*1.3 -> 153232.3 | K30: =I30*J30 -> 9385478.4
D31: 1.1.3 | G31: Restitución de pavimento rígido MR 4.0 MPA incluye equipo para acabado superficial,llana, flotadora, cepillo de texturizado, microtexturizado y aplicación de menbrana curadora, corte, dilatacion y sello de junta | H31: M3 | I31: 53.04 | J31: =886583*1.3 -> 1152557.9 | K31: =I31*J31 -> 61131671
D32: 1.1.4 | G32: Acero de refuerzo para transferencia de esfuerzo del concreto rígido figurado FY= 420 Mpa-60000 PSI, corrugado. Incluye transporte con descarga, transporte interno, certificados y todos los elementos necesarios para su correcta instalación, según diseño y recomendaciones para la via | H32: Kg | I32: 999.39 | J32: =5633*1.3 -> 7322.9 | K32: =I32*J32 -> 7318433
D33: 1.1.5 | G33: instalacion de Sardinel prefrabricado A-10 incluye todo lo necesario para su instalacion | H33: ml | I33: 50 | J33: =76401*1.3 -> 99321.3 | K33: =I33*J33 -> 4966065
D34: 1.1.6 | G34: DEMOLICIÓN DE PAVIMENTOS RIGIDOS (Análisis aplicado para una demolición total de la capa de rodadura con espesor de 15 cm) | H34: M2 | I34: 175 | J34: =23737*1.3 -> 30858.1 | K34: =I34*J34 -> 5400167.5
C35: Subtotal | K35: =ROUND(SUM(K29:K34),0) -> 91019196
D36: 1.2 | G36: CUNETA
D37: 1.2.1 | G37: RELLENOS PARA ESTRUCTURAS CON RECEBO seleccionado compactado hasta alcanzar una densidad seca no inferior al 95% de la maxima obtenida en el ensayo proctor modificado. Incluye el transporte y el suministro in situ del material de relleno, así como su extensión, humedecimiento y compactación a través de medios manuales. | H37: M3 | I37: 0 | J37: =91899*1.3 -> 119468.7 | K37: =I37*J37 -> 0
D38: 1.2.2 | G38: concretos clase d, f´c =3000 psi (bases) Análisis aplicado para la construcción de cuneta de concreto premezclado vaciado in situ, con resistencia de 21 MPa. Incluye transporte de concreto, formaleta en madera, emulsión para el curado y ejecución de juntas de dilatación con sello de poliuretano | H38: M3 | I38: 0 | J38: =638285*1.3 -> 829770.5 | K38: =I38*J38 -> 0
D39: 1.2.3 | G39: Suministro figurado y armado de Acero en barras corrugadas, Grado 60 (fy=4200 kg/cm²), de varios diámetros, según NTC 2289 y ASTM A 706. | H39: Kg | I39: 0 | J39: =5633*1.3 -> 7322.9 | K39: =I39*J39 -> 0
C40: Subtotal | K40: =SUM(K37:K39) -> 0
C41: 3. CALLE 14 ENTRE CARRERA 4 Y CARRERA 6
D42: 1.1 | G42: ESTRUCTURA DE PAVIMENTO
D43: 1.1.1 | G43: EXCAVACIÓN SIN CLASIFICAR DE LA EXPLANACIÓN Y CANALES (Análisis aplicado para la excavación mecánica de material sin clasificar) | H43: M3 | I43: 151.01 | J43: =26017*1.3 -> 33822.1 | K43: =I43*J43 -> 5107475.3
D44: 1.1.2 | G44: sub base seleccionado compactado hasta alcanzar una densidad seca no inferior al 95% de la máxima obtenida en el ensayo Proctor Modificado para mejoramiento de la via | H44: M3 | I44: 111.04 | J44: =117871*1.3 -> 153232.3 | K44: =I44*J44 -> 17014915
D45: 1.1.3 | G45: Restitución de pavimento rígido MR 4.0 MPA incluye equipo para acabado superficial,llana, flotadora, cepillo de texturizado, microtexturizado y aplicación de menbrana curadora, corte, dilatacion y sello de junta | H45: M3 | I45: 106.59 | J45: =886583*1.3 -> 1152557.9 | K45: =I45*J45 -> 1.2285115e+08
D46: 1.1.4 | G46: Acero de refuerzo para transferencia de esfuerzo del concreto rígido figurado FY= 420 Mpa-60000 PSI, corrugado. Incluye transporte con descarga, transporte interno, certificados y todos los elementos necesarios para su correcta instalación, según diseño y recomendaciones para la via | H46: Kg | I46: 2115.5 | J46: =5633*1.3 -> 7322.9 | K46: =I46*J46 -> 15491595
D47: 1.1.5 | G47: instalacion de Sardinel prefrabricado A-10 incluye todo lo necesario para su instalacion | H47: ml | I47: 106 | J47: =76401*1.3 -> 99321.3 | K47: =I47*J47 -> 10528058
D48: 1.1.6 | G48: DEMOLICIÓN DE PAVIMENTOS RIGIDOS (Análisis aplicado para una demolición total de la capa de rodadura con espesor de 15 cm) | H48: M2 | I48: 444.14 | J48: =23737*1.3 -> 30858.1 | K48: =I48*J48 -> 13705317
C49: Subtotal | K49: =ROUND(SUM(K43:K48),0) -> 184698506
D50: 1.2 | G50: CUNETA
D51: 1.2.1 | G51: RELLENOS PARA ESTRUCTURAS CON RECEBO seleccionado compactado hasta alcanzar una densidad seca no inferior al 95% de la maxima obtenida en el ensayo proctor modificado. Incluye el transporte y el suministro in situ del material de relleno, así como su extensión, humedecimiento y compactación a través de medios manuales. | H51: M3 | I51: 15.9 | J51: =91899*1.3 -> 119468.7 | K51: =I51*J51 -> 1899552.3
D52: 1.2.2 | G52: concretos clase d, f´c =3000 psi (bases) Análisis aplicado para la construcción de cuneta de concreto premezclado vaciado in situ, con resistencia de 21 MPa. Incluye transporte de concreto, formaleta en madera, emulsión para el curado y ejecución de juntas de dilatación con sello de poliuretano | H52: M3 | I52: 10.6 | J52: =638285*1.3 -> 829770.5 | K52: =I52*J52 -> 8795567.3
D53: 1.2.3 | G53: Suministro figurado y armado de Acero en barras corrugadas, Grado 60 (fy=4200 kg/cm²), de varios diámetros, según NTC 2289 y ASTM A 706. | H53: Kg | I53: 408.1 | J53: =5633*1.3 -> 7322.9 | K53: =I53*J53 -> 2988475.5
C54: Subtotal | K54: =ROUND(SUM(K51:K53),0) -> 13683595
C55: SUBTOTAL OBRAS | K55: =ROUND(K54+K49+K40+K35+K26+K21,0) -> 490012057
G60: SUBTOTAL OBRAS (INCLUYE IVA)
G64: VALOR TOTAL | K64: =K55 -> 490012057
C67: NOTA 1: Se debe tener en cuenta que el PRECIO UNITARIO incluye el valor de A.I.U. | H67: DESCRIPCION | K67: PORCENTAJE
C68: NOTA 2: Cuando la fracción decimal del peso sea igual o superior a 5 se aproximara por exceso al número entero siguiente del peso y cuando la fracción decimal del peso sea inferior a 5 se aproximará por defecto al número entero del peso. | H68: ADMINISTRACION | J68: A= | K68: 0.23
C69: NOTA 3: El A.I.U y su discriminación deben estar en porcentaje (%). | H69: IMPREVISTO | J69: I= | K69: 0.02
H70: UTILIDAD | J70: U= | K70: 0.05
H71: TOTAL A.I.U | J71: A.I.U.= | K71: =SUM(K68:K70) -> 0.3

Sheet PROPUESTA ECONOMICA(Proponente)
C3: Formulario 1 - Propuesta económica - Documento tipo de selección abreviada de menor cuantía - versión 2
C4: Código | D4: CCE-EICP-FM-25 | E4: Versión | F4: 2
C6: FORMULARIO 1
C7: PROPUESTA ECONOMICA
C8: [La entidad puede utilizar este formulario de presentación de propuesta económica de forma detallada, sin perjuicio que la entidad pueda modificarlo o establecer la presentación de la oferta económica con un formulario distinto al indicado.] [Los proponentes emplearán el formulario establecido por la entidad para determinar su propuesta económica conforme al Formulario 1 - Presupuesto Oficial publicado por la Entidad]
C10: Cuando el proceso de contratación es estructurado por precios unitarios, la Entidad debe aplicar las notas 1, 2 y 3 del presente formato y las casillas de "Descripción", "Porcentaje" de la Administración, Imprevisto, Utilidad y total A.I.U. resaltadas en color amarillo.
C12: Nº | D12: ITEM DE PAGO | E12: ESPECIFICACIONES | G12: DESCRIPCION | H12: UND. | I12: CANTIDAD | J12: VALOR UNITARIO | K12: VALOR TOTAL
E13: GENERAL | F13: PARTICULAR
C14: 1. CARRERA 6A ENTRE CALLE 11 Y CALLE 12
D15: 1.1 | G15: ESTRUCTURA DE PAVIMENTO
D16: 1.1.1 | G16: EXCAVACIÓN SIN CLASIFICAR DE LA EXPLANACIÓN Y CANALES (Análisis aplicado para la excavación mecánica de material sin clasificar) | H16: M3 | I16: 203.84
D17: 1.1.2 | G17: sub base seleccionado compactado hasta alcanzar una densidad seca no inferior al 95% de la máxima obtenida en el ensayo Proctor Modificado para mejoramiento de la via. | H17: M3 | I17: 104
D18: 1.1.3 | G18: Restitución de pavimento rígido MR 4.0 MPA incluye equipo para acabado superficial,llana, flotadora, cepillo de texturizado, microtexturizado y aplicación de menbrana curadora, corte, dilatacion y sello de junta | H18: M3 | I18: 99.84
D19: 1.1.4 | G19: Acero de refuerzo para transferencia de esfuerzo del concreto rígido figurado FY= 420 Mpa-60000 PSI, corrugado. Incluye transporte con descarga, transporte interno, certificados y todos los elementos necesarios para su correcta instalación, según diseño y recomendaciones para la via | H19: Kg | I19: 2075.58
D20: 1.1.5 | G20: instalacion de Sardinel prefrabricado A-10 incluye todo lo necesario para su instalacion | H20: ml | I20: 208
C21: Subtotal
D22: 1.2 | G22: CUNETA
D23: 1.2.1 | G23: RELLENOS PARA ESTRUCTURAS CON RECEBO seleccionado compactado hasta alcanzar una densidad seca no inferior al 95% de la maxima obtenida en el ensayo proctor modificado. Incluye el transporte y el suministro in situ del material de relleno, así como su extensión, humedecimiento y compactación a través de medios manuales. | H23: M3 | I23: 31.2
D24: 1.2.2 | G24: concretos clase d, f´c =3000 psi (bases) Análisis aplicado para la construcción de cuneta de concreto premezclado vaciado in situ, con resistencia de 21 MPa. Incluye transporte de concreto, formaleta en madera, emulsión para el curado y ejecución de juntas de dilatación con sello de poliuretano | H24: M3 | I24: 20.8
D25: 1.2.3 | G25: Suministro figurado y armado de Acero en barras corrugadas, Grado 60 (fy=4200 kg/cm²), de varios diámetros, según NTC 2289 y ASTM A 706. | H25: Kg | I25: 800.8
C26: Subtotal
C27: 2. CARRERA 2 ENTRE CALLE 2 Y 3
D28: 1.1 | G28: ESTRUCTURA DE PAVIMENTO
D29: 1.1.1 | G29: EXCAVACIÓN SIN CLASIFICAR DE LA EXPLANACIÓN Y CANALES (Análisis aplicado para la excavación mecánica de material sin clasificar) | H29: M3 | I29: 83.3
D30: 1.1.2 | G30: sub base seleccionado compactado hasta alcanzar una densidad seca no inferior al 95% de la máxima obtenida en el ensayo Proctor Modificado para mejoramiento de la via | H30: M3 | I30: 61.25
D31: 1.1.3 | G31: Restitución de pavimento rígido MR 4.0 MPA incluye equipo para acabado superficial,llana, flotadora, cepillo de texturizado, microtexturizado y aplicación de menbrana curadora, corte, dilatacion y sello de junta | H31: M3 | I31: 53.04
D32: 1.1.4 | G32: Acero de refuerzo para transferencia de esfuerzo del concreto rígido figurado FY= 420 Mpa-60000 PSI, corrugado. Incluye transporte con descarga, transporte interno, certificados y todos los elementos necesarios para su correcta instalación, según diseño y recomendaciones para la via | H32: Kg | I32: 999.39
D33: 1.1.5 | G33: instalacion de Sardinel prefrabricado A-10 incluye todo lo necesario para su instalacion | H33: ml | I33: 50
D34: 1.1.6 | G34: DEMOLICIÓN DE PAVIMENTOS RIGIDOS (Análisis aplicado para una demolición total de la capa de rodadura con espesor de 15 cm) | H34: M2 | I34: 175
C35: Subtotal
D36: 1.2 | G36: CUNETA
D37: 1.2.1 | G37: RELLENOS PARA ESTRUCTURAS CON RECEBO seleccionado compactado hasta alcanzar una densidad seca no inferior al 95% de la maxima obtenida en el ensayo proctor modificado. Incluye el transporte y el suministro in situ del material de relleno, así como su extensión, humedecimiento y compactación a través de medios manuales. | H37: M3 | I37: 0
D38: 1.2.2 | G38: concretos clase d, f´c =3000 psi (bases) Análisis aplicado para la construcción de cuneta de concreto premezclado vaciado in situ, con resistencia de 21 MPa. Incluye transporte de concreto, formaleta en madera, emulsión para el curado y ejecución de juntas de dilatación con sello de poliuretano | H38: M3 | I38: 0
D39: 1.2.3 | G39: Suministro figurado y armado de Acero en barras corrugadas, Grado 60 (fy=4200 kg/cm²), de varios diámetros, según NTC 2289 y ASTM A 706. | H39: Kg | I39: 0
C40: Subtotal
C41: 3. CALLE 14 ENTRE CARRERA 4 Y CARRERA 6
D42: 1.1 | G42: ESTRUCTURA DE PAVIMENTO
D43: 1.1.1 | G43: EXCAVACIÓN SIN CLASIFICAR DE LA EXPLANACIÓN Y CANALES (Análisis aplicado para la excavación mecánica de material sin clasificar) | H43: M3 | I43: 151.01
D44: 1.1.2 | G44: sub base seleccionado compactado hasta alcanzar una densidad seca no inferior al 95% de la máxima obtenida en el ensayo Proctor Modificado para mejoramiento de la via | H44: M3 | I44: 111.04
D45: 1.1.3 | G45: Restitución de pavimento rígido MR 4.0 MPA incluye equipo para acabado superficial,llana, flotadora, cepillo de texturizado, microtexturizado y aplicación de menbrana curadora, corte, dilatacion y sello de junta | H45: M3 | I45: 106.59
D46: 1.1.4 | G46: Acero de refuerzo para transferencia de esfuerzo del concreto rígido figurado FY= 420 Mpa-60000 PSI, corrugado. Incluye transporte con descarga, transporte interno, certificados y todos los elementos necesarios para su correcta instalación, según diseño y recomendaciones para la via | H46: Kg | I46: 2115.5
D47: 1.1.5 | G47: instalacion de Sardinel prefrabricado A-10 incluye todo lo necesario para su instalacion | H47: ml | I47: 106
D48: 1.1.5 | G48: DEMOLICIÓN DE PAVIMENTOS RIGIDOS (Análisis aplicado para una demolición total de la capa de rodadura con espesor de 15 cm) | H48: M2 | I48: 444.14
C49: Subtotal
D50: 1.2 | G50: CUNETA
D51: 1.2.1 | G51: RELLENOS PARA ESTRUCTURAS CON RECEBO seleccionado compactado hasta alcanzar una densidad seca no inferior al 95% de la maxima obtenida en el ensayo proctor modificado. Incluye el transporte y el suministro in situ del material de relleno, así como su extensión, humedecimiento y compactación a través de medios manuales. | H51: M3 | I51: 15.9
D52: 1.2.2 | G52: concretos clase d, f´c =3000 psi (bases) Análisis aplicado para la construcción de cuneta de concreto premezclado vaciado in situ, con resistencia de 21 MPa. Incluye transporte de concreto, formaleta en madera, emulsión para el curado y ejecución de juntas de dilatación con sello de poliuretano | H52: M3 | I52: 10.6
D53: 1.2.3 | G53: Suministro figurado y armado de Acero en barras corrugadas, Grado 60 (fy=4200 kg/cm²), de varios diámetros, según NTC 2289 y ASTM A 706. | H53: Kg | I53: 408.1
C54: Subtotal
C55: SUBTOTAL OBRAS
G60: SUBTOTAL OBRAS (INCLUYE IVA)
G64: VALOR TOTAL
C67: NOTA 1: Se debe tener en cuenta que el PRECIO UNITARIO incluye el valor de A.I.U. | H67: DESCRIPCION | K67: PORCENTAJE
C68: NOTA 2: Cuando la fracción decimal del peso sea igual o superior a 5 se aproximara por exceso al número entero siguiente del peso y cuando la fracción decimal del peso sea inferior a 5 se aproximará por defecto al número entero del peso. | H68: ADMINISTRACION | J68: A= | K68: [Ofrecimiento del Proponente]
C69: NOTA 3: El A.I.U y su discriminación deben estar en porcentaje (%). | H69: IMPREVISTO | J69: I= | K69: [Ofrecimiento del Proponente]
H70: UTILIDAD | J70: U= | K70: [Ofrecimiento del Proponente]
H71: TOTAL A.I.U | J71: A.I.U.= | K71: [Ofrecimiento del Proponente]
G74: Firma del Proponente o de su Representante Legal

Sheet INDICAR CÓDIGO DEL ITEM DE PAGO
C3: Formulario 1 - Propuesta económica - Documento tipo de selección abreviada de menor cuantía - versión 3
C4: Código | D4: CCE-EICP-FM-25 | E4: Versión | F4: 3
C6: [La entidad podrá utilizar este formato para la presentación de los análisis de precios unitarios el contratista en la oportunidad prevista en el numeral 8.1. del Documento Base]
D9: [NOMBRE DE LA ENTIDAD]
L10: VERSIÓN
D11: [NÚMERO DEL PROCESO]
L12: PÁGINA | M12: 1 | N12: DE | O12: 1
D14: ANALISIS DE PRECIOS UNITARIOS
L16: FECHA | M16: DD | N16: MM | O16: AA
C18: ITEMS DE LA PROPUESTA ECONÓMICA | I18: ITEMS NO PREVISTOS
C22: DATOS ESPECÍFICOS
C24: ITEM | D24: DESCRIPCIÓN | M24: UNIDAD | O24: CANTIDAD
C26: I. EQUIPO
C29: DESCRIPCIÓN | H29: MARCA | J29: TIPO | L29: TARIFA/HORA | M29: RENDIMIENTO | O29: Vr. UNITARIO
C33: SUBTOTAL $
C34: II. MATERIALES
C37: DESCRIPCIÓN | K37: UNIDAD | L37: CANTIDAD | M37: PRECIO UNIT. | O37: Vr. UNITARIO
C40: SUBTOTAL $ | O40: 0
C41: III. TRANSPORTES
C44: MATERIAL | J44: VOL. o PESO | K44: DISTANCIA | L44: M3 o Ton/Km | M44: TARIFA | O44: Vr. UNITARIO
C47: SUBTOTAL $
C48: IV. MANO DE OBRA
C51: TRABAJADOR | J51: JORNAL | K51: PRESTACIONES | L51: JORNAL TOTAL | M51: RENDIMIENTO | O51: Vr. UNITARIO
C56: SUBTOTAL $
C58: TOTAL COSTO DIRECTO $
C59: V. COSTOS INDIRECTOS
C62: Descripción | L62: Porcentaje | M62: Valor Total
C63: ADMINISTRACION
C64: IMPREVISTOS
C65: UTILIDAD
C66: SUBTOTAL $
C68: Precio Unitario Total Aproximado al peso $
H72: Firma
H73: Nombre:
H74: Representante Legal del Contratista o su Apoderado
H75: Matricula No. :
C77: OBSERVACIONES INTERVENTORÍA
C81: APROBACIÓN POR INTERVENTORÍA
C82: Nota 1: Cuando se trate de Análisis de precios unitarios correspondientes a ítems de la propuesta económica aprobada, el Interventor aprueba el desglose de los componentes manteniendo el mismo precio unitario de cada ítem, cumpliendo con las especificaciones de construcción vigentes para el proyecto.
C84: Nota 2: Cuando se trate de Análisis de precios unitarios de ítems no previstos, el Interventor aprueba el desglose y precio unitario de cada ítem no previsto, exigiendo la aplicación de los costos correspondientes a insumos y tarifas de la propuesta económica inicial cuando estén contemplados, cumpliendo con las especificaciones de construcción vigente para el proyecto.
H87: Firma
H88: Nombre:
H89: Representante Legal del Interventor o su Apoderado
H90: Matricula No. :

Sheet LISTA TRANSPORTES
B1: LISTADO DE EQUIPOS
B2: MUNICIPIO DE TIMANÁ
B3: SECRETARÍA DE PLANEACIÓN Y DESARROLLO SOCIAL
B4: FECHA: 22 DE ENERO DE 2026 | G4: =#REF! -> #REF! | H4: =#REF! -> #REF! | I4: =#REF! -> #REF! | J4: =#REF! -> #REF! | K4: =#REF! -> #REF! | L4: =#REF! -> #REF! | M4: =#REF! -> #REF! | N4: =#REF! -> #REF! | ... AD4: =#REF! -> #REF!
A5: =+#REF! -> #REF! | G5: Cantidad de materiales por Actividad
A6: Item | B6: Insumo | C6: Und | D6: Cant | E6: Tarifa | F6: Val. Total | G6: 1.1 | H6: 2.1 | I6: 2.2 | J6: 2.3 | K6: 2.4 | L6: 2.5 | M6: 2.6 | N6: 3.1 | O6: 3.2 | P6: 3.3 | Q6: 3.4 | R6: 3.5 | S6: 3.6 | T6: 4.1 | U6: 4.2 | V6: 4.3 | W6: 4.4 | X6: 4.5 | Y6: 4.6 | Z6: 4.7 | AA6: 4.8 | AB6: 4.9 | AC6: 4.10 | AD6: 4.11 | AE6: 5.1 | AG6: 1.1 | AH6: 2.1 | AI6: 2.2 | AJ6: 2.3 | AK6: 2.4 | AL6: 2.5 | AM6: 2.6 | AN6: 3.1 | AO6: 3.2 | AP6: 3.3 | AQ6: 3.4 | AR6: 3.5 | AS6: 3.6 | AT6: 4.1 | AU6: 4.2 | AV6: 4.3 | AW6: 4.4 | AX6: 4.5 | AY6: 4.6 | AZ6: 4.7 | BA6: 4.8 | BB6: 4.9 | BC6: 4.10 | BD6: 4.11 | BE6: 5.1
A7: 1 | B7: VOLQUETA M3/KM | C7: M3 | D7: =SUM(G7:AE7) -> #REF! | E7: 4500 | F7: =D7*E7 -> #REF! | J7: =#REF!*#REF! -> #REF! | L7: =#REF!*#REF! -> #REF! | M7: =#REF!*#REF! -> #REF! | P7: =#REF!*'8 - PISOS - CONCRETO-ENCHAPES'!E254 -> #REF! | AG7: =$E7*G7 -> 0 | AH7: =$E7*H7 -> 0 | AI7: =$E7*I7 -> 0 | AJ7: =$E7*J7 -> #REF! | AK7: =$E7*K7 -> 0 | AL7: =$E7*L7 -> #REF! | AM7: =$E7*M7 -> #REF! | AN7: =$E7*N7 -> 0 | ... BE7: =$E7*AE7 -> 0
A8: 2 | B8: VOLQUETA VIAJE DESDE CANTERA A SITIO DE OBRA (NARANJAL) (50KM) | C8: M3 | D8: 1 | E8: =420000/6 -> 70000
F9: =SUM(F7:F8) -> #REF! | AE9: =SUM(AG9:BE9) -> #REF! | AG9: =SUM(AG7:AG8) -> 0 | AH9: =SUM(AH7:AH8) -> 0 | AI9: =SUM(AI7:AI8) -> 0 | AJ9: =SUM(AJ7:AJ8) -> #REF! | AK9: =SUM(AK7:AK8) -> 0 | AL9: =SUM(AL7:AL8) -> #REF! | AM9: =SUM(AM7:AM8) -> #REF! | AN9: =SUM(AN7:AN8) -> 0 | ... BE9: =SUM(BE7:BE8) -> 0

Sheet PROGRAMACION
A1: ESTADIO PLAZAS ALCID - NEIVA
A3: PRIMERA ETAPA: ADECUACION Y CONSTRUCCION DE LAS TRIBUNAS ORIENTAL Y OCCIDENTAL, INCLUYE ADECUACION DE CANCHA, ILUMINACION, CAMERINOS, BATERIAS SANITARIAS; SALA DE PRENSA Y OTROS SERVICIOS
A4: Plazo: | B4: Nueve (9) Meses | H4: MES1 | L4: MES2 | P4: MES3 | T4: MES4 | X4: MES5 | AB4: MES6 | AF4: MES7 | AJ4: MES8 | AN4: MES9 | AR4: MES10 | AV4: TOTAL
A5: Item | B5: Descripción | C5: Unidad | D5: Cantidad | E5: P. Unitario | F5: P.Total
A6: 1 | B6: PRELIMINARES
A7: 1.1 | B7: Localización y Replanteo | C7: Dia | D7: 60 | E7: 480000 | F7: =+ROUND(D7*E7,0) -> 28800000
A8: 1.2 | B8: Demoliciones, incluye botada de escombros | C8: Global | D8: 1 | E8: 15000000 | F8: =+ROUND(D8*E8,0) -> 15000000
A9: 2 | B9: EXCAVACIONES Y LLENOS | F9: =+ROUND(D9*E9,0) -> 0
A10: 2.1 | B10: Excavaciones de 0-2 a maquina | C10: m3 | D10: 350 | E10: 25200 | F10: =+ROUND(D10*E10,0) -> 8820000
A11: 2.2 | B11: Excavaciones de 2-4 a maquina | C11: m3 | D11: 250 | E11: 30500 | F11: =+ROUND(D11*E11,0) -> 7625000
A12: 2.3 | B12: Excavaciones de 0-2 manual | C12: m3 | D12: 150 | E12: 30500 | F12: =+ROUND(D12*E12,0) -> 4575000
A13: 2.4 | B13: Excavaciones de 2-4 a manual | C13: m3 | D13: 100 | E13: 35600 | F13: =+ROUND(D13*E13,0) -> 3560000
A14: 2.5 | B14: Excavacion de pilas, incluye botada de tierra y anillada | C14: ml | D14: =140*5 -> 700 | E14: 185000 | F14: =+ROUND(D14*E14,0) -> 129500000
A15: 2.6 | B15: Excavación de roca, incluye dinamita o crash, incluye botada | C15: m3 | D15: 94 | E15: 224000 | F15: =+ROUND(D15*E15,0) -> 21056000
A16: 2.7 | B16: Llenos estructurales con material de prestamo | C16: m3 | D16: 180 | E16: 45000 | F16: =+ROUND(D16*E16,0) -> 8100000
A17: 2.8 | B17: Lleno con material de recebo | C17: m3 | D17: 120 | E17: 65000 | F17: =+ROUND(D17*E17,0) -> 7800000
A18: 2.9 | B18: Lleno con material In Situ | C18: m3 | D18: 120 | E18: 24500 | F18: =+ROUND(D18*E18,0) -> 2940000
A19: 3 | B19: CONCRETOS | F19: =+ROUND(D19*E19,0) -> 0
A20: 3.1 | B20: Concreto fundación | C20: m3 | D20: 180 | E20: 485000 | F20: =+ROUND(D20*E20,0) -> 87300000
A21: 3.2 | B21: Concretos columnas | C21: m3 | D21: =23.6*1*0.6*80 -> 1132.8 | E21: 620000 | F21: =+ROUND(D21*E21,0) -> 702336000
A22: 3.3 | B22: Concretos para vigas fundacion | C22: m3 | D22: 423.5 | E22: 520000 | F22: =+ROUND(D22*E22,0) -> 220220000
A23: 3.4 | B23: Concreto para losas, espesor 1.10, incluye formaleteria | C23: m2 | D23: =180*9.5*2+(66.4*2+66.4*3.4)*2+(113.6*2*2+113.6*3.4) -> 4977.76 | E23: 262500 | F23: =+ROUND(D23*E23,0) -> 1306662000
A24: 3.5 | B24: Concreto para tribuna, incluye formaleteria | C24: m2 | D24: =180*21.5*2 -> 7740 | E24: 360200 | F24: =+ROUND(D24*E24,0) -> 2787948000
A25: 4 | B25: REFUERZO | F25: =+ROUND(D25*E25,0) -> 0
A26: 4.1 | B26: Refuerzo Grado 60 | C26: kg | D26: =+ROUND((D20+D21+D22+D23*1.1+D24*1.1)*35+8000,0) -> 558404 | E26: 3850 | F26: =+ROUND(D26*E26,0) -> 2149855400
A27: 4.2 | B27: Refuerzo malla | C27: m2 | D27: =+D23+D24+180*30*2 -> 23517.76 | E27: 4850 | F27: =+ROUND(D27*E27,0) -> 114061136
A28: 5 | B28: CUBIERTA | F28: =+ROUND(D28*E28,0) -> 0
A29: 5.1 | B29: Cubierta de tribunas, teja termoacustica, incluye estructura metálica, canoa y bajantes en fibra de vidrio | C29: m2 | D29: 10092.19 | E29: 134500 | F29: =+ROUND(D29*E29,0) -> 1357399555
A30: 5.2 | B30: Otras areas de cubierta | C30: m2 | D30: 1280.42 | E30: 90500 | F30: =+ROUND(D30*E30,0) -> 115878010
A31: 6 | B31: ESTRUCTURAS Y AREAS ESPECIALES CON ACABADOS | F31: =+ROUND(D31*E31,0) -> 0
A32: 6.1 | B32: Construcción de Rampas de evacuación, incluye concretos, mamposteria, acabados, cubierta, fachadas y demas elemetos para su funcionamiento | C32: un | D32: 4 | E32: 348500000 | F32: =+ROUND(D32*E32,0) -> 1394000000
A33: 6.2 | B33: Túneles de aceso | C33: Global | D33: 2 | E33: 290000000 | F33: =+ROUND(D33*E33,0) -> 580000000
A34: 6.3 | B34: Hall de entrevista | C34: Global | D34: 1 | E34: 15600000 | F34: =+ROUND(D34*E34,0) -> 15600000
A35: 6.4 | B35: Cuarto de Técnicos | C35: Global | D35: 1 | E35: 46000000 | F35: =+ROUND(D35*E35,0) -> 46000000
A36: 6.5 | B36: Camerinos secundarios | C36: Global | D36: 1 | E36: 630000000 | F36: =+ROUND(D36*E36,0) -> 630000000
A37: 6.6 | B37: Camerinos Principales | C37: Global | D37: 1 | E37: 1200000000 | F37: =+ROUND(D37*E37,0) -> 1200000000
A38: 6.7 | B38: Zona de Flash | C38: Global | D38: 1 | E38: 85000000 | F38: =+ROUND(D38*E38,0) -> 85000000
A39: 6.8 | B39: Banco de Arbitros | C39: Global | D39: 1 | E39: 46000000 | F39: =+ROUND(D39*E39,0) -> 46000000
A40: 6.9 | B40: Sala de Primeros Auxilios Jugadores | C40: Global | D40: 1 | E40: 52000000 | F40: =+ROUND(D40*E40,0) -> 52000000
A41: 6.10 | B41: Sala de primeros auxilios Público | C41: Global | D41: 1 | E41: 124000000 | F41: =+ROUND(D41*E41,0) -> 124000000
A42: 6.11 | B42: Camerinos arbitros | C42: Global | D42: 1 | E42: 38500000 | F42: =+ROUND(D42*E42,0) -> 38500000
A43: 6.12 | B43: Banco Suplentes | C43: Global | D43: 1 | E43: 184200000 | F43: =+ROUND(D43*E43,0) -> 184200000
... A57: 6.26 | B57: Baterias Sanitarias | C57: Global | D57: 1 | E57: 650000000 | F57: =+ROUND(D57*E57,0) -> 650000000
A58: 7 | B58: OBRAS DE ADECUACION ZONA CENTRAL | F58: =+ROUND(D58*E58,0) -> 0
A59: 7.1 | B59: Colocación de grama natural , tipo FIFA, incluye drenajes y filtros | C59: m2 | D59: =85*126 -> 10710 | E59: 80400 | F59: =+ROUND(D59*E59,0) -> 861084000
A60: 7.2 | B60: Construccion de rampa peatonal alrededor de la grama según acabado de diseño | C60: m2 | D60: =109*144-D59 -> 4986 | E60: 64500 | F60: =+ROUND(D60*E60,0) -> 321597000
A61: 8 | B61: OBRAS ELECTRICAS | F61: =+ROUND(D61*E61,0) -> 0
A62: 8.1 | B62: Subestación | C62: Global | D62: 1 | E62: 285600000 | F62: =+ROUND(D62*E62,0) -> 285600000
A63: 8.2 | B63: Redes de acometidas, incluye postes, cajas y todo lo necesario para su correcta instalación | C63: Global | D63: 1 | E63: 494500000 | F63: =+ROUND(D63*E63,0) -> 494500000
A64: 8.3 | B64: Redes electricas internas | C64: Global | D64: 1 | E64: 647600000 | F64: =+ROUND(D64*E64,0) -> 647600000
A65: 8.4 | B65: Redes de voz, sonido y datos | C65: Global | D65: 1 | E65: 984200000 | F65: =+ROUND(D65*E65,0) -> 984200000
A66: 8.5 | B66: S.T.I de luminarias | C66: Global | D66: 1 | E66: 942000000 | F66: =+ROUND(D66*E66,0) -> 942000000
A67: 8.6 | B67: Circuitos cerrado de TV -VIDEO | C67: Global | D67: 1 | E67: 640000000 | F67: =+ROUND(D67*E67,0) -> 640000000
A68: 8.7 | B68: Pantalla | C68: Global | D68: 2 | E68: 650000000 | F68: =+ROUND(D68*E68,0) -> 1300000000
A69: 9 | B69: INSTALACIONES HIDROSANITARIAS | F69: =+ROUND(D69*E69,0) -> 0
A70: 9.1 | B70: Instalaciones Hidraulicas, incluye acometida,contador y todos los accesorios | C70: Global | D70: 1 | E70: 456800000 | F70: =+ROUND(D70*E70,0) -> 456800000
A71: 9.2 | B71: Instalaciones sanirtarias, incluye obras civiles | C71: Global | D71: 1 | E71: 595500000 | F71: =+ROUND(D71*E71,0) -> 595500000
A72: 10 | B72: OBRAS VARIAS | F72: =+ROUND(D72*E72,0) -> 0
A73: 10.1 | B73: Suministro, transporte e instalacion de silleteria | C73: un | D73: =10665+8157 -> 18822 | E73: 68440 | F73: =+ROUND(D73*E73,0) -> 1288177680
A74: 10.2 | B74: Selleteria especial | C74: un | D74: =60+195+416 -> 671 | E74: 145000 | F74: =+ROUND(D74*E74,0) -> 97295000
A75: 10.3 | B75: Señalización | C75: Global | D75: 1 | E75: 205000000 | F75: =+ROUND(D75*E75,0) -> 205000000
A76: 11 | B76: =+PPTOETAPAS!#REF! -> #REF!
A77: 11.1 | B77: =+PPTOETAPAS!#REF! -> #REF! | C77: m2 | D77: =+PPTOETAPAS!#REF! -> #REF! | E77: =+PPTOETAPAS!#REF! -> #REF! | F77: =+ROUND(D77*E77,0) -> #REF!
B79: TOTAL COSTO DIRECTO | F79: =+SUM(F7:F78) -> #REF!
B80: AU | C80: 0.3 | F80: =+ROUND(F79*C80,0) -> #REF!
B82: TOTAL COSTO + AU | F82: =+F79+F80 -> #REF!
A84: SEGUNDA ETAPA: CONSTRUCCION DE LAS TRIBUNAS SUR Y NORTE
A85: Plazo: | B85: Seis (6) Meses | H85: MES1 | L85: MES2 | P85: MES3 | T85: MES4 | X85: MES5 | AB85: MES6 | AF85: MES7 | AJ85: MES8 | AN85: MES9 | AR85: MES10 | AV85: TOTAL
A86: Item | B86: Descripción | C86: Unidad | D86: Cantidad | E86: P. Unitario | F86: P.Total
A87: 1 | B87: PRELIMINARES
A88: 1.1 | B88: Localización y Replanteo | C88: Dia | D88: 45 | E88: 480000 | F88: =+ROUND(D88*E88,0) -> 21600000
A89: 1.2 | B89: Demoliciones, incluye botada de escombros | C89: Global | D89: 1 | E89: 85000000 | F89: =+ROUND(D89*E89,0) -> 85000000
A90: 2 | B90: EXCAVACIONES Y LLENOS | F90: =+ROUND(D90*E90,0) -> 0
A91: 2.1 | B91: Excavaciones de 0-2 a maquina | C91: m3 | D91: 320 | E91: 25200 | F91: =+ROUND(D91*E91,0) -> 8064000
A92: 2.2 | B92: Excavaciones de 2-4 a maquina | C92: m3 | D92: 220 | E92: 30500 | F92: =+ROUND(D92*E92,0) -> 6710000
A93: 2.3 | B93: Excavaciones de 0-2 manual | C93: m3 | D93: 85 | E93: 30500 | F93: =+ROUND(D93*E93,0) -> 2592500
A94: 2.4 | B94: Excavaciones de 2-4 a manual | C94: m3 | D94: 105 | E94: 35600 | F94: =+ROUND(D94*E94,0) -> 3738000
A95: 2.5 | B95: Excavacion de pilas, incluye botada de tierra y anillada | C95: ml | D95: =80*5 -> 400 | E95: 185000 | F95: =+ROUND(D95*E95,0) -> 74000000
A96: 2.6 | B96: Excavación de roca, incluye dinamita o crash, incluye botada | C96: m3 | D96: 80 | E96: 224000 | F96: =+ROUND(D96*E96,0) -> 17920000
A97: 2.7 | B97: Llenos estructurales con material de prestamo | C97: m3 | D97: 265 | E97: 45000 | F97: =+ROUND(D97*E97,0) -> 11925000
A98: 2.8 | B98: Lleno con material de recebo | C98: m3 | D98: 150 | E98: 65000 | F98: =+ROUND(D98*E98,0) -> 9750000 | J98: |
A99: 2.9 | B99: Lleno con material In Situ | C99: m3 | D99: 160 | E99: 24500 | F99: =+ROUND(D99*E99,0) -> 3920000
A100: 3 | B100: CONCRETOS | F100: =+ROUND(D100*E100,0) -> 0
A101: 3.1 | B101: Concreto fundación | C101: m3 | D101: 220 | E101: 485000 | F101: =+ROUND(D101*E101,0) -> 106700000
A102: 3.2 | B102: Concretos columnas | C102: m3 | D102: =80*1*0.6*23.6 -> 1132.8 | E102: 620000 | F102: =+ROUND(D102*E102,0) -> 702336000
A103: 3.3 | B103: Concretos para vigas fundacion | C103: m3 | D103: 423.5 | E103: 520000 | F103: =+ROUND(D103*E103,0) -> 220220000
A104: 3.4 | B104: Concreto para losas, espesor 1.10, incluye formaleteria | C104: m2 | D104: =180*9.5*2+(66.4*2+66.4*3.4)*2+(113.6*2*2+113.6*3.4) -> 4977.76 | E104: 262500 | F104: =+ROUND(D104*E104,0) -> 1306662000
A105: 3.5 | B105: Concreto para tribuna, incluye formaleteria | C105: m2 | D105: =180*21.5*2 -> 7740 | E105: 360200 | F105: =+ROUND(D105*E105,0) -> 2787948000
A106: 4 | B106: REFUERZO | F106: =+ROUND(D106*E106,0) -> 0
A107: 4.1 | B107: Refuerzo Grado 60 | C107: kg | D107: 489630 | E107: 3850 | F107: =+ROUND(D107*E107,0) -> 1885075500
A108: 4.2 | B108: Refuerzo malla | C108: m2 | D108: 14560 | E108: 4850 | F108: =+ROUND(D108*E108,0) -> 70616000
A109: 5 | B109: CUBIERTA | F109: =+ROUND(D109*E109,0) -> 0
A110: 5.1 | B110: Cubierta de tribunas, teja termoacustica, incluye estructura metálica, canoa y bajantes en fibra de vidrio | C110: m2 | D110: 7203.02 | E110: 134500 | F110: =+ROUND(D110*E110,0) -> 968806190
A111: 5.2 | B111: Otras areas de cubierta | C111: m2 | D111: 1197.06 | E111: 90500 | F111: =+ROUND(D111*E111,0) -> 108333930
A112: 6 | B112: ESTRUCTURAS Y AREAS ESPECIALES CON ACABADOS | F112: =+ROUND(D112*E112,0) -> 0
A113: 6.1 | B113: Locales comerciales | C113: Global | D113: 1 | E113: 205000000 | F113: =+ROUND(D113*E113,0) -> 205000000
A114: 6.2 | B114: Baterias Sanitarias | C114: Global | D114: 1 | E114: 385000000 | F114: =+ROUND(D114*E114,0) -> 385000000
A115: 8 | B115: OBRAS ELECTRICAS | F115: =+ROUND(D115*E115,0) -> 0
A116: 8.1 | B116: Redes electricas internas | C116: Global | D116: 1 | E116: 396000000 | F116: =+ROUND(D116*E116,0) -> 396000000
A117: 8.2 | B117: Redes de voz, sonido y datos | C117: Global | D117: 1 | E117: 198000000 | F117: =+ROUND(D117*E117,0) -> 198000000
...

Sheet PRESUPUESTO Bloque 1
A1: GOBERNACIÓN DEL HUILA
A2: INDERHUILA
A4: =+#REF! -> #REF!
A5: PRESUPUESTO DE OBRA - BLOQUE 1
A7: ITEM | B7: DESCRIPCION | C7: UND | D7: Cantidad | E7: VR/UNIT | F7: VR/TOTAL
A9: 1 | B9: ACTIVIDADES PRELIMINARES
A10: 1.1 | B10: =+#REF! -> #REF! | C10: M2 | E10: =+#REF! -> #REF! | F10: =+E10*D10 -> #REF! | H10: 1486.0619
A11: 1.2 | B11: =+_xlfn.SINGLE(#REF!) -> #NAME? | C11: =+#REF! -> #REF! | E11: =+'2 - DEMOLICIONES'!G197 -> 117023 | F11: =+E11*D11 -> 0 | H11: 303.82537
A12: 1.3 | B12: =+#REF! -> #REF! | C12: =+#REF! -> #REF! | E12: =+'2 - DEMOLICIONES'!G518 -> 24806 | F12: =+E12*D12 -> 0 | H12: 328.071
A13: 1.4 | B13: =+#REF! -> #REF! | C13: =+#REF! -> #REF! | E13: =+'2 - DEMOLICIONES'!G164 -> 28443 | F13: =+E13*D13 -> 0 | H13: #REF!
A14: 1.5 | B14: =+#REF! -> #REF! | C14: =+#REF! -> #REF! | E14: =+'2 - DEMOLICIONES'!G325 -> 14119 | F14: =+E14*D14 -> 0 | H14: #REF!
A15: 1.6 | B15: =+_xlfn.SINGLE(#REF!) -> #NAME? | C15: =+#REF! -> #REF! | E15: =+'2 - DEMOLICIONES'!G389 -> 323683 | F15: =+E15*D15 -> 0 | H15: 328.071
A16: 1.7 | B16: =+#REF! -> #REF! | C16: =+#REF! -> #REF! | E16: =+'2 - DEMOLICIONES'!G357 -> 41801 | F16: =+E16*D16 -> 0 | H16: #REF!
A17: 1.8 | B17: =+#REF! -> #REF! | C17: =+#REF! -> #REF! | D17: =+'MEMORIA DE CANTIDADES BLOQUE 1'!G124 -> 250.24 | E17: =+#REF! -> #REF! | F17: =+E17*D17 -> #REF! | H17: 328.071
A18: 1.9 | B18: =+#REF! -> #REF! | C18: =+#REF! -> #REF! | E18: =+#REF! -> #REF! | F18: =+E18*D18 -> #REF! | H18: #REF!
A19: SUB-TOTAL CAPITULO | F19: =SUM(F10:F18) -> #REF! | H19: =+F19*1.25 -> #REF! | I19: 761767185
A20: 2 | B20: CONCRETOS
A21: 2.1 | B21: Solado en concreto de limpieza (e= 10 cm) de 1.700 P.S.I. | C21: M2 | D21: =+'MEMORIA DE CANTIDADES BLOQUE 1'!G153 -> 125.12 | E21: =+'4 - CIMENTACIÓN - CONCRETOS'!G71 -> #REF! | F21: =+D21*E21 -> #REF! | H21: 62.8255
A22: 2.2 | B22: Concreto para base de estructuras en concreto ciclópeo - 2500 PSI (175 kg/cm2) 60% concreto 2500 PSI + 40% piedra media zonga. | C22: M3 | E22: =+'4 - CIMENTACIÓN - CONCRETOS'!G109 -> 732924 | F22: =+D22*E22 -> 0 | H22: 11.9082
A23: 2.3 | B23: =+_xlfn.SINGLE(#REF!) -> #NAME? | C23: M3 | D23: =+'MEMORIA DE CANTIDADES BLOQUE 1'!G179 -> 50.05 | E23: =+'4 - CIMENTACIÓN - CONCRETOS'!G301 -> 1229432 | F23: =+D23*E23 -> 61533072 | H23: 22.298275
A24: 2.4 | B24: =+_xlfn.SINGLE(#REF!) -> #NAME? | C24: M3 | D24: =+#REF! -> #REF! | E24: =+'4 - CIMENTACIÓN - CONCRETOS'!G334 -> 1137721 | F24: =+D24*E24 -> #REF! | H24: 21.821112
A25: 2.5 | B25: =+_xlfn.SINGLE(#REF!) -> #NAME? | C25: M3 | D25: =+'MEMORIA DE CANTIDADES BLOQUE 1'!G200 -> 85.02 | E25: =+#REF! -> #REF! | F25: =+E25*D25 -> #REF! | H25: 24.01
A26: 2.6 | B26: =+_xlfn.SINGLE(#REF!) -> #NAME? | C26: M3 | D26: =+'MEMORIA DE CANTIDADES BLOQUE 1'!G214 -> 30.83 | E26: =+#REF! -> #REF! | F26: =+D26*E26 -> #REF! | H26: 10.38224
A27: 2.7 | B27: =+#REF! -> #REF! | C27: M3 | D27: =+#REF! -> #REF! | E27: =+#REF! -> #REF! | F27: =+E27*D27 -> #REF! | H27: 11.268152
A28: 2.7 | B28: =+#REF! -> #REF! | C28: M3 | D28: =+'MEMORIA DE CANTIDADES BLOQUE 1'!G238 -> 0 | E28: =+#REF! -> #REF! | F28: =+E28*D28 -> #REF! | H28: 2.002
A29: 2.8 | B29: =+#REF! -> #REF! | C29: M2 | D29: =+'MEMORIA DE CANTIDADES BLOQUE 1'!G254 -> 2151.75 | E29: =+#REF! -> #REF! | F29: =+E29*D29 -> #REF! | H29: 51.15
A30: 2.10 | B30: =+#REF! -> #REF! | C30: M3 | D30: =+#REF! -> #REF! | E30: =+#REF! -> #REF! | F30: =+E30*D30 -> #REF! | H30: 77.6
A31: 2.11 | B31: =+#REF! -> #REF! | C31: M2 | D31: =+#REF! -> #REF! | E31: =+#REF! -> #REF! | F31: =+E31*D31 -> #REF! | H31: 2.6892
A33: SUB-TOTAL CAPITULO | F33: =SUM(F21:F32) -> #REF! | H33: =+F33*1.25 -> #REF! | I33: 1735716245
A34: 3 | B34: ESTRUCTURA METÁLICA
A35: 3.1 | B35: =+#REF! -> #REF! | C35: =+#REF! -> #REF! | D35: =+'MEMORIA DE CANTIDADES BLOQUE 1'!G287 -> 85559.63 | E35: 14025 | F35: =+D35*E35 -> 1.1999738e+09 | H35: 11994.447
A36: 3.2 | B36: =+#REF! -> #REF! | C36: =+#REF! -> #REF! | D36: =+'MEMORIA DE CANTIDADES BLOQUE 1'!G298 -> 113409.63 | E36: 13725 | F36: =+D36*E36 -> 1.5565472e+09 | H36: 51.15
A37: 3.3 | B37: =+#REF! -> #REF! | C37: =+#REF! -> #REF! | D37: =+'MEMORIA DE CANTIDADES BLOQUE 1'!G309 -> 891.86 | E37: 9745 | F37: =+D37*E37 -> 8691175.7 | H37: 23134.036
A38: 3.4 | B38: =+#REF! -> #REF! | C38: =+#REF! -> #REF! | D38: =+'MEMORIA DE CANTIDADES BLOQUE 1'!G320 -> 9696 | E38: 8644 | F38: =+D38*E38 -> 83812224 | H38: #REF!
A39: 3.5 | B39: =+_xlfn.SINGLE(#REF!) -> #NAME? | C39: =+#REF! -> #REF! | D39: =+'MEMORIA DE CANTIDADES BLOQUE 1'!G331 -> 13970.54 | E39: =+#REF! -> #REF! | F39: =+D39*E39 -> #REF! | H39: #REF!
A40: 3.6 | B40: =+_xlfn.SINGLE(#REF!) -> #NAME? | C40: =+#REF! -> #REF! | D40: =+'MEMORIA DE CANTIDADES BLOQUE 1'!G341 -> 2151.75 | E40: 62475 | F40: =+D40*E40 -> 1.3443058e+08 | H40: #REF!
A41: 3.7 | B41: =+_xlfn.SINGLE(#REF!) -> #NAME? | C41: =+#REF! -> #REF! | D41: =+'MEMORIA DE CANTIDADES BLOQUE 1'!G351 -> 2151.75 | E41: 51450 | F41: =+D41*E41 -> 1.1070754e+08 | H41: 172.8
A42: 3.8 | B42: =+#REF! -> #REF! | C42: M2 | D42: =+#REF! -> #REF! | E42: =+'7 - ESTRUCTURA CUBIERTA'!G232 -> 229000 | F42: =+D42*E42 -> #REF! | H42: 172.8
A43: 3.9 | B43: =+#REF! -> #REF! | C43: M2 | E43: =+'7 - ESTRUCTURA CUBIERTA'!G271 -> 230364 | F43: =+D43*E43 -> 0 | H43: 28.1
A44: 3.10 | B44: =+#REF! -> #REF! | C44: =+#REF! -> #REF! | E44: 175425 | F44: =+D44*E44 -> 0 | H44: 24.6
A45: 3.11 | B45: Baranda Metálica - pasamanos en tubo de 3" cal 5,5mm, platina de anclaje y pintura anticorrosiva | C45: ML | E45: 123769 | F45: =+D45*E45 -> 0 | H45: 24.6
A46: 3.7 | B46: Cubierta en Teja termoacustica. | C46: M2 | E46: 48207 | F46: =+E46*D46 -> 0 | H46: 1428.864
A47: 3.8 | B47: Caballete para termoacustica. | C47: ML | E47: 70099 | F47: =+E47*D47 -> 0 | H47: 36.6
A48: 3.12 | B48: Canales lamina LD: 70Cm | C48: ML | D48: =+'MEMORIA DE CANTIDADES BLOQUE 1'!G494 -> 45.65 | E48: 75354 | F48: =+E48*D48 -> 3439910.1 | H48: 73.2
A49: 3.13 | B49: Bajante PVC 4" | C49: ML | D49: =+'MEMORIA DE CANTIDADES BLOQUE 1'!G508 -> 214.5 | E49: 27286 | F49: =+E49*D49 -> 5852847 | H49: 68
A50: SUB-TOTAL CAPITULO | F50: =SUM(F35:F49) -> #REF! | H50: =+F50*1.25 -> #REF!
A51: 4 | B51: PISOS Y ENCHAPES
A52: 4.1 | B52: =+_xlfn.SINGLE(#REF!) -> #NAME? | C52: M2 | D52: =+'MEMORIA DE CANTIDADES BLOQUE 1'!G521 -> 2686.71 | E52: =+'8 - PISOS - CONCRETO-ENCHAPES'!G1971 -> 110066 | F52: =+E52*D52 -> 2.9571542e+08 | H52: 131.23
A53: 4.2 | B53: =+#REF! -> #REF! | C53: M2 | D53: =+'MEMORIA DE CANTIDADES BLOQUE 1'!G541 -> 30.97 | E53: =+'8 - PISOS - CONCRETO-ENCHAPES'!G1775 -> 71206 | F53: =+D53*E53 -> 2205249.8 | H53: 196.643
A54: 4.3 | B54: PISO TABLETA GRANITO 30X30 TIPO PESADO | C54: =+C53 -> M2 | D54: 521.68 | E54: 63450 | F54: =+D54*E54 -> 33100596 | H54: 39.27
A55: 4.3 | B55: PISO ANTIDESLIZANTE SINTETICO | C55: =+C54 -> M2 | D55: 337.13 | E55: 61350 | F55: =+D55*E55 -> 20682926 | H55: #REF!
A56: 4.6 | B56: PISO EN CERAMICA ANTIDESLIZANTE 40X40 | C56: =+C55 -> M2 | D56: 264.91 | E56: 59475 | F56: =+D56*E56 -> 15755522 | H56: #REF!
A57: 4.7 | B57: PISO PORCELANATO 60X60 | C57: =+C56 -> M2 | D57: 24.46 | E57: 72450 | F57: =+D57*E57 -> 1772127 | H57: 39.27
A58: 4.8 | B58: PISO EN TATAMI ANTI IMPACTO | C58: =+C57 -> M2 | D58: 57.61 | E58: 142540 | F58: =+D58*E58 -> 8211729.4 | H58: #REF!
A59: 4.4 | B59: TAPETE SINTETICO IMITACION CESPED | C59: =+C54 -> M2 | D59: 242.63 | E59: 58450 | F59: =+D59*E59 -> 14181724 | H59: 532
A60: 4.5 | B60: TAPETE SINTETICO COLOR CAFÉ (DECK MADERA) | C60: =+C59 -> M2 | D60: 19.58 | E60: =+'8 - PISOS - CONCRETO-ENCHAPES'!G1125 -> 61572 | F60: =+D60*E60 -> 1205579.8 | H60: 433.3
A61: 4.6 | B61: PISO EN CERAMICA 40X40 EXTERIORES | C61: =+C60 -> M2 | D61: 135.26 | E61: 62450 | F61: =+D61*E61 -> 8446987 | H61: 114.66
A62: 4.7 | B62: PISO EN VIDRIO | C62: =+C61 -> M2 | D62: 8.12 | E62: 102425 | F62: =+D62*E62 -> 831691 | H62: 62.19
A63: 4.6 | B63: PISO EN VINILO | C63: =+C62 -> M2 | D63: 34.29 | E63: 94450 | F63: =+D63*E63 -> 3238690.5 | H63: 81.983
A64: 4.7 | B64: PISO EN CAUCHO MODULAR ANTI-IMPACTO | C64: =+C63 -> M2 | D64: 400.37 | E64: 136780 | F64: =+D64*E64 -> 54762609 | H64: 117.8104
A65: 4.8 | B65: GUARDA ESCOBAS | C65: =+C62 -> M2 | D65: 1734.09 | E65: 14750 | F65: =+D65*E65 -> 25577828 | H65: 81.983
A66: 4.9 | B66: ENCHAPE DE PARED | C66: =+C65 -> M2 | D66: 733.47 | E66: 52480 | F66: =+D66*E66 -> 38492506 | H66: 117.8104
A67: SUB-TOTAL CAPITULO | F67: =SUM(F52:F66) -> 5.2418119e+08 | H67: =+F67*1.25 -> 6.5522648e+08 | I67: 521796964
A68: 5 | B68: MAMPOSTERIA
A69: 5.1 | B69: =+#REF! -> #REF! | C69: M2 | D69: 1876.9 | E69: =+'6 - MAMPOSTERIA - ESTRUCT. ESP.'!G68 -> 54799 | F69: =+E69*D69 -> 1.0285224e+08 | H69: 279.848
A70: 5.2 | B70: Muro en Superboard - Incluye: estructura, herrajes, masilla, cinta de papel y acabado en pintura tipo I | C70: M2 | D70: 1994.34 | E70: =+'6 - MAMPOSTERIA - ESTRUCT. ESP.'!G228 -> 102430 | F70: =+E70*D70 -> 2.0428025e+08 | H70: 138 | I70: 94450
A71: 5.3 | B71: Pañete muros 1:4 incluye filos y dilataciones | C71: M2 | D71: 3753.8 | E71: =+'9 - PAÑETES - PINTURA'!G37 -> 36485 | F71: =+E71*D71 -> 136957393 | H71: 491.496
A72: SUB-TOTAL CAPITULO | F72: =SUM(F69:F71) -> 4.4408988e+08 | H72: =+F72*1.25 -> 5.5511235e+08
A73: 6 | B73: ACABADOS
A74: 6.1 | B74: Estuco y pintura tipo I | C74: M2 | D74: =3753.8*0.75 -> 2815.35 | E74: =+'9 - PAÑETES - PINTURA'!G305 -> 17361 | F74: =+E74*D74 -> 48877291
A75: 6.2 | B75: Esgrafiado en Graniplast para muros exteriores | C75: M2 | D75: =3753.8*0.25 -> 938.45 | E75: =+'9 - PAÑETES - PINTURA'!G433 -> 38300 | F75: =+D75*E75 -> 35942635
A76: 6.3 | B76: Suministro e instalación de Drywall | C76: M2 | D76: 1949.37 | E76: 37121 | F76: =+D76*E76 -> 72362564
A77: 6.3 | B77: Puertas de acceso en aluminio con vidrio, pisavidrio a presión y cerradura de seguridad; marco en U-68 de 3"x1" - luceta fija en la parte superior | C77: M2 | D77: 17.38 | E77: 345450 | F77: =+D77*E77 -> 6003921
A78: 6.4 | B78: Puerta Metálica con marco y luceta fija | C78: =+C77 -> M2 | D78: 0 | E78: 264575 | F78: =+D78*E78 -> 0
A79: 6.5 | B79: Puerta corta-fuego | C79: =+C78 -> M2 | D79: 0 | E79: 425850 | F79: =+D79*E79 -> 0
A80: 6.3 | B80: Puertas en Vidrio Templado de 10mm; incluye: herrajes en acero, marco y chapa de seguridad | C80: M2 | D80: 0 | E80: 675450 | F80: =+D80*E80 -> 0
A81: 6.4 | B81: Puerta plegable en PVC imitación madera | C81: M2 | D81: 0 | E81: 314550 | F81: =+D81*E81 -> 0
A82: 6.5 | B82: Ventanas en aluminio con Marco, luceta fija, aluminio y persiana A210 | C82: M2 | D82: 0 | E82: 298088 | F82: =+D82*E82 -> 0
A83: 6.5 | B83: Divisiones para baño en Acero inoxidable - Incluye accesorios | C83: M2 | D83: 126.66 | E83: 645450 | F83: =+D83*E83 -> 81752697
A84: 6.6 | B84: Suminstro e instalación de Lavamanos tipo institucional | C84: UND | D84: 36 | E84: 347540 | F84: =+D84*E84 -> 12511440
A85: 6.7 | B85: Suministro e Instalación de Sanitarios tipo fluxometro - linea institucional | C85: UND | D85: 27 | E85: 947850 | F85: =+D85*E85 -> 25591950
A86: 6.6 | B86: Suminstro e instalación de Duchas para baños | C86: UND | D86: 12 | E86: 274550 | F86: =+D86*E86 -> 3294600
A87: 6.7 | B87: Suministro e Instalación de Poceta de lavado | C87: UND | D87: 1 | E87: 245750 | F87: =+D87*E87 -> 245750
A88: 6.6 | B88: Suminstro e instalación de Jacuzzi | C88: UND | D88: 2 | E88: 12457000 | F88: =+D88*E88 -> 24914000
A89: 6.7 | B89: Suministro e Instalación de Estufa tipo industrial | C89: UND | D89: 2 | E89: 3475450 | F89: =+D89*E89 -> 6950900
A90: 6.6 | B90: Suminstro e instalación de Grua para discapacitados | C90: UND | D90: 1 | E90: 25754000 | F90: =+D90*E90 -> 25754000
A91: 6.7 | B91: Suministro e Instalación de Accesorios y barra para discapacitados | C91: UND | D91: 8 | E91: 475450 | F91: =+D91*E91 -> 3803600
A92: 6.9 | B92: Suministro e instalación de cancha múltiple futbolsal (3 * 2 m) en tubo 3" tipo pesado y tubo an 2" cal 16 baloncesto, tablero en fibra de vidrio 20mm de 1,8 * 1,05 m, incluye aro baloncesto, parales cancha de voleibol, malla: baloncesto, microfutbol y voleibol, demarcado, logos, anticorrosivo y pintura | C92: UND | E92: 2304023 | F92: =+D92*E92 -> 0
A93: SUB-TOTAL CAPITULO | F93: =SUM(F74:F92) -> 3.4800535e+08 | H93: =+F93*1.25 -> 4.3500669e+08 | I93: 214111011
A94: 7 | B94: INSTALACIONES HIDROSANITARIAS
B95: HIDRAULICO
A96: 7.1 | B96: Red suministro PVC presion, RDE=21. Ø= 2". Incluye accesorios de conexión. | C96: ML | E96: 36363 | F96: =+D96*E96 -> 0
A97: 7.2 | B97: Red suministro PVC presion, RDE=21. Ø= 11/2". Incluye accesorios de conexión. | C97: ML | E97: 26898 | F97: =+D97*E97 -> 0
A98: 7.3 | B98: Red suministro PVC presion, RDE=21. Ø= 3/4". Incluye accesorios de conexión. | C98: ML | E98: 13928 | F98: =+D98*E98 -> 0
A99: 7.4 | B99: Red suministro PVC presion, RDE=21. Ø= 1". Incluye accesorios de conexión. | C99: ML | E99: 15897 | F99: =+D99*E99 -> 0
A100: 7.5 | B100: Registro de bola de Ø=1½", incluye accesorios de conexión y aditamentos. | C100: UND | E100: 103919 | F100: =+D100*E100 -> 0
A101: 7.6 | B101: Registro de bola de Ø=2", incluye accesorios de conexión y aditamentos. | C101: UND | E101: 164153 | F101: =+D101*E101 -> 0
A102: 7.7 | B102: Punto pvc-p de Ø=3/4", incluye accesorios, aditamentos y prueba hidrostatica. | C102: UND | E102: 42030 | F102: =+D102*E102 -> 0
A103: 7.8 | B103: Punto pvc-p de Ø=11/2", incluye accesorios, aditamentos y prueba hidrostatica. | C103: UND | E103: 96810 | F103: =+D103*E103 -> 0
A104: 7.9 | B104: Suministro e instalacion de flotador mecanico en cobre de D=2" | C104: UND | E104: 283340 | F104: =+D104*E104 -> 0
...

Sheet MEMORIA DE CANTIDADES BLOQUE 1
B2: INDERHUILA | E2: MEMORIA DE CALCULO DE CANTIDADES DE OBRA
B3: CONSULTOR. INGECAG LTDA.
B5: INTERVENTORIA: ING. FEDERICO GARCÍA ARBELAEZ | E5: CONTRATO DE CONSULTORIA No: 071 DE 2017
A6: Objeto: CONSTRUCCIÓN DEL CENTRO DE RENDIMIENTO DEPORTIVO SURCOLOMBIANO - DEPARTAMENTO DEL HUILA.
A7: CAPITULO 1: | B7: ACTIVIDADES PRELIMINARES | E7: UNIDAD: | G7: M2
A8: ITEM 1,1: | B8: Localización y replanteo
A9: PROCEDIMIENTO PARA CALCULO
A10: DESCRIPCION Y/O UBICACION | C10: L | D10: A | E10: E prom. | F10: CANT. | G10: SUBTOTAL
A11: AREA TOTAL DEL PROYECTO | C11: 111.37 | D11: 76.22 | F11: 1 | G11: =+ROUND(C11*D11,2) -> 8488.62 | I11: =+PPTOETAPAS!F7 -> 40261694 | K11: =10812.64+3314.27 -> 14126.91
I12: =+G35*24550 -> 0
A13: TOTAL | I13: =+G49*14750 -> 0
I14: =+G63*17550 -> 0
I15: =+G89*25000 -> 0
A16: =+$A$7 -> CAPITULO 1: | B16: =+$B$7 -> ACTIVIDADES PRELIMINARES | E16: UNIDAD: | G16: M3 | I16: =+G98*27550 -> 0
A17: ITEM 1,2: | B17: Demolición Mecánica de estructuras en concreto ( Vigas de cimentación, aéreas, columnas entre otros) | I17: =+G124*30550 -> 7644832
A18: PROCEDIMIENTO PARA CALCULO | I18: =+G135*56500 -> 0
A19: DESCRIPCION Y/O UBICACION | C19: L | D19: A | E19: E prom. | F19: CANT. | G19: SUBTOTAL | I19: =ROUND(SUM(I11:I18),0) -> 47906526 | J19: prelim
A20: Cerramiento
A21: Alfagía | C21: =120.53+71.17+36.41+9.12+26.18 -> 263.41 | D21: 0.1 | E21: 0.1 | F21: 1 | G21: =+C21*D21*E21*F21 -> 2.6341
A22: Viga de Cimentación | C22: =+C21 -> 263.41 | D22: 0.25 | E22: 0.25 | F22: 1 | G22: =+C22*D22*E22*F22 -> 16.463125
A23: Columnetas | C23: 0.8 | D23: 0.25 | E23: 0.25 | F23: =+ROUND(C22/3,0) -> 88 | G23: =+C23*D23*E23*F23 -> 4.4
A24: Bolque Escenarios
A25: Vigas cimentación - aéreas | C25: =20+9.72+12.2+40.6+20+10.6+20+12.2+9.8+14.43+7.8+12.4+5.1+9.6+3.3+3.3+3.1+2+17.9+(1.25*7)+0.9+8.05+5.45+1.1+3.3+20+6.15+(6.75*3)+7.45+2.65+2.65+5+1.55 -> 327.3 | D25: 0.3 | E25: 0.3 | F25: 2 | G25: =+C25*D25*E25*F25 -> 58.914
A26: Columnas | C26: 7.35 | D26: 0.3 | E26: 0.3 | F26: 40 | G26: =+C26*D26*E26*F26 -> 26.46
A27: Zapatas | C27: 1.2 | D27: 1.2 | E27: 0.3 | F27: 40 | G27: =+C27*D27*E27*F27 -> 17.28
A28: Bloque Dormitorios
A29: Vigas cimentación - aéreas | C29: =16.15+16.15+5.37+5.37+5.37+4.6+(4.9*5)+4.6+(4.9*8)+(7.85*4)+3.33+(5.2*4)+21+(4.85*2)+5+(1.95*3*0.2)+(2.2*6)+(10.45*2)+(6.45*3)+(4.6*2)+(1.4*20)+(1.65*10) -> 320.86 | D29: 0.3 | E29: 0.3 | F29: 2 | G29: =+C29*D29*E29*F29 -> 57.7548
A30: Columnas | C30: 6.09 | D30: 0.3 | E30: 0.3 | F30: 32 | G30: =+C30*D30*E30*F30 -> 17.5392
A31: Zapatas | C31: 1.2 | D31: 1.2 | E31: 0.3 | F31: 32 | G31: =+C31*D31*E31*F31 -> 13.824
A32: Banca baños | C32: =8.44/3 -> 2.8133333 | D32: 3 | E32: 0.2 | F32: 2 | G32: =+C32*D32*E32*F32 -> 3.376
A33: Mesón baños | C33: 3 | D33: 0.6 | E33: 0.2 | F33: 2 | G33: =+C33*D33*E33*F33 -> 0.72
A35: TOTAL
A37: =+$A$7 -> CAPITULO 1: | B37: =+$B$7 -> ACTIVIDADES PRELIMINARES | E37: UNIDAD: | G37: M2
A38: ITEM 1,3: | B38: Demolición de mamposteria en ladrillo
A39: PROCEDIMIENTO PARA CALCULO
A40: DESCRIPCION Y/O UBICACION | C40: L | D40: A | E40: E prom. | F40: CANT. | G40: SUBTOTAL
A41: Cerramiento
A42: Antepecho | C42: =+C22 -> 263.41 | D42: 0.4 | G42: =+C42*D42 -> 105.364
A43: Bolque Escenarios
A44: Muros Fachadas | C44: =20+9.72+12.2+40.6+20+10.6+20+12.2+9.8 -> 155.12 | D44: =+(3.9+4.65+2.95)/3 -> 3.8333333 | G44: =+D44*C44 -> 594.62667
A45: Muros Divisorios | C45: =14.43+7.8+12.4+5.1+9.6+3.3+3.3+3.1+2+17.9+(1.25*7)+0.9+8.05+5.45+1.1+3.3+20+6.15+(6.75*3)+7.45+2.65+2.65+5+1.55 -> 172.18 | D45: 4.7 | G45: =+C45*D45 -> 809.246
A46: Bloque Dormitorios
A47: Muros divisorios - fachadas | C47: =+C29 -> 320.86 | D47: 2.5 | G47: =+D47*C47 -> 802.15
A49: TOTAL
A51: =+$A$7 -> CAPITULO 1: | B51: =+$B$7 -> ACTIVIDADES PRELIMINARES | E51: UNIDAD: | G51: M2
A52: ITEM 1,4: | B52: Demolición de placa de piso
A53: PROCEDIMIENTO PARA CALCULO
A54: DESCRIPCION Y/O UBICACION | C54: L | D54: A | E54: E prom. | F54: CANT. | G54: SUBTOTAL
A55: Bolque Escenarios
A56: Área Total | C56: 41.34 | D56: 39.98 | G56: =+D56*C56 -> 1652.7732
A58: Bloque Dormitorios
A59: Área 1 | C59: 16.15 | D59: 5.4 | G59: =+D59*C59 -> 87.21
A60: Área 2 | C60: =20.21+25.25 -> 45.46 | D60: 8 | G60: =+D60*C60 -> 363.68
A61: Área 3 | C61: 11.7 | D61: 13.8 | G61: =+D61*C61 -> 161.46
A62: Área 4 | C62: 23.4 | D62: 9.05 | G62: =+D62*C62 -> 211.77
A63: TOTAL
A65: =+$A$7 -> CAPITULO 1: | B65: =+$B$7 -> ACTIVIDADES PRELIMINARES | E65: UNIDAD: | G65: M2
A66: ITEM 1,5: | B66: Desmonte cubierta y estructura – Incl. Retiro de materiales
A67: PROCEDIMIENTO PARA CALCULO
A68: DESCRIPCION Y/O UBICACION | C68: L | D68: A | E68: E prom. | F68: CANT. | G68: SUBTOTAL
A69: Bolque Escenarios
A70: Área Total | C70: 41.34 | D70: 39.98 | G70: =+D70*C70 -> 1652.7732
A72: Bloque Dormitorios
A73: Área 1 | C73: 16.15 | D73: 5.4 | G73: =+D73*C73 -> 87.21
A74: Área 2 | C74: =20.21+25.25 -> 45.46 | D74: 8 | G74: =+D74*C74 -> 363.68
A75: Área 3 | C75: 11.7 | D75: 13.8 | G75: =+D75*C75 -> 161.46
A76: Área 4 | C76: 23.4 | D76: 9.05 | E76: =-8.95*6.4 -> -57.28 | G76: =+D76*C76+E76 -> 154.49
A77: TOTAL
A79: =+$A$7 -> CAPITULO 1: | B79: =+$B$7 -> ACTIVIDADES PRELIMINARES | E79: UNIDAD: | G79: UND
A80: ITEM 1,6: | B80: Desmonte de Puerta de lámina
A81: PROCEDIMIENTO PARA CALCULO
A82: DESCRIPCION Y/O UBICACION | C82: L | D82: A | E82: E prom. | F82: CANT. | G82: SUBTOTAL | J82: =4.83+4.01 -> 8.84
A83: Bolque Escenarios
A84: Área Total | F84: 14 | G84: =+F84 -> 14
A86: Bloque Dormitorios
A87: Área Total | F87: 54 | G87: =+F87 -> 54
A89: TOTAL
A91: =+$A$7 -> CAPITULO 1: | B91: =+$B$7 -> ACTIVIDADES PRELIMINARES | E91: UNIDAD: | G91: UND
A92: ITEM 1,7: | B92: Desmonte de Lavamanos y Sanitarios
A93: PROCEDIMIENTO PARA CALCULO
A94: DESCRIPCION Y/O UBICACION | C94: L | D94: A | E94: E prom. | F94: CANT. | G94: SUBTOTAL
A95: Lavamanos | F95: 7 | G95: =+F95 -> 7
A96: Sanitarios | F96: =7+10 -> 17 | G96: =+F96 -> 17
A97: Duchas | F97: 20 | G97: =+F97 -> 20
A98: TOTAL
A100: =+A7 -> CAPITULO 1: | B100: =+B7 -> ACTIVIDADES PRELIMINARES | E100: UNIDAD: | G100: M3
A101: ITEM 1,8: | B101: Excavación manual sin clasificar – Incluye: todo factor y disposición final del material en escombrera autorizada.
A102: PROCEDIMIENTO PARA CALCULO
A103: DESCRIPCION Y/O UBICACION | C103: L | D103: A | E103: E prom. | F103: CANT. | G103: SUBTOTAL
A104: Bolque 1 - Biomedica
A105: Zapatas 1 - Biomedica | C105: 1.7 | D105: 1.7 | E105: 2 | F105: 5 | G105: =+C105*D105*E105*F105 -> 28.9
A106: Zapatas 2 - Biomedica | C106: 1.8 | D106: 1.8 | E106: 2 | F106: 3 | G106: =+C106*D106*E106*F106 -> 19.44
A107: Zapatas 3 - Biomedica | C107: 1.9 | D107: 1.9 | E107: 2 | F107: 13 | G107: =+C107*D107*E107*F107 -> 93.86
A108: Zapatas 4 - Biomedica | C108: 2 | D108: 2 | E108: 2 | F108: 7 | G108: =+C108*D108*E108*F108 -> 56
A109: Zapatas 5 - Biomedica | C109: 2.1 | D109: 2.1 | E109: 2 | F109: 2 | G109: =+C109*D109*E109*F109 -> 17.64
A110: Zapatas 6 - Biomedica | C110: 2.2 | D110: 2.2 | E110: 2 | F110: 2 | G110: =+C110*D110*E110*F110 -> 19.36
A111: Zapatas 7 - Biomedica | C111: 1.7 | D111: 3 | E111: 2 | F111: 1 | G111: =+C111*D111*E111*F111 -> 10.2
A112: Zapatas 8 - Biomedica | C112: 1.1 | D112: 2.2 | E112: 2 | F112: 1 | G112: =+C112*D112*E112*F112 -> 4.84
J120: 64.75
J121: =0.4*0.6 -> 0.24
...

Sheet PRESUPUESTO Bloque 2
A1: GOBERNACIÓN DEL HUILA
A2: INDERHUILA
A4: =+#REF! -> #REF!
A5: PRESUPUESTO DE OBRA - BLOQUE 2
A7: ITEM | B7: DESCRIPCION | C7: UND | D7: Cantidad | E7: VR/UNIT | F7: VR/TOTAL
A9: 1 | B9: ACTIVIDADES PRELIMINARES
A10: 1.1 | B10: =+#REF! -> #REF! | C10: M2 | E10: =+#REF! -> #REF! | F10: =+E10*D10 -> #REF! | H10: 1486.0619
A11: 1.2 | B11: =+_xlfn.SINGLE(#REF!) -> #NAME? | C11: =+#REF! -> #REF! | E11: =+'2 - DEMOLICIONES'!G197 -> 117023 | F11: =+E11*D11 -> 0 | H11: 303.82537
A12: 1.3 | B12: =+#REF! -> #REF! | C12: =+#REF! -> #REF! | E12: =+'2 - DEMOLICIONES'!G518 -> 24806 | F12: =+E12*D12 -> 0 | H12: 328.071
A13: 1.4 | B13: =+#REF! -> #REF! | C13: =+#REF! -> #REF! | E13: =+'2 - DEMOLICIONES'!G164 -> 28443 | F13: =+E13*D13 -> 0 | H13: #REF!
A14: 1.5 | B14: =+#REF! -> #REF! | C14: =+#REF! -> #REF! | E14: =+'2 - DEMOLICIONES'!G325 -> 14119 | F14: =+E14*D14 -> 0 | H14: #REF!
A15: 1.6 | B15: =+_xlfn.SINGLE(#REF!) -> #NAME? | C15: =+#REF! -> #REF! | E15: =+'2 - DEMOLICIONES'!G389 -> 323683 | F15: =+E15*D15 -> 0 | H15: 328.071
A16: 1.7 | B16: =+#REF! -> #REF! | C16: =+#REF! -> #REF! | E16: =+'2 - DEMOLICIONES'!G357 -> 41801 | F16: =+E16*D16 -> 0 | H16: #REF!
A17: 1.8 | B17: =+#REF! -> #REF! | C17: =+#REF! -> #REF! | D17: =+'MEMORIA DE CANTIDADES BLOQUE 2'!G109 -> 136.96 | E17: =+#REF! -> #REF! | F17: =+E17*D17 -> #REF! | H17: 328.071
A18: 1.9 | B18: =+#REF! -> #REF! | C18: =+#REF! -> #REF! | E18: =+#REF! -> #REF! | F18: =+E18*D18 -> #REF! | H18: #REF!
A19: SUB-TOTAL CAPITULO | F19: =SUM(F10:F18) -> #REF! | H19: =+F19*1.25 -> #REF! | I19: 761767185
A20: 2 | B20: CONCRETOS
A21: 2.1 | B21: Solado en concreto de limpieza (e= 10 cm) de 1.700 P.S.I. | C21: M2 | E21: =+'4 - CIMENTACIÓN - CONCRETOS'!G71 -> #REF! | F21: =+D21*E21 -> #REF! | H21: 62.8255
A22: 2.2 | B22: Concreto para base de estructuras en concreto ciclópeo - 2500 PSI (175 kg/cm2) 60% concreto 2500 PSI + 40% piedra media zonga. | C22: M3 | E22: =+'4 - CIMENTACIÓN - CONCRETOS'!G109 -> 732924 | F22: =+D22*E22 -> 0 | H22: 11.9082
A23: 2.3 | B23: =+_xlfn.SINGLE(#REF!) -> #NAME? | C23: M3 | E23: =+'4 - CIMENTACIÓN - CONCRETOS'!G301 -> 1229432 | F23: =+D23*E23 -> 0 | H23: 22.298275
A24: 2.4 | B24: =+_xlfn.SINGLE(#REF!) -> #NAME? | C24: M3 | E24: =+'4 - CIMENTACIÓN - CONCRETOS'!G334 -> 1137721 | F24: =+D24*E24 -> 0 | H24: 21.821112
A25: 2.5 | B25: =+_xlfn.SINGLE(#REF!) -> #NAME? | C25: M3 | E25: =+#REF! -> #REF! | F25: =+E25*D25 -> #REF! | H25: 24.01
A26: 2.6 | B26: =+_xlfn.SINGLE(#REF!) -> #NAME? | C26: M3 | E26: =+#REF! -> #REF! | F26: =+D26*E26 -> #REF! | H26: 10.38224
A27: 2.7 | B27: =+#REF! -> #REF! | C27: M3 | E27: =+#REF! -> #REF! | F27: =+E27*D27 -> #REF! | H27: 11.268152
A28: 2.7 | B28: =+#REF! -> #REF! | C28: M3 | D28: =+'MEMORIA DE CANTIDADES BLOQUE 2'!G234 -> 46.18 | E28: =+#REF! -> #REF! | F28: =+E28*D28 -> #REF! | H28: 2.002
A29: 2.8 | B29: =+#REF! -> #REF! | C29: M2 | E29: =+#REF! -> #REF! | F29: =+E29*D29 -> #REF! | H29: 51.15
A30: 2.10 | B30: =+#REF! -> #REF! | C30: M3 | D30: =+#REF! -> #REF! | E30: =+#REF! -> #REF! | F30: =+E30*D30 -> #REF! | H30: 77.6
A31: 2.11 | B31: =+#REF! -> #REF! | C31: M2 | D31: =+#REF! -> #REF! | E31: =+#REF! -> #REF! | F31: =+E31*D31 -> #REF! | H31: 2.6892
A33: SUB-TOTAL CAPITULO | F33: =SUM(F21:F32) -> #REF! | H33: =+F33*1.25 -> #REF! | I33: 1735716245
A34: 3 | B34: ESTRUCTURA METÁLICA
A35: 3.1 | B35: =+#REF! -> #REF! | C35: =+#REF! -> #REF! | E35: 14025 | F35: =+D35*E35 -> 0 | H35: 11994.447
A36: 3.2 | B36: =+#REF! -> #REF! | C36: =+#REF! -> #REF! | D36: =+'MEMORIA DE CANTIDADES BLOQUE 2'!G294 -> 1425.6 | E36: 13725 | F36: =+D36*E36 -> 19566360 | H36: 51.15
A37: 3.3 | B37: =+#REF! -> #REF! | C37: =+#REF! -> #REF! | D37: =+'MEMORIA DE CANTIDADES BLOQUE 2'!G305 -> 106890.34 | E37: 9745 | F37: =+D37*E37 -> 1.0416464e+09 | H37: 23134.036
A38: 3.4 | B38: =+#REF! -> #REF! | C38: =+#REF! -> #REF! | E38: 8644 | F38: =+D38*E38 -> 0 | H38: #REF!
A39: 3.5 | B39: =+_xlfn.SINGLE(#REF!) -> #NAME? | C39: =+#REF! -> #REF! | D39: =+'MEMORIA DE CANTIDADES BLOQUE 2'!G327 -> 2649.3 | E39: =+#REF! -> #REF! | F39: =+D39*E39 -> #REF! | H39: #REF!
A40: 3.6 | B40: =+_xlfn.SINGLE(#REF!) -> #NAME? | C40: =+#REF! -> #REF! | E40: 62475 | F40: =+D40*E40 -> 0 | H40: #REF!
A41: 3.7 | B41: =+_xlfn.SINGLE(#REF!) -> #NAME? | C41: =+#REF! -> #REF! | E41: 51450 | F41: =+D41*E41 -> 0 | H41: 172.8
A42: 3.8 | B42: =+#REF! -> #REF! | C42: M2 | D42: =+'MEMORIA DE CANTIDADES BLOQUE 2'!G394 -> 1594.75 | E42: =+'7 - ESTRUCTURA CUBIERTA'!G232 -> 229000 | F42: =+D42*E42 -> 365197750 | H42: 172.8
A43: 3.9 | B43: =+#REF! -> #REF! | C43: M2 | E43: =+'7 - ESTRUCTURA CUBIERTA'!G271 -> 230364 | F43: =+D43*E43 -> 0 | H43: 28.1
A44: 3.10 | B44: =+#REF! -> #REF! | C44: =+#REF! -> #REF! | E44: 175425 | F44: =+D44*E44 -> 0 | H44: 24.6
A45: 3.11 | B45: Baranda Metálica - pasamanos en tubo de 3" cal 5,5mm, platina de anclaje y pintura anticorrosiva | C45: ML | E45: 123769 | F45: =+D45*E45 -> 0 | H45: 24.6
A46: 3.7 | B46: Cubierta en Teja termoacustica. | C46: M2 | E46: 48207 | F46: =+E46*D46 -> 0 | H46: 1428.864
A47: 3.8 | B47: Caballete para termoacustica. | C47: ML | E47: 70099 | F47: =+E47*D47 -> 0 | H47: 36.6
A48: 3.12 | B48: Canales lamina LD: 70Cm | C48: ML | D48: =+'MEMORIA DE CANTIDADES BLOQUE 2'!G490 -> 170.35 | E48: 75354 | F48: =+E48*D48 -> 12836554 | H48: 73.2
A49: 3.13 | B49: Bajante PVC 4" | C49: ML | D49: =+'MEMORIA DE CANTIDADES BLOQUE 2'!G504 -> 210.55 | E49: 27286 | F49: =+E49*D49 -> 5745067.3 | H49: 68
A50: SUB-TOTAL CAPITULO | F50: =SUM(F35:F49) -> #REF! | H50: =+F50*1.25 -> #REF!
A51: 4 | B51: PISOS Y ENCHAPES
A52: 4.1 | B52: =+_xlfn.SINGLE(#REF!) -> #NAME? | C52: M2 | D52: =+'MEMORIA DE CANTIDADES BLOQUE 2'!G543 -> 1298.04 | E52: =+'8 - PISOS - CONCRETO-ENCHAPES'!G1971 -> 110066 | F52: =+E52*D52 -> 1.4287007e+08 | H52: 131.23
A53: 4.2 | B53: =+#REF! -> #REF! | C53: M2 | E53: =+'8 - PISOS - CONCRETO-ENCHAPES'!G1775 -> 71206 | F53: =+D53*E53 -> 0 | H53: 196.643
A54: 4.3 | B54: PAVIMENTO DEPORTIVO TIPO MADERA | C54: =+C53 -> M2 | D54: 1093.16 | E54: 167450 | F54: =+D54*E54 -> 183049642 | H54: 39.27
A55: 4.3 | B55: PISO ANTIDESLIZANTE SINTETICO | C55: =+C54 -> M2 | E55: 61350 | F55: =+D55*E55 -> 0 | H55: #REF!
A56: 4.6 | B56: PISO EN CERAMICA ANTIDESLIZANTE 40X40 | C56: =+C55 -> M2 | D56: 204.88 | E56: 59475 | F56: =+D56*E56 -> 12185238 | H56: #REF!
A57: 4.7 | B57: PISO PORCELANATO 60X60 | C57: =+C56 -> M2 | E57: 72450 | F57: =+D57*E57 -> 0 | H57: 39.27
A58: 4.8 | B58: PISO EN TATAMI ANTI IMPACTO | C58: =+C57 -> M2 | E58: 142540 | F58: =+D58*E58 -> 0 | H58: #REF!
A59: 4.4 | B59: TAPETE SINTETICO IMITACION CESPED | C59: =+C54 -> M2 | E59: 58450 | F59: =+D59*E59 -> 0 | H59: 532
A60: 4.5 | B60: TAPETE SINTETICO COLOR CAFÉ (DECK MADERA) | C60: =+C59 -> M2 | E60: =+'8 - PISOS - CONCRETO-ENCHAPES'!G1125 -> 61572 | F60: =+D60*E60 -> 0 | H60: 433.3
A61: 4.6 | B61: PISO EN CERAMICA 40X40 EXTERIORES | C61: =+C60 -> M2 | E61: 62450 | F61: =+D61*E61 -> 0 | H61: 114.66
A62: 4.7 | B62: PISO EN VIDRIO | C62: =+C61 -> M2 | E62: 102425 | F62: =+D62*E62 -> 0 | H62: 62.19
A63: 4.6 | B63: PISO EN VINILO | C63: =+C62 -> M2 | E63: 94450 | F63: =+D63*E63 -> 0 | H63: 81.983
A64: 4.7 | B64: PISO EN CAUCHO MODULAR ANTI-IMPACTO | C64: =+C63 -> M2 | E64: 136780 | F64: =+D64*E64 -> 0 | H64: 117.8104
A65: 4.8 | B65: GUARDA ESCOBAS | C65: =+C62 -> M2 | D65: 630.22 | E65: 14750 | F65: =+D65*E65 -> 9295745 | H65: 81.983
A66: 4.9 | B66: ENCHAPE DE PARED | C66: =+C65 -> M2 | D66: 164.91 | E66: 52480 | F66: =+D66*E66 -> 8654476.8 | H66: 117.8104
A67: SUB-TOTAL CAPITULO | F67: =SUM(F52:F66) -> 3.5605517e+08 | H67: =+F67*1.25 -> 4.4506897e+08 | I67: 521796964
A68: 5 | B68: MAMPOSTERIA
A69: 5.1 | B69: =+#REF! -> #REF! | C69: M2 | D69: 1261.95 | E69: =+'6 - MAMPOSTERIA - ESTRUCT. ESP.'!G68 -> 54799 | F69: =+E69*D69 -> 69153598 | H69: 279.848
A70: 5.2 | B70: Muro en Superboard - Incluye: estructura, herrajes, masilla, cinta de papel y acabado en pintura tipo I | C70: M2 | D70: 124.55 | E70: =+'6 - MAMPOSTERIA - ESTRUCT. ESP.'!G228 -> 102430 | F70: =+E70*D70 -> 12757656 | H70: 138 | I70: 94450
A71: 5.3 | B71: Pañete muros 1:4 incluye filos y dilataciones | C71: M2 | D71: 2523.9 | E71: =+'9 - PAÑETES - PINTURA'!G37 -> 36485 | F71: =+E71*D71 -> 92084492 | H71: 491.496
A72: SUB-TOTAL CAPITULO | F72: =SUM(F69:F71) -> 1.7399575e+08 | H72: =+F72*1.25 -> 2.1749468e+08
A73: 6 | B73: ACABADOS
A74: 6.1 | B74: Estuco y pintura tipo I | C74: M2 | D74: =2523.9*0.75 -> 1892.925 | E74: =+'9 - PAÑETES - PINTURA'!G305 -> 17361 | F74: =+E74*D74 -> 32863071
A75: 6.2 | B75: Esgrafiado en Graniplast para muros exteriores | C75: M2 | D75: =2523.9*0.25 -> 630.975 | E75: =+'9 - PAÑETES - PINTURA'!G433 -> 38300 | F75: =+D75*E75 -> 24166342
A76: 6.3 | B76: Suministro e instalación de Drywall | C76: M2 | D76: 195.43 | E76: 37121 | F76: =+D76*E76 -> 7254557
A77: 6.3 | B77: Puertas de acceso en aluminio con vidrio, pisavidrio a presión y cerradura de seguridad; marco en U-68 de 3"x1" - luceta fija en la parte superior | C77: M2 | D77: 22 | E77: 345450 | F77: =+D77*E77 -> 7599900
A78: 6.4 | B78: Puerta Metálica con marco y luceta fija | C78: =+C77 -> M2 | D78: 3.5 | E78: 264575 | F78: =+D78*E78 -> 926012.5
A79: 6.5 | B79: Puerta corta-fuego | C79: =+C78 -> M2 | D79: 2.4 | E79: 425850 | F79: =+D79*E79 -> 1022040
A80: 6.3 | B80: Puertas en Vidrio Templado de 10mm; incluye: herrajes en acero, marco y chapa de seguridad | C80: M2 | E80: 675450 | F80: =+D80*E80 -> 0
A81: 6.4 | B81: Puerta plegable en PVC imitación madera | C81: M2 | E81: 314550 | F81: =+D81*E81 -> 0
A82: 6.5 | B82: Ventanas en aluminio con Marco, luceta fija, aluminio y persiana A210 | C82: M2 | D82: 164.73 | E82: 298088 | F82: =+D82*E82 -> 49104036
A83: 6.5 | B83: Divisiones para baño en Acero inoxidable - Incluye accesorios | C83: M2 | D83: 79.48 | E83: 645450 | F83: =+D83*E83 -> 51300366
A84: 6.6 | B84: Suminstro e instalación de Lavamanos tipo institucional | C84: UND | D84: 12 | E84: 347540 | F84: =+D84*E84 -> 4170480
A85: 6.7 | B85: Suministro e Instalación de Sanitarios tipo fluxometro - linea institucional | C85: UND | D85: 10 | E85: 947850 | F85: =+D85*E85 -> 9478500
A86: 6.6 | B86: Suminstro e instalación de Duchas para baños | C86: UND | D86: 10 | E86: 274550 | F86: =+D86*E86 -> 2745500
A87: 6.7 | B87: Suministro e Instalación de Poceta de lavado | C87: UND | E87: 245750 | F87: =+D87*E87 -> 0
A88: 6.6 | B88: Suminstro e instalación de Jacuzzi | C88: UND | E88: 12457000 | F88: =+D88*E88 -> 0
A89: 6.7 | B89: Suministro e Instalación de Estufa tipo industrial | C89: UND | E89: 3475450 | F89: =+D89*E89 -> 0
A90: 6.6 | B90: Suminstro e instalación de Grua para discapacitados | C90: UND | E90: 25754000 | F90: =+D90*E90 -> 0
A91: 6.7 | B91: Suministro e Instalación de Accesorios y barra para discapacitados | C91: UND | D91: 2 | E91: 475450 | F91: =+D91*E91 -> 950900
A92: 6.9 | B92: Suministro e instalación de cancha múltiple futbolsal (3 * 2 m) en tubo 3" tipo pesado y tubo an 2" cal 16 baloncesto, tablero en fibra de vidrio 20mm de 1,8 * 1,05 m, incluye aro baloncesto, parales cancha de voleibol, malla: baloncesto, microfutbol y voleibol, demarcado, logos, anticorrosivo y pintura | C92: UND | E92: 2304023 | F92: =+D92*E92 -> 0
A93: SUB-TOTAL CAPITULO | F93: =SUM(F74:F92) -> 1.9158171e+08 | H93: =+F93*1.25 -> 2.3947713e+08 | I93: 214111011
A94: 7 | B94: INSTALACIONES HIDROSANITARIAS
B95: HIDRAULICO
A96: 7.1 | B96: Red suministro PVC presion, RDE=21. Ø= 2". Incluye accesorios de conexión. | C96: ML | E96: 36363 | F96: =+D96*E96 -> 0
A97: 7.2 | B97: Red suministro PVC presion, RDE=21. Ø= 11/2". Incluye accesorios de conexión. | C97: ML | E97: 26898 | F97: =+D97*E97 -> 0
A98: 7.3 | B98: Red suministro PVC presion, RDE=21. Ø= 3/4". Incluye accesorios de conexión. | C98: ML | E98: 13928 | F98: =+D98*E98 -> 0
A99: 7.4 | B99: Red suministro PVC presion, RDE=21. Ø= 1". Incluye accesorios de conexión. | C99: ML | E99: 15897 | F99: =+D99*E99 -> 0
A100: 7.5 | B100: Registro de bola de Ø=1½", incluye accesorios de conexión y aditamentos. | C100: UND | E100: 103919 | F100: =+D100*E100 -> 0
A101: 7.6 | B101: Registro de bola de Ø=2", incluye accesorios de conexión y aditamentos. | C101: UND | E101: 164153 | F101: =+D101*E101 -> 0
A102: 7.7 | B102: Punto pvc-p de Ø=3/4", incluye accesorios, aditamentos y prueba hidrostatica. | C102: UND | E102: 42030 | F102: =+D102*E102 -> 0
A103: 7.8 | B103: Punto pvc-p de Ø=11/2", incluye accesorios, aditamentos y prueba hidrostatica. | C103: UND | E103: 96810 | F103: =+D103*E103 -> 0
A104: 7.9 | B104: Suministro e instalacion de flotador mecanico en cobre de D=2" | C104: UND | E104: 283340 | F104: =+D104*E104 -> 0
...

Sheet MEMORIA DE CANTIDADES BLOQUE 2
B2: INDERHUILA | E2: MEMORIA DE CALCULO DE CANTIDADES DE OBRA
B3: CONSULTOR. INGECAG LTDA.
B5: INTERVENTORIA: ING. FEDERICO GARCÍA ARBELAEZ | E5: CONTRATO DE CONSULTORIA No: 071 DE 2017
A6: Objeto: CONSTRUCCIÓN DEL CENTRO DE RENDIMIENTO DEPORTIVO SURCOLOMBIANO - DEPARTAMENTO DEL HUILA.
A7: CAPITULO 1: | B7: ACTIVIDADES PRELIMINARES | E7: UNIDAD: | G7: M2
A8: ITEM 1,1: | B8: Localización y replanteo
A9: PROCEDIMIENTO PARA CALCULO
A10: DESCRIPCION Y/O UBICACION | C10: L | D10: A | E10: E prom. | F10: CANT. | G10: SUBTOTAL
A11: AREA TOTAL DEL PROYECTO | C11: 111.37 | D11: 76.22 | F11: 1 | G11: =+ROUND(C11*D11,2) -> 8488.62 | I11: =+PPTOETAPAS!F7 -> 40261694 | K11: =10812.64+3314.27 -> 14126.91
I12: =+G35*24550 -> 5385533.5
A13: TOTAL | G13: =ROUND(SUM(G11:G12),2) -> 8488.62 | I13: =+G49*14750 -> 34093002
I14: =+G63*17550 -> 43469420
I15: =+G89*25000 -> 1700000
A16: =+$A$7 -> CAPITULO 1: | B16: =+$B$7 -> ACTIVIDADES PRELIMINARES | E16: UNIDAD: | G16: M3 | I16: =+G98*27550 -> 1212200
A17: ITEM 1,2: | B17: Demolición Mecánica de estructuras en concreto ( Vigas de cimentación, aéreas, columnas entre otros) | I17: =+G109*30550 -> 4184128
A18: PROCEDIMIENTO PARA CALCULO | I18: =+G120*56500 -> 2.4455686e+08
A19: DESCRIPCION Y/O UBICACION | C19: L | D19: A | E19: E prom. | F19: CANT. | G19: SUBTOTAL | I19: =ROUND(SUM(I11:I18),0) -> 374862838 | J19: prelim
A20: Cerramiento
A21: Alfagía | C21: =120.53+71.17+36.41+9.12+26.18 -> 263.41 | D21: 0.1 | E21: 0.1 | F21: 1 | G21: =+C21*D21*E21*F21 -> 2.6341
A22: Viga de Cimentación | C22: =+C21 -> 263.41 | D22: 0.25 | E22: 0.25 | F22: 1 | G22: =+C22*D22*E22*F22 -> 16.463125
A23: Columnetas | C23: 0.8 | D23: 0.25 | E23: 0.25 | F23: =+ROUND(C22/3,0) -> 88 | G23: =+C23*D23*E23*F23 -> 4.4
A24: Bolque Escenarios
A25: Vigas cimentación - aéreas | C25: =20+9.72+12.2+40.6+20+10.6+20+12.2+9.8+14.43+7.8+12.4+5.1+9.6+3.3+3.3+3.1+2+17.9+(1.25*7)+0.9+8.05+5.45+1.1+3.3+20+6.15+(6.75*3)+7.45+2.65+2.65+5+1.55 -> 327.3 | D25: 0.3 | E25: 0.3 | F25: 2 | G25: =+C25*D25*E25*F25 -> 58.914
A26: Columnas | C26: 7.35 | D26: 0.3 | E26: 0.3 | F26: 40 | G26: =+C26*D26*E26*F26 -> 26.46
A27: Zapatas | C27: 1.2 | D27: 1.2 | E27: 0.3 | F27: 40 | G27: =+C27*D27*E27*F27 -> 17.28
A28: Bloque Dormitorios
A29: Vigas cimentación - aéreas | C29: =16.15+16.15+5.37+5.37+5.37+4.6+(4.9*5)+4.6+(4.9*8)+(7.85*4)+3.33+(5.2*4)+21+(4.85*2)+5+(1.95*3*0.2)+(2.2*6)+(10.45*2)+(6.45*3)+(4.6*2)+(1.4*20)+(1.65*10) -> 320.86 | D29: 0.3 | E29: 0.3 | F29: 2 | G29: =+C29*D29*E29*F29 -> 57.7548
A30: Columnas | C30: 6.09 | D30: 0.3 | E30: 0.3 | F30: 32 | G30: =+C30*D30*E30*F30 -> 17.5392
A31: Zapatas | C31: 1.2 | D31: 1.2 | E31: 0.3 | F31: 32 | G31: =+C31*D31*E31*F31 -> 13.824
A32: Banca baños | C32: =8.44/3 -> 2.8133333 | D32: 3 | E32: 0.2 | F32: 2 | G32: =+C32*D32*E32*F32 -> 3.376
A33: Mesón baños | C33: 3 | D33: 0.6 | E33: 0.2 | F33: 2 | G33: =+C33*D33*E33*F33 -> 0.72
A35: TOTAL | G35: =ROUND(SUM(G20:G34),2) -> 219.37
A37: =+$A$7 -> CAPITULO 1: | B37: =+$B$7 -> ACTIVIDADES PRELIMINARES | E37: UNIDAD: | G37: M2
A38: ITEM 1,3: | B38: Demolición de mamposteria en ladrillo
A39: PROCEDIMIENTO PARA CALCULO
A40: DESCRIPCION Y/O UBICACION | C40: L | D40: A | E40: E prom. | F40: CANT. | G40: SUBTOTAL
A41: Cerramiento
A42: Antepecho | C42: =+C22 -> 263.41 | D42: 0.4 | G42: =+C42*D42 -> 105.364
A43: Bolque Escenarios
A44: Muros Fachadas | C44: =20+9.72+12.2+40.6+20+10.6+20+12.2+9.8 -> 155.12 | D44: =+(3.9+4.65+2.95)/3 -> 3.8333333 | G44: =+D44*C44 -> 594.62667
A45: Muros Divisorios | C45: =14.43+7.8+12.4+5.1+9.6+3.3+3.3+3.1+2+17.9+(1.25*7)+0.9+8.05+5.45+1.1+3.3+20+6.15+(6.75*3)+7.45+2.65+2.65+5+1.55 -> 172.18 | D45: 4.7 | G45: =+C45*D45 -> 809.246
A46: Bloque Dormitorios
A47: Muros divisorios - fachadas | C47: =+C29 -> 320.86 | D47: 2.5 | G47: =+D47*C47 -> 802.15
A49: TOTAL | G49: =ROUND(SUM(G41:G48),2) -> 2311.39
A51: =+$A$7 -> CAPITULO 1: | B51: =+$B$7 -> ACTIVIDADES PRELIMINARES | E51: UNIDAD: | G51: M2
A52: ITEM 1,4: | B52: Demolición de placa de piso
A53: PROCEDIMIENTO PARA CALCULO
A54: DESCRIPCION Y/O UBICACION | C54: L | D54: A | E54: E prom. | F54: CANT. | G54: SUBTOTAL
A55: Bolque Escenarios
A56: Área Total | C56: 41.34 | D56: 39.98 | G56: =+D56*C56 -> 1652.7732
A58: Bloque Dormitorios
A59: Área 1 | C59: 16.15 | D59: 5.4 | G59: =+D59*C59 -> 87.21
A60: Área 2 | C60: =20.21+25.25 -> 45.46 | D60: 8 | G60: =+D60*C60 -> 363.68
A61: Área 3 | C61: 11.7 | D61: 13.8 | G61: =+D61*C61 -> 161.46
A62: Área 4 | C62: 23.4 | D62: 9.05 | G62: =+D62*C62 -> 211.77
A63: TOTAL | G63: =ROUND(SUM(G56:G62),2) -> 2476.89
A65: =+$A$7 -> CAPITULO 1: | B65: =+$B$7 -> ACTIVIDADES PRELIMINARES | E65: UNIDAD: | G65: M2
A66: ITEM 1,5: | B66: Desmonte cubierta y estructura – Incl. Retiro de materiales
A67: PROCEDIMIENTO PARA CALCULO
A68: DESCRIPCION Y/O UBICACION | C68: L | D68: A | E68: E prom. | F68: CANT. | G68: SUBTOTAL
A69: Bolque Escenarios
A70: Área Total | C70: 41.34 | D70: 39.98 | G70: =+D70*C70 -> 1652.7732
A72: Bloque Dormitorios
A73: Área 1 | C73: 16.15 | D73: 5.4 | G73: =+D73*C73 -> 87.21
A74: Área 2 | C74: =20.21+25.25 -> 45.46 | D74: 8 | G74: =+D74*C74 -> 363.68
A75: Área 3 | C75: 11.7 | D75: 13.8 | G75: =+D75*C75 -> 161.46
A76: Área 4 | C76: 23.4 | D76: 9.05 | E76: =-8.95*6.4 -> -57.28 | G76: =+D76*C76+E76 -> 154.49
A77: TOTAL | G77: =ROUND(SUM(G70:G76),2) -> 2419.61
A79: =+$A$7 -> CAPITULO 1: | B79: =+$B$7 -> ACTIVIDADES PRELIMINARES | E79: UNIDAD: | G79: UND
A80: ITEM 1,6: | B80: Desmonte de Puerta de lámina
A81: PROCEDIMIENTO PARA CALCULO
A82: DESCRIPCION Y/O UBICACION | C82: L | D82: A | E82: E prom. | F82: CANT. | G82: SUBTOTAL | J82: =4.83+4.01 -> 8.84
A83: Bolque Escenarios
A84: Área Total | F84: 14 | G84: =+F84 -> 14
A86: Bloque Dormitorios
A87: Área Total | F87: 54 | G87: =+F87 -> 54
A89: TOTAL | G89: =ROUND(SUM(G83:G88),2) -> 68
A91: =+$A$7 -> CAPITULO 1: | B91: =+$B$7 -> ACTIVIDADES PRELIMINARES | E91: UNIDAD: | G91: UND
A92: ITEM 1,7: | B92: Desmonte de Lavamanos y Sanitarios
A93: PROCEDIMIENTO PARA CALCULO
A94: DESCRIPCION Y/O UBICACION | C94: L | D94: A | E94: E prom. | F94: CANT. | G94: SUBTOTAL
A95: Lavamanos | F95: 7 | G95: =+F95 -> 7
A96: Sanitarios | F96: =7+10 -> 17 | G96: =+F96 -> 17
A97: Duchas | F97: 20 | G97: =+F97 -> 20
A98: TOTAL | G98: =ROUND(SUM(G95:G97),2) -> 44
A100: =+A7 -> CAPITULO 1: | B100: =+B7 -> ACTIVIDADES PRELIMINARES | E100: UNIDAD: | G100: M3
A101: ITEM 1,8: | B101: Excavación manual sin clasificar – Incluye: todo factor y disposición final del material en escombrera autorizada.
A102: PROCEDIMIENTO PARA CALCULO
A103: DESCRIPCION Y/O UBICACION | C103: L | D103: A | E103: E prom. | F103: CANT. | G103: SUBTOTAL
A104: Bolque 2 - Escenarios
A105: Pilotes B2 | C105: 3.1416 | D105: =0.35*0.35 -> 0.1225 | E105: 2 | F105: 60 | G105: =+C105*D105*E105*F105 -> 46.18152
A106: Pilotes B3 | C106: 1.7 | D106: 1.7 | E106: 2 | F106: 6 | G106: =+C106*D106*E106*F106 -> 34.68 | J106: =0.4*0.6 -> 0.24
A107: Pilotes B4 | C107: 1.7 | D107: 2.75 | E107: 2 | F107: 6 | G107: =+C107*D107*E107*F107 -> 56.1 | J107: =+#REF!/J106 -> #REF!
A109: TOTAL | G109: =ROUND(SUM(G104:G108),2) -> 136.96
A111: =+A100 -> CAPITULO 1: | B111: =+B100 -> ACTIVIDADES PRELIMINARES | E111: UNIDAD: | G111: M3
A112: ITEM 1,9: | B112: Relleno en recebo seleccionado y compactado mecanicamente
A113: PROCEDIMIENTO PARA CALCULO
A114: DESCRIPCION Y/O UBICACION | C114: L | D114: A | E114: E prom. | F114: CANT. | G114: VOL. (M3)
A115: Área Total - Bloques (Nivel +0,65) | C115: 6108.38 | E115: 0.65 | F115: 1 | G115: =+F115*E115*C115 -> 3970.447
A116: Área Total - Zona de Parqueaderos (+0,0) | C116: 795.54 | E116: 0.45 | F116: 1 | G116: =+F116*E116*C116 -> 357.993
...

Sheet MEMORIA DE CANTIDADES BLOQUE 3
B2: INDERHUILA | E2: MEMORIA DE CALCULO DE CANTIDADES DE OBRA
B3: CONSULTOR. INGECAG LTDA.
B5: INTERVENTORIA: ING. FEDERICO GARCÍA ARBELAEZ | E5: CONTRATO DE CONSULTORIA No: 071 DE 2017
A6: Objeto: CONSTRUCCIÓN DEL CENTRO DE RENDIMIENTO DEPORTIVO SURCOLOMBIANO - DEPARTAMENTO DEL HUILA.
A7: CAPITULO 1: | B7: ACTIVIDADES PRELIMINARES | E7: UNIDAD: | G7: M2
A8: ITEM 1,1: | B8: Localización y replanteo
A9: PROCEDIMIENTO PARA CALCULO
A10: DESCRIPCION Y/O UBICACION | C10: L | D10: A | E10: E prom. | F10: CANT. | G10: SUBTOTAL
A11: AREA TOTAL DEL PROYECTO | C11: 111.37 | D11: 76.22 | F11: 1 | G11: =+ROUND(C11*D11,2) -> 8488.62 | I11: =+PPTOETAPAS!F7 -> 40261694 | K11: =10812.64+3314.27 -> 14126.91
I12: =+G35*24550 -> 0
A13: TOTAL | I13: =+G49*14750 -> 0
I14: =+G63*17550 -> 0
I15: =+G89*25000 -> 0
A16: =+$A$7 -> CAPITULO 1: | B16: =+$B$7 -> ACTIVIDADES PRELIMINARES | E16: UNIDAD: | G16: M3 | I16: =+G98*27550 -> 0
A17: ITEM 1,2: | B17: Demolición Mecánica de estructuras en concreto ( Vigas de cimentación, aéreas, columnas entre otros) | I17: =+G124*30550 -> 13333853
A18: PROCEDIMIENTO PARA CALCULO | I18: =+G135*56500 -> 0
A19: DESCRIPCION Y/O UBICACION | C19: L | D19: A | E19: E prom. | F19: CANT. | G19: SUBTOTAL | I19: =ROUND(SUM(I11:I18),0) -> 53595547 | J19: prelim
A20: Cerramiento
A21: Alfagía | C21: =120.53+71.17+36.41+9.12+26.18 -> 263.41 | D21: 0.1 | E21: 0.1 | F21: 1 | G21: =+C21*D21*E21*F21 -> 2.6341
A22: Viga de Cimentación | C22: =+C21 -> 263.41 | D22: 0.25 | E22: 0.25 | F22: 1 | G22: =+C22*D22*E22*F22 -> 16.463125
A23: Columnetas | C23: 0.8 | D23: 0.25 | E23: 0.25 | F23: =+ROUND(C22/3,0) -> 88 | G23: =+C23*D23*E23*F23 -> 4.4
A24: Bolque Escenarios
A25: Vigas cimentación - aéreas | C25: =20+9.72+12.2+40.6+20+10.6+20+12.2+9.8+14.43+7.8+12.4+5.1+9.6+3.3+3.3+3.1+2+17.9+(1.25*7)+0.9+8.05+5.45+1.1+3.3+20+6.15+(6.75*3)+7.45+2.65+2.65+5+1.55 -> 327.3 | D25: 0.3 | E25: 0.3 | F25: 2 | G25: =+C25*D25*E25*F25 -> 58.914
A26: Columnas | C26: 7.35 | D26: 0.3 | E26: 0.3 | F26: 40 | G26: =+C26*D26*E26*F26 -> 26.46
A27: Zapatas | C27: 1.2 | D27: 1.2 | E27: 0.3 | F27: 40 | G27: =+C27*D27*E27*F27 -> 17.28
A28: Bloque Dormitorios
A29: Vigas cimentación - aéreas | C29: =16.15+16.15+5.37+5.37+5.37+4.6+(4.9*5)+4.6+(4.9*8)+(7.85*4)+3.33+(5.2*4)+21+(4.85*2)+5+(1.95*3*0.2)+(2.2*6)+(10.45*2)+(6.45*3)+(4.6*2)+(1.4*20)+(1.65*10) -> 320.86 | D29: 0.3 | E29: 0.3 | F29: 2 | G29: =+C29*D29*E29*F29 -> 57.7548
A30: Columnas | C30: 6.09 | D30: 0.3 | E30: 0.3 | F30: 32 | G30: =+C30*D30*E30*F30 -> 17.5392
A31: Zapatas | C31: 1.2 | D31: 1.2 | E31: 0.3 | F31: 32 | G31: =+C31*D31*E31*F31 -> 13.824
A32: Banca baños | C32: =8.44/3 -> 2.8133333 | D32: 3 | E32: 0.2 | F32: 2 | G32: =+C32*D32*E32*F32 -> 3.376
A33: Mesón baños | C33: 3 | D33: 0.6 | E33: 0.2 | F33: 2 | G33: =+C33*D33*E33*F33 -> 0.72
A35: TOTAL
A37: =+$A$7 -> CAPITULO 1: | B37: =+$B$7 -> ACTIVIDADES PRELIMINARES | E37: UNIDAD: | G37: M2
A38: ITEM 1,3: | B38: Demolición de mamposteria en ladrillo
A39: PROCEDIMIENTO PARA CALCULO
A40: DESCRIPCION Y/O UBICACION | C40: L | D40: A | E40: E prom. | F40: CANT. | G40: SUBTOTAL
A41: Cerramiento
A42: Antepecho | C42: =+C22 -> 263.41 | D42: 0.4 | G42: =+C42*D42 -> 105.364
A43: Bolque Escenarios
A44: Muros Fachadas | C44: =20+9.72+12.2+40.6+20+10.6+20+12.2+9.8 -> 155.12 | D44: =+(3.9+4.65+2.95)/3 -> 3.8333333 | G44: =+D44*C44 -> 594.62667
A45: Muros Divisorios | C45: =14.43+7.8+12.4+5.1+9.6+3.3+3.3+3.1+2+17.9+(1.25*7)+0.9+8.05+5.45+1.1+3.3+20+6.15+(6.75*3)+7.45+2.65+2.65+5+1.55 -> 172.18 | D45: 4.7 | G45: =+C45*D45 -> 809.246
A46: Bloque Dormitorios
A47: Muros divisorios - fachadas | C47: =+C29 -> 320.86 | D47: 2.5 | G47: =+D47*C47 -> 802.15
A49: TOTAL
A51: =+$A$7 -> CAPITULO 1: | B51: =+$B$7 -> ACTIVIDADES PRELIMINARES | E51: UNIDAD: | G51: M2
A52: ITEM 1,4: | B52: Demolición de placa de piso
A53: PROCEDIMIENTO PARA CALCULO
A54: DESCRIPCION Y/O UBICACION | C54: L | D54: A | E54: E prom. | F54: CANT. | G54: SUBTOTAL
A55: Bolque Escenarios
A56: Área Total | C56: 41.34 | D56: 39.98 | G56: =+D56*C56 -> 1652.7732
A58: Bloque Dormitorios
A59: Área 1 | C59: 16.15 | D59: 5.4 | G59: =+D59*C59 -> 87.21
A60: Área 2 | C60: =20.21+25.25 -> 45.46 | D60: 8 | G60: =+D60*C60 -> 363.68
A61: Área 3 | C61: 11.7 | D61: 13.8 | G61: =+D61*C61 -> 161.46
A62: Área 4 | C62: 23.4 | D62: 9.05 | G62: =+D62*C62 -> 211.77
A63: TOTAL
A65: =+$A$7 -> CAPITULO 1: | B65: =+$B$7 -> ACTIVIDADES PRELIMINARES | E65: UNIDAD: | G65: M2
A66: ITEM 1,5: | B66: Desmonte cubierta y estructura – Incl. Retiro de materiales
A67: PROCEDIMIENTO PARA CALCULO
A68: DESCRIPCION Y/O UBICACION | C68: L | D68: A | E68: E prom. | F68: CANT. | G68: SUBTOTAL
A69: Bolque Escenarios
A70: Área Total | C70: 41.34 | D70: 39.98 | G70: =+D70*C70 -> 1652.7732
A72: Bloque Dormitorios
A73: Área 1 | C73: 16.15 | D73: 5.4 | G73: =+D73*C73 -> 87.21
A74: Área 2 | C74: =20.21+25.25 -> 45.46 | D74: 8 | G74: =+D74*C74 -> 363.68
A75: Área 3 | C75: 11.7 | D75: 13.8 | G75: =+D75*C75 -> 161.46
A76: Área 4 | C76: 23.4 | D76: 9.05 | E76: =-8.95*6.4 -> -57.28 | G76: =+D76*C76+E76 -> 154.49
A77: TOTAL
A79: =+$A$7 -> CAPITULO 1: | B79: =+$B$7 -> ACTIVIDADES PRELIMINARES | E79: UNIDAD: | G79: UND
A80: ITEM 1,6: | B80: Desmonte de Puerta de lámina
A81: PROCEDIMIENTO PARA CALCULO
A82: DESCRIPCION Y/O UBICACION | C82: L | D82: A | E82: E prom. | F82: CANT. | G82: SUBTOTAL | J82: =4.83+4.01 -> 8.84
A83: Bolque Escenarios
A84: Área Total | F84: 14 | G84: =+F84 -> 14
A86: Bloque Dormitorios
A87: Área Total | F87: 54 | G87: =+F87 -> 54
A89: TOTAL
A91: =+$A$7 -> CAPITULO 1: | B91: =+$B$7 -> ACTIVIDADES PRELIMINARES | E91: UNIDAD: | G91: UND
A92: ITEM 1,7: | B92: Desmonte de Lavamanos y Sanitarios
A93: PROCEDIMIENTO PARA CALCULO
A94: DESCRIPCION Y/O UBICACION | C94: L | D94: A | E94: E prom. | F94: CANT. | G94: SUBTOTAL
A95: Lavamanos | F95: 7 | G95: =+F95 -> 7
A96: Sanitarios | F96: =7+10 -> 17 | G96: =+F96 -> 17
A97: Duchas | F97: 20 | G97: =+F97 -> 20
A98: TOTAL
A100: =+A7 -> CAPITULO 1: | B100: =+B7 -> ACTIVIDADES PRELIMINARES | E100: UNIDAD: | G100: M3
A101: ITEM 1,8: | B101: Excavación manual sin clasificar – Incluye: todo factor y disposición final del material en escombrera autorizada.
A102: PROCEDIMIENTO PARA CALCULO
A103: DESCRIPCION Y/O UBICACION | C103: L | D103: A | E103: E prom. | F103: CANT. | G103: SUBTOTAL
A104: Bolque 1 - Biomedica
A105: Zapatas 1 - Biomedica | C105: 1.8 | D105: 1.8 | E105: 1.2 | F105: 6
A106: Zapatas 2 - Biomedica | C106: 1.9 | D106: 1.9 | E106: 1.2 | F106: 10
A107: Zapatas 3 - Biomedica | C107: 3.9 | D107: 2 | E107: 1.2 | F107: 2
A108: Zapatas 4 - Biomedica | C108: 2.15 | D108: 2.15 | E108: 1.2 | F108: 13
A109: Zapatas 5 - Biomedica | C109: 3.1 | D109: 1.8 | E109: 1.2 | F109: 1
A110: Bolque 2 - Escenarios
A111: Pilotes B2 | C111: 36.868027 | D111: 36.2 | E111: 2.5 | F111: 1
A112: Bolque 3 - Escenarios
A113: Zapatas 1 - Bloque 3 | C113: 2 | D113: 2 | E113: 2 | F113: 4 | G113: =+C113*D113*F113*E113 -> 32
A114: Zapatas 2 - Bloque 3 | C114: 2.1 | D114: 2.1 | E114: 2 | F114: 10 | G114: =+C114*D114*F114*E114 -> 88.2
...

Sheet PRESUPUESTO Bloque 3
A1: GOBERNACIÓN DEL HUILA
A2: INDERHUILA
A4: =+#REF! -> #REF!
A5: PRESUPUESTO DE OBRA - BLOQUE 3
A7: ITEM | B7: DESCRIPCION | C7: UND | D7: Cantidad | E7: VR/UNIT | F7: VR/TOTAL
A9: 1 | B9: ACTIVIDADES PRELIMINARES
A10: 1.1 | B10: =+#REF! -> #REF! | C10: M2 | E10: =+#REF! -> #REF! | F10: =+E10*D10 -> #REF! | H10: 1486.0619
A11: 1.2 | B11: =+_xlfn.SINGLE(#REF!) -> #NAME? | C11: =+#REF! -> #REF! | E11: =+'2 - DEMOLICIONES'!G197 -> 117023 | F11: =+E11*D11 -> 0 | H11: 303.82537
A12: 1.3 | B12: =+#REF! -> #REF! | C12: =+#REF! -> #REF! | E12: =+'2 - DEMOLICIONES'!G518 -> 24806 | F12: =+E12*D12 -> 0 | H12: 328.071
A13: 1.4 | B13: =+#REF! -> #REF! | C13: =+#REF! -> #REF! | E13: =+'2 - DEMOLICIONES'!G164 -> 28443 | F13: =+E13*D13 -> 0 | H13: #REF!
A14: 1.5 | B14: =+#REF! -> #REF! | C14: =+#REF! -> #REF! | E14: =+'2 - DEMOLICIONES'!G325 -> 14119 | F14: =+E14*D14 -> 0 | H14: #REF!
A15: 1.6 | B15: =+_xlfn.SINGLE(#REF!) -> #NAME? | C15: =+#REF! -> #REF! | E15: =+'2 - DEMOLICIONES'!G389 -> 323683 | F15: =+E15*D15 -> 0 | H15: 328.071
A16: 1.7 | B16: =+#REF! -> #REF! | C16: =+#REF! -> #REF! | E16: =+'2 - DEMOLICIONES'!G357 -> 41801 | F16: =+E16*D16 -> 0 | H16: #REF!
A17: 1.8 | B17: =+#REF! -> #REF! | C17: =+#REF! -> #REF! | D17: =+'MEMORIA DE CANTIDADES BLOQUE 3'!G124 -> 436.46 | E17: =+#REF! -> #REF! | F17: =+E17*D17 -> #REF! | H17: 328.071
A18: 1.9 | B18: =+#REF! -> #REF! | C18: =+#REF! -> #REF! | E18: =+#REF! -> #REF! | F18: =+E18*D18 -> #REF! | H18: #REF!
A19: SUB-TOTAL CAPITULO | F19: =SUM(F10:F18) -> #REF! | H19: =+F19*1.25 -> #REF! | I19: 761767185
A20: 2 | B20: CONCRETOS
A21: 2.1 | B21: Solado en concreto de limpieza (e= 10 cm) de 1.700 P.S.I. | C21: M2 | D21: =+'MEMORIA DE CANTIDADES BLOQUE 1'!G153 -> 125.12 | E21: =+'4 - CIMENTACIÓN - CONCRETOS'!G71 -> #REF! | F21: =+D21*E21 -> #REF! | H21: 62.8255
A22: 2.2 | B22: Concreto para base de estructuras en concreto ciclópeo - 2500 PSI (175 kg/cm2) 60% concreto 2500 PSI + 40% piedra media zonga. | C22: M3 | E22: =+'4 - CIMENTACIÓN - CONCRETOS'!G109 -> 732924 | F22: =+D22*E22 -> 0 | H22: 11.9082
A23: 2.3 | B23: =+_xlfn.SINGLE(#REF!) -> #NAME? | C23: M3 | D23: =+'MEMORIA DE CANTIDADES BLOQUE 3'!G186 -> 87.29 | E23: =+'4 - CIMENTACIÓN - CONCRETOS'!G301 -> 1229432 | F23: =+D23*E23 -> 1.0731712e+08 | H23: 22.298275
A24: 2.4 | B24: =+_xlfn.SINGLE(#REF!) -> #NAME? | C24: M3 | D24: =+'MEMORIA DE CANTIDADES BLOQUE 3'!G196 -> 85.25 | E24: =+'4 - CIMENTACIÓN - CONCRETOS'!G334 -> 1137721 | F24: =+D24*E24 -> 96990715 | H24: 21.821112
A25: 2.5 | B25: =+_xlfn.SINGLE(#REF!) -> #NAME? | C25: M3 | D25: =+'MEMORIA DE CANTIDADES BLOQUE 3'!G207 -> 0 | E25: =+#REF! -> #REF! | F25: =+E25*D25 -> #REF! | H25: 24.01
A26: 2.6 | B26: =+_xlfn.SINGLE(#REF!) -> #NAME? | C26: M3 | D26: =+'MEMORIA DE CANTIDADES BLOQUE 3'!G221 -> 47.18 | E26: =+#REF! -> #REF! | F26: =+D26*E26 -> #REF! | H26: 10.38224
A27: 2.7 | B27: =+#REF! -> #REF! | C27: M3 | D27: =+#REF! -> #REF! | E27: =+#REF! -> #REF! | F27: =+E27*D27 -> #REF! | H27: 11.268152
A28: 2.7 | B28: =+#REF! -> #REF! | C28: M3 | D28: =+'MEMORIA DE CANTIDADES BLOQUE 1'!G238 -> 0 | E28: =+#REF! -> #REF! | F28: =+E28*D28 -> #REF! | H28: 2.002
A29: 2.8 | B29: =+#REF! -> #REF! | C29: M2 | D29: =+'MEMORIA DE CANTIDADES BLOQUE 3'!G261 -> 3473.32 | E29: =+#REF! -> #REF! | F29: =+E29*D29 -> #REF! | H29: 51.15
A30: 2.10 | B30: =+#REF! -> #REF! | C30: M3 | D30: =+#REF! -> #REF! | E30: =+#REF! -> #REF! | F30: =+E30*D30 -> #REF! | H30: 77.6
A31: 2.11 | B31: =+#REF! -> #REF! | C31: M2 | D31: =+#REF! -> #REF! | E31: =+#REF! -> #REF! | F31: =+E31*D31 -> #REF! | H31: 2.6892
A33: SUB-TOTAL CAPITULO | F33: =SUM(F21:F32) -> #REF! | H33: =+F33*1.25 -> #REF! | I33: 1735716245
A34: 3 | B34: ESTRUCTURA METÁLICA
A35: 3.1 | B35: =+#REF! -> #REF! | C35: =+#REF! -> #REF! | D35: =+'MEMORIA DE CANTIDADES BLOQUE 3'!G294 -> #REF! | E35: 14025 | F35: =+D35*E35 -> #REF! | H35: 11994.447
A36: 3.2 | B36: =+#REF! -> #REF! | C36: =+#REF! -> #REF! | D36: =+'MEMORIA DE CANTIDADES BLOQUE 3'!G305 -> #REF! | E36: 13725 | F36: =+D36*E36 -> #REF! | H36: 51.15
A37: 3.3 | B37: =+#REF! -> #REF! | C37: =+#REF! -> #REF! | D37: =+'MEMORIA DE CANTIDADES BLOQUE 3'!G316 -> #REF! | E37: 9745 | F37: =+D37*E37 -> #REF! | H37: 23134.036
A38: 3.4 | B38: =+#REF! -> #REF! | C38: =+#REF! -> #REF! | D38: =+'MEMORIA DE CANTIDADES BLOQUE 3'!G327 -> #REF! | E38: 8644 | F38: =+D38*E38 -> #REF! | H38: #REF!
A39: 3.5 | B39: =+_xlfn.SINGLE(#REF!) -> #NAME? | C39: =+#REF! -> #REF! | D39: =+'MEMORIA DE CANTIDADES BLOQUE 3'!G338 -> 29288.86 | E39: =+#REF! -> #REF! | F39: =+D39*E39 -> #REF! | H39: #REF!
A40: 3.6 | B40: =+_xlfn.SINGLE(#REF!) -> #NAME? | C40: =+#REF! -> #REF! | D40: =+'MEMORIA DE CANTIDADES BLOQUE 3'!G348 -> #REF! | E40: 62475 | F40: =+D40*E40 -> #REF! | H40: #REF!
A41: 3.7 | B41: =+_xlfn.SINGLE(#REF!) -> #NAME? | C41: =+#REF! -> #REF! | D41: =+'MEMORIA DE CANTIDADES BLOQUE 3'!G358 -> #REF! | E41: 51450 | F41: =+D41*E41 -> #REF! | H41: 172.8
A42: 3.8 | B42: =+#REF! -> #REF! | C42: M2 | D42: =+'MEMORIA DE CANTIDADES BLOQUE 3'!G405 -> #REF! | E42: =+'7 - ESTRUCTURA CUBIERTA'!G232 -> 229000 | F42: =+D42*E42 -> #REF! | H42: 172.8
A43: 3.9 | B43: =+#REF! -> #REF! | C43: M2 | E43: =+'7 - ESTRUCTURA CUBIERTA'!G271 -> 230364 | F43: =+D43*E43 -> 0 | H43: 28.1
A44: 3.10 | B44: =+#REF! -> #REF! | C44: =+#REF! -> #REF! | E44: 175425 | F44: =+D44*E44 -> 0 | H44: 24.6
A45: 3.11 | B45: Baranda Metálica - pasamanos en tubo de 3" cal 5,5mm, platina de anclaje y pintura anticorrosiva | C45: ML | E45: 123769 | F45: =+D45*E45 -> 0 | H45: 24.6
A46: 3.7 | B46: Cubierta en Teja termoacustica. | C46: M2 | E46: 48207 | F46: =+E46*D46 -> 0 | H46: 1428.864
A47: 3.8 | B47: Caballete para termoacustica. | C47: ML | E47: 70099 | F47: =+E47*D47 -> 0 | H47: 36.6
A48: 3.12 | B48: Canales lamina LD: 70Cm | C48: ML | D48: =+'MEMORIA DE CANTIDADES BLOQUE 3'!G501 -> 163.15 | E48: 75354 | F48: =+E48*D48 -> 12294005 | H48: 73.2
A49: 3.13 | B49: Bajante PVC 4" | C49: ML | D49: =+'MEMORIA DE CANTIDADES BLOQUE 3'!G515 -> 284.65 | E49: 27286 | F49: =+E49*D49 -> 7766959.9 | H49: 68
A50: SUB-TOTAL CAPITULO | F50: =SUM(F35:F49) -> #REF! | H50: =+F50*1.25 -> #REF!
A51: 4 | B51: PISOS Y ENCHAPES
A52: 4.1 | B52: =+_xlfn.SINGLE(#REF!) -> #NAME? | C52: M2 | D52: =+'MEMORIA DE CANTIDADES BLOQUE 3'!G554 -> 4833.51 | E52: =+'8 - PISOS - CONCRETO-ENCHAPES'!G1971 -> 110066 | F52: =+E52*D52 -> 5.3200511e+08 | H52: 131.23
A53: 4.2 | B53: =+#REF! -> #REF! | C53: M2 | D53: =+'MEMORIA DE CANTIDADES BLOQUE 3'!G572 -> 50.75 | E53: =+'8 - PISOS - CONCRETO-ENCHAPES'!G1775 -> 71206 | F53: =+D53*E53 -> 3613704.5 | H53: 196.643
A54: 4.3 | B54: PAVIMENTO DEPORTIVO TIPO MADERA | C54: =+C53 -> M2 | D54: 3288.42 | E54: 167450 | F54: =+D54*E54 -> 550645929 | H54: 39.27
A55: 4.3 | B55: PISO ANTIDESLIZANTE SINTETICO | C55: =+C54 -> M2 | E55: 61350 | F55: =+D55*E55 -> 0 | H55: #REF!
A56: 4.6 | B56: PISO EN CERAMICA ANTIDESLIZANTE 40X40 | C56: =+C55 -> M2 | D56: 739.88 | E56: 59475 | F56: =+D56*E56 -> 44004363 | H56: #REF!
A57: 4.7 | B57: PISO PORCELANATO 60X60 | C57: =+C56 -> M2 | E57: 72450 | F57: =+D57*E57 -> 0 | H57: 39.27
A58: 4.8 | B58: PISO EN TATAMI ANTI IMPACTO | C58: =+C57 -> M2 | E58: 142540 | F58: =+D58*E58 -> 0 | H58: #REF!
A59: 4.4 | B59: TAPETE SINTETICO IMITACION CESPED | C59: =+C54 -> M2 | D59: 59.72 | E59: 58450 | F59: =+D59*E59 -> 3490634 | H59: 532
A60: 4.5 | B60: TAPETE SINTETICO COLOR CAFÉ (DECK MADERA) | C60: =+C59 -> M2 | E60: =+'8 - PISOS - CONCRETO-ENCHAPES'!G1125 -> 61572 | F60: =+D60*E60 -> 0 | H60: 433.3
A61: 4.6 | B61: PISO EN CERAMICA 40X40 EXTERIORES | C61: =+C60 -> M2 | D61: 414.68 | E61: 62450 | F61: =+D61*E61 -> 25896766 | H61: 114.66
A62: 4.7 | B62: HORMIGÓN PULIDO TIPO ARQ | C62: =+C61 -> M2 | D62: 330.81 | E62: 102425 | F62: =+D62*E62 -> 33883214 | H62: 62.19
A63: 4.6 | B63: PISO EN VINILO | C63: =+C62 -> M2 | E63: 94450 | F63: =+D63*E63 -> 0 | H63: 81.983
A64: 4.7 | B64: PISO EN CAUCHO MODULAR ANTI-IMPACTO | C64: =+C63 -> M2 | E64: 136780 | F64: =+D64*E64 -> 0 | H64: 117.8104
A65: 4.8 | B65: GUARDA ESCOBAS | C65: =+C62 -> M2 | D65: 1442.04 | E65: 14750 | F65: =+D65*E65 -> 21270090 | H65: 81.983
A66: 4.9 | B66: ENCHAPE DE PARED | C66: =+C65 -> M2 | D66: 770.34 | E66: 52480 | F66: =+D66*E66 -> 40427443 | H66: 117.8104
A67: SUB-TOTAL CAPITULO | F67: =SUM(F52:F66) -> 1.2552373e+09 | H67: =+F67*1.25 -> 1.5690466e+09 | I67: 521796964
A68: 5 | B68: MAMPOSTERIA
A69: 5.1 | B69: =+#REF! -> #REF! | C69: M2 | D69: 2470.5 | E69: =+'6 - MAMPOSTERIA - ESTRUCT. ESP.'!G68 -> 54799 | F69: =+E69*D69 -> 1.3538093e+08 | H69: 279.848
A70: 5.2 | B70: Muro en Superboard - Incluye: estructura, herrajes, masilla, cinta de papel y acabado en pintura tipo I | C70: M2 | D70: 702 | E70: =+'6 - MAMPOSTERIA - ESTRUCT. ESP.'!G228 -> 102430 | F70: =+E70*D70 -> 71905860 | H70: 138 | I70: 94450
A71: 5.3 | B71: Pañete muros 1:4 incluye filos y dilataciones | C71: M2 | D71: 4941 | E71: =+'9 - PAÑETES - PINTURA'!G37 -> 36485 | F71: =+E71*D71 -> 180272385 | H71: 491.496
A72: SUB-TOTAL CAPITULO | F72: =SUM(F69:F71) -> 3.8755917e+08 | H72: =+F72*1.25 -> 4.8444897e+08
A73: 6 | B73: ACABADOS
A74: 6.1 | B74: Estuco y pintura tipo I | C74: M2 | D74: =4940.96*0.85 -> 4199.816 | E74: =+'9 - PAÑETES - PINTURA'!$G$305 -> 17361 | F74: =+E74*D74 -> 72913006
A75: 6.2 | B75: Esgrafiado en Graniplast para muros exteriores | C75: M2 | D75: =4940.96*0.15 -> 741.144 | E75: =+'9 - PAÑETES - PINTURA'!$G$433 -> 38300 | F75: =+D75*E75 -> 28385815
A76: 6.3 | B76: Suministro e instalación de Drywall | C76: M2 | D76: 3280.95 | E76: 37121 | F76: =+D76*E76 -> 1.2179214e+08
A77: 6.4 | B77: Puertas de acceso en aluminio con vidrio, pisavidrio a presión y cerradura de seguridad; marco en U-68 de 3"x1" - luceta fija en la parte superior | C77: M2 | D77: 80 | E77: 345450 | F77: =+D77*E77 -> 27636000
A78: 6.5 | B78: Puerta Metálica con marco y luceta fija | C78: =+C77 -> M2 | D78: 85 | E78: 264575 | F78: =+D78*E78 -> 22488875
A79: 6.6 | B79: Puerta corta-fuego | C79: =+C78 -> M2 | D79: 4.8 | E79: 425850 | F79: =+D79*E79 -> 2044080
A80: 6.7 | B80: Puertas en Vidrio Templado de 10mm; incluye: herrajes en acero, marco y chapa de seguridad | C80: M2 | D80: 5.9219997 | E80: 675450 | F80: =+D80*E80 -> 4000014.7
A81: 6.8 | B81: Ventanas en aluminio con Marco, luceta fija, aluminio y persiana A210 | C81: M2 | D81: 104.34 | E81: 298088 | F81: =+D81*E81 -> 31102502
A82: 6.9 | B82: Divisiones para baño en Acero inoxidable - Incluye accesorios | C82: M2 | D82: 0 | E82: 645450 | F82: =+D82*E82 -> 0
A83: 6.10 | B83: Suminstro e instalación de Lavamanos tipo institucional | C83: UND | D83: 0 | E83: 347540 | F83: =+D83*E83 -> 0
A84: 6.11 | B84: Suministro e Instalación de Sanitarios tipo fluxometro - linea institucional | C84: UND | D84: 0 | E84: 947850 | F84: =+D84*E84 -> 0
A85: 6.12 | B85: Suminstro e instalación de Duchas para baños | C85: UND | D85: 26 | E85: 274550 | F85: =+D85*E85 -> 7138300
A86: 6.13 | B86: Suministro e Instalación de Estufa tipo industrial | C86: UND | D86: 1 | E86: 3475450 | F86: =+D86*E86 -> 3475450
A87: 6.14 | B87: Suministro e Instalación de Accesorios y barra para discapacitados | C87: UND | D87: 7 | E87: 475450 | F87: =+D87*E87 -> 3328150
A88: SUB-TOTAL CAPITULO | F88: =SUM(F74:F87) -> 3.2430434e+08 | H88: =+F88*1.25 -> 4.0538042e+08 | I88: 214111011
A89: 7 | B89: INSTALACIONES HIDROSANITARIAS
B90: HIDRAULICO
A91: 7.1 | B91: Red suministro PVC presion, RDE=21. Ø= 2". Incluye accesorios de conexión. | C91: ML | E91: 36363 | F91: =+D91*E91 -> 0
A92: 7.2 | B92: Red suministro PVC presion, RDE=21. Ø= 11/2". Incluye accesorios de conexión. | C92: ML | E92: 26898 | F92: =+D92*E92 -> 0
A93: 7.3 | B93: Red suministro PVC presion, RDE=21. Ø= 3/4". Incluye accesorios de conexión. | C93: ML | E93: 13928 | F93: =+D93*E93 -> 0
A94: 7.4 | B94: Red suministro PVC presion, RDE=21. Ø= 1". Incluye accesorios de conexión. | C94: ML | E94: 15897 | F94: =+D94*E94 -> 0
A95: 7.5 | B95: Registro de bola de Ø=1½", incluye accesorios de conexión y aditamentos. | C95: UND | E95: 103919 | F95: =+D95*E95 -> 0
A96: 7.6 | B96: Registro de bola de Ø=2", incluye accesorios de conexión y aditamentos. | C96: UND | E96: 164153 | F96: =+D96*E96 -> 0
A97: 7.7 | B97: Punto pvc-p de Ø=3/4", incluye accesorios, aditamentos y prueba hidrostatica. | C97: UND | E97: 42030 | F97: =+D97*E97 -> 0
A98: 7.8 | B98: Punto pvc-p de Ø=11/2", incluye accesorios, aditamentos y prueba hidrostatica. | C98: UND | E98: 96810 | F98: =+D98*E98 -> 0
A99: 7.9 | B99: Suministro e instalacion de flotador mecanico en cobre de D=2" | C99: UND | E99: 283340 | F99: =+D99*E99 -> 0
B100: SANITARIO
A101: 7.10 | B101: Salida sanitaria pvc-s de Ø=2" | C101: UND | E101: 94589 | F101: =+D101*E101 -> 0
A102: 7.11 | B102: Salida sanitaria pvc-s de Ø=3" | C102: UND | E102: 110028 | F102: =+D102*E102 -> 0
A103: 7.12 | B103: Salida sanitaria pvc-s de Ø=4" | C103: UND | E103: 143548 | F103: =+D103*E103 -> 0
A104: 7.13 | B104: Sumisnistro e instalacion de tuberia pvc-s de Ø=4" con accesoriois de conexión; para desagues y bajantes de aguas negras. | C104: ML | E104: 51876 | F104: =+D104*E104 -> 0
...

Sheet MEMORIA DE CANTIDADES GENER (2)
B2: INDERHUILA | E2: MEMORIA DE CALCULO DE CANTIDADES DE OBRA
B3: CONSULTOR. INGECAG LTDA.
B5: INTERVENTORIA: ING. FEDERICO GARCÍA ARBELAEZ | E5: CONTRATO DE CONSULTORIA No: 071 DE 2017
A6: Objeto: CONSTRUCCIÓN DEL CENTRO DE RENDIMIENTO DEPORTIVO LA FELICIDAD DEL DEPARTAMENTO DEL HUILA.
A7: CAPITULO 1: | B7: ACTIVIDADES PRELIMINARES | E7: UNIDAD: | G7: M2
A8: ITEM 1,1: | B8: Localización y replanteo
A9: PROCEDIMIENTO PARA CALCULO
A10: DESCRIPCION Y/O UBICACION | C10: L | D10: A | E10: E prom. | F10: CANT. | G10: SUBTOTAL
A11: AREA TOTAL DEL PROYECTO | C11: 90.578839 | D11: 76.22 | F11: 1 | G11: =+ROUND(C11*D11,2) -> 6903.92 | I11: =+PPTOETAPAS!F7 -> 40261694 | K11: =10812.64+3314.27 -> 14126.91
I12: =+G35*24550 -> 5385533.5
A13: TOTAL | G13: =ROUND(SUM(G11:G12),2) -> 6903.92 | I13: =+G49*14750 -> 34093002
I14: =+G63*17550 -> 43469420
I15: =+G89*25000 -> 1700000
A16: =+$A$7 -> CAPITULO 1: | B16: =+$B$7 -> ACTIVIDADES PRELIMINARES | E16: UNIDAD: | G16: M3 | I16: =+G98*27550 -> 1212200
A17: ITEM 1,2: | B17: Demolición Mecánica de estructuras en concreto ( Vigas de cimentación, aéreas, columnas entre otros) | I17: =+G119*30550 -> 40293617
A18: PROCEDIMIENTO PARA CALCULO | I18: =+G130*56500 -> 2.478127e+08
A19: DESCRIPCION Y/O UBICACION | C19: L | D19: A | E19: E prom. | F19: CANT. | G19: SUBTOTAL | I19: =ROUND(SUM(I11:I18),0) -> 414228171 | J19: prelim
A20: Cerramiento
A21: Alfagía | C21: =120.53+71.17+36.41+9.12+26.18 -> 263.41 | D21: 0.1 | E21: 0.1 | F21: 1 | G21: =+C21*D21*E21*F21 -> 2.6341
A22: Viga de Cimentación | C22: =+C21 -> 263.41 | D22: 0.25 | E22: 0.25 | F22: 1 | G22: =+C22*D22*E22*F22 -> 16.463125
A23: Columnetas | C23: 0.8 | D23: 0.25 | E23: 0.25 | F23: =+ROUND(C22/3,0) -> 88 | G23: =+C23*D23*E23*F23 -> 4.4
A24: Bolque Escenarios
A25: Vigas cimentación - aéreas | C25: =20+9.72+12.2+40.6+20+10.6+20+12.2+9.8+14.43+7.8+12.4+5.1+9.6+3.3+3.3+3.1+2+17.9+(1.25*7)+0.9+8.05+5.45+1.1+3.3+20+6.15+(6.75*3)+7.45+2.65+2.65+5+1.55 -> 327.3 | D25: 0.3 | E25: 0.3 | F25: 2 | G25: =+C25*D25*E25*F25 -> 58.914
A26: Columnas | C26: 7.35 | D26: 0.3 | E26: 0.3 | F26: 40 | G26: =+C26*D26*E26*F26 -> 26.46
A27: Zapatas | C27: 1.2 | D27: 1.2 | E27: 0.3 | F27: 40 | G27: =+C27*D27*E27*F27 -> 17.28
A28: Bloque Dormitorios
A29: Vigas cimentación - aéreas | C29: =16.15+16.15+5.37+5.37+5.37+4.6+(4.9*5)+4.6+(4.9*8)+(7.85*4)+3.33+(5.2*4)+21+(4.85*2)+5+(1.95*3*0.2)+(2.2*6)+(10.45*2)+(6.45*3)+(4.6*2)+(1.4*20)+(1.65*10) -> 320.86 | D29: 0.3 | E29: 0.3 | F29: 2 | G29: =+C29*D29*E29*F29 -> 57.7548
A30: Columnas | C30: 6.09 | D30: 0.3 | E30: 0.3 | F30: 32 | G30: =+C30*D30*E30*F30 -> 17.5392
A31: Zapatas | C31: 1.2 | D31: 1.2 | E31: 0.3 | F31: 32 | G31: =+C31*D31*E31*F31 -> 13.824
A32: Banca baños | C32: =8.44/3 -> 2.8133333 | D32: 3 | E32: 0.2 | F32: 2 | G32: =+C32*D32*E32*F32 -> 3.376
A33: Mesón baños | C33: 3 | D33: 0.6 | E33: 0.2 | F33: 2 | G33: =+C33*D33*E33*F33 -> 0.72
A35: TOTAL | G35: =ROUND(SUM(G20:G34),2) -> 219.37
A37: =+$A$7 -> CAPITULO 1: | B37: =+$B$7 -> ACTIVIDADES PRELIMINARES | E37: UNIDAD: | G37: M2
A38: ITEM 1,3: | B38: Demolición de mamposteria en ladrillo
A39: PROCEDIMIENTO PARA CALCULO
A40: DESCRIPCION Y/O UBICACION | C40: L | D40: A | E40: E prom. | F40: CANT. | G40: SUBTOTAL
A41: Cerramiento
A42: Antepecho | C42: =+C22 -> 263.41 | D42: 0.4 | G42: =+C42*D42 -> 105.364
A43: Bolque Escenarios
A44: Muros Fachadas | C44: =20+9.72+12.2+40.6+20+10.6+20+12.2+9.8 -> 155.12 | D44: =+(3.9+4.65+2.95)/3 -> 3.8333333 | G44: =+D44*C44 -> 594.62667
A45: Muros Divisorios | C45: =14.43+7.8+12.4+5.1+9.6+3.3+3.3+3.1+2+17.9+(1.25*7)+0.9+8.05+5.45+1.1+3.3+20+6.15+(6.75*3)+7.45+2.65+2.65+5+1.55 -> 172.18 | D45: 4.7 | G45: =+C45*D45 -> 809.246
A46: Bloque Dormitorios
A47: Muros divisorios - fachadas | C47: =+C29 -> 320.86 | D47: 2.5 | G47: =+D47*C47 -> 802.15
A49: TOTAL | G49: =ROUND(SUM(G41:G48),2) -> 2311.39
A51: =+$A$7 -> CAPITULO 1: | B51: =+$B$7 -> ACTIVIDADES PRELIMINARES | E51: UNIDAD: | G51: M2
A52: ITEM 1,4: | B52: Demolición de placa de piso
A53: PROCEDIMIENTO PARA CALCULO
A54: DESCRIPCION Y/O UBICACION | C54: L | D54: A | E54: E prom. | F54: CANT. | G54: SUBTOTAL
A55: Bolque Escenarios
A56: Área Total | C56: 41.34 | D56: 39.98 | G56: =+D56*C56 -> 1652.7732
A58: Bloque Dormitorios
A59: Área 1 | C59: 16.15 | D59: 5.4 | G59: =+D59*C59 -> 87.21
A60: Área 2 | C60: =20.21+25.25 -> 45.46 | D60: 8 | G60: =+D60*C60 -> 363.68
A61: Área 3 | C61: 11.7 | D61: 13.8 | G61: =+D61*C61 -> 161.46
A62: Área 4 | C62: 23.4 | D62: 9.05 | G62: =+D62*C62 -> 211.77
A63: TOTAL | G63: =ROUND(SUM(G56:G62),2) -> 2476.89
A65: =+$A$7 -> CAPITULO 1: | B65: =+$B$7 -> ACTIVIDADES PRELIMINARES | E65: UNIDAD: | G65: M2
A66: ITEM 1,5: | B66: Desmonte cubierta y estructura – Incl. Retiro de materiales
A67: PROCEDIMIENTO PARA CALCULO
A68: DESCRIPCION Y/O UBICACION | C68: L | D68: A | E68: E prom. | F68: CANT. | G68: SUBTOTAL
A69: Bolque Escenarios
A70: Área Total | C70: 41.34 | D70: 39.98 | G70: =+D70*C70 -> 1652.7732
A72: Bloque Dormitorios
A73: Área 1 | C73: 16.15 | D73: 5.4 | G73: =+D73*C73 -> 87.21
A74: Área 2 | C74: =20.21+25.25 -> 45.46 | D74: 8 | G74: =+D74*C74 -> 363.68
A75: Área 3 | C75: 11.7 | D75: 13.8 | G75: =+D75*C75 -> 161.46
A76: Área 4 | C76: 23.4 | D76: 9.05 | E76: =-8.95*6.4 -> -57.28 | G76: =+D76*C76+E76 -> 154.49
A77: TOTAL | G77: =ROUND(SUM(G70:G76),2) -> 2419.61
A79: =+$A$7 -> CAPITULO 1: | B79: =+$B$7 -> ACTIVIDADES PRELIMINARES | E79: UNIDAD: | G79: UND
A80: ITEM 1,6: | B80: Desmonte de Puerta de lámina
A81: PROCEDIMIENTO PARA CALCULO
A82: DESCRIPCION Y/O UBICACION | C82: L | D82: A | E82: E prom. | F82: CANT. | G82: SUBTOTAL | J82: =4.83+4.01 -> 8.84
A83: Bolque Escenarios
A84: Área Total | F84: 14 | G84: =+F84 -> 14
A86: Bloque Dormitorios
A87: Área Total | F87: 54 | G87: =+F87 -> 54
A89: TOTAL | G89: =ROUND(SUM(G83:G88),2) -> 68
A91: =+$A$7 -> CAPITULO 1: | B91: =+$B$7 -> ACTIVIDADES PRELIMINARES | E91: UNIDAD: | G91: UND
A92: ITEM 1,7: | B92: Desmonte de Lavamanos y Sanitarios
A93: PROCEDIMIENTO PARA CALCULO
A94: DESCRIPCION Y/O UBICACION | C94: L | D94: A | E94: E prom. | F94: CANT. | G94: SUBTOTAL
A95: Lavamanos | F95: 7 | G95: =+F95 -> 7
A96: Sanitarios | F96: =7+10 -> 17 | G96: =+F96 -> 17
A97: Duchas | F97: 20 | G97: =+F97 -> 20
A98: TOTAL | G98: =ROUND(SUM(G95:G97),2) -> 44
A100: =+A7 -> CAPITULO 1: | B100: =+B7 -> ACTIVIDADES PRELIMINARES | E100: UNIDAD: | G100: M3
A101: ITEM 1,8: | B101: Excavación manual sin clasificar – Incluye: todo factor y disposición final del material en escombrera autorizada.
A102: PROCEDIMIENTO PARA CALCULO
A103: DESCRIPCION Y/O UBICACION | C103: L | D103: A | E103: E prom. | F103: CANT. | G103: SUBTOTAL
A104: Viga de Cimentación - Cerramiento | C104: 454.77 | D104: 0.4 | E104: 0.7 | F104: 1 | G104: =+C104*D104*E104*F104 -> 127.3356
A105: Área Total - sobre excavación | C105: =+G13 -> 6903.92 | F105: 0.1 | G105: =+F105*C105 -> 690.392
A106: Excavaciones - tuberias hidrosanitarias | C106: 269.79 | D106: 0.6 | E106: 0.4 | F106: 1 | G106: =+F106*E106*D106*C106 -> 64.7496 | J106: 64.75
A107: Bolque - Escenarios
A108: Zapatas 1 - Bloque 3 | C108: 2 | D108: 2 | E108: 2 | F108: 4 | G108: =+C108*D108*F108*E108 -> 32
A109: Zapatas 2 - Bloque 3 | C109: 2.1 | D109: 2.1 | E109: 2 | F109: 10 | G109: =+C109*D109*F109*E109 -> 88.2
A110: Zapatas 3 - Bloque 3 | C110: 2.2 | D110: 2.2 | E110: 2 | F110: 2 | G110: =+C110*D110*F110*E110 -> 19.36
A111: Zapatas 4 - Bloque 3 | C111: 2.3 | D111: 2.3 | E111: 2 | F111: 3 | G111: =+C111*D111*F111*E111 -> 31.74
A112: Zapatas 5 - Bloque 3 | C112: 2.4 | D112: 2.4 | E112: 2 | F112: 2 | G112: =+C112*D112*F112*E112 -> 23.04
A113: Zapatas 6 - Bloque 3 | C113: 2.5 | D113: 2.5 | E113: 2 | F113: 4 | G113: =+C113*D113*F113*E113 -> 50
A114: Zapatas 7 - Bloque 3 | C114: 2.6 | D114: 2.6 | E114: 2 | F114: 2 | G114: =+C114*D114*F114*E114 -> 27.04
...

Sheet CANT ESTRUCUT
A1: CUADRO DE HIERROS CUBIERTA 24,80m x 39,40m
A2: CANCHA DE FUTBOL - VALLE DEL GUAMEZ - PUTUMAYO
A3: LOCALIZACION | B3: ELEMENTO | C3: CANTIDAD DE ELEMENTOS | D3: DIAGRAMA | G3: CANTIDAD POR ELEMENTO | H3: DIAMETRO | I3: LONGITUD | J3: CANTIDAD TOTAL | K3: PESO 60.000PSI
D4: GANCHO IZQUIERDO | E4: TRAMO RECTO | F4: GANCHO DERECHO
A6: ZAPATAS | B6: Z-1 | C6: 12 | D6: 0.2 | E6: 1.95 | F6: 0.2 | G6: 22 | H6: 4 | I6: =D6+E6+F6 -> 2.35 | J6: =$C$6*G6 -> 264 | K6: =J6*I6*POWER(H6,2)/16 -> 620.4
A8: COLUMNAS | B8: C-1 | C8: 4 | D8: 0.25 | E8: 6.15 | F8: 0.25 | G8: 8 | H8: 5 | I8: =D8+E8+F8 -> 6.65 | J8: =$C$8*G8 -> 32 | K8: =J8*I8*POWER(H8,2)/16 -> 332.5
D9: 0.32 | E9: 0.32 | F9: 0.08 | G9: 63 | H9: 3 | I9: =(D9+E9+F9)*2 -> 1.44 | J9: =$C$8*G9 -> 252 | K9: =J9*I9*POWER(H9,2)/16 -> 204.12
B11: C-2 | C11: 8 | D11: 0.3 | E11: 6.15 | F11: 0.3 | G11: 10 | H11: 6 | I11: =D11+E11+F11 -> 6.75 | J11: =$C$11*G11 -> 80 | K11: =J11*I11*POWER(H11,2)/16 -> 1215
D12: 0.32 | E12: 0.47 | F12: 0.08 | G12: 59 | H12: 3 | I12: =(D12+E12+F12)*2 -> 1.74 | J12: =$C$11*G12 -> 472 | K12: =J12*I12*POWER(H12,2)/16 -> 461.97
D13: 0.1 | E13: 0.32 | F13: 0.1 | G13: 118 | H13: 3 | I13: =D13+E13+F13 -> 0.52 | J13: =$C$11*G13 -> 944 | K13: =J13*I13*POWER(H13,2)/16 -> 276.12
A15: VIGAS CIMENTACION | B15: VC-1 | C15: 2 | D15: 0.2 | E15: 11.8 | G15: 8 | H15: 4 | I15: =D15+E15+F15 -> 12 | J15: =$C$15*G15 -> 16 | K15: =J15*I15*POWER(H15,2)/16 -> 192
D16: 0.2 | E16: 6.65 | G16: 8 | H16: 4 | I16: =D16+E16+F16 -> 6.85 | J16: =$C$15*G16 -> 16 | K16: =J16*I16*POWER(H16,2)/16 -> 109.6
E17: 12 | G17: 12 | H17: 4 | I17: =D17+E17+F17 -> 12 | J17: =$C$15*G17 -> 24 | K17: =J17*I17*POWER(H17,2)/16 -> 288
D18: 0.22 | E18: 0.32 | F18: 0.1 | G18: 207 | H18: 3 | I18: =(D18+E18+F18)*2 -> 1.28 | J18: =$C$15*G18 -> 414 | K18: =J18*I18*POWER(H18,2)/16 -> 298.08
B20: VC-2 | C20: 2 | D20: 0.2 | E20: 10.3 | G20: 4 | H20: 4 | I20: =D20+E20+F20 -> 10.5 | J20: =$C$20*G20 -> 8 | K20: =J20*I20*POWER(H20,2)/16 -> 84
D21: 0.2 | E21: 7.3 | G21: 4 | H21: 4 | I21: =D21+E21+F21 -> 7.5 | J21: =$C$20*G21 -> 8 | K21: =J21*I21*POWER(H21,2)/16 -> 60
D22: 0.2 | E22: 4.8 | G22: 8 | H22: 4 | I22: =D22+E22+F22 -> 5 | J22: =$C$20*G22 -> 16 | K22: =J22*I22*POWER(H22,2)/16 -> 80
E23: 9.3 | G23: 12 | H23: 4 | I23: =D23+E23+F23 -> 9.3 | J23: =$C$20*G23 -> 24 | K23: =J23*I23*POWER(H23,2)/16 -> 223.2
E24: 9.2 | G24: 16 | H24: 4 | I24: =D24+E24+F24 -> 9.2 | J24: =$C$20*G24 -> 32 | K24: =J24*I24*POWER(H24,2)/16 -> 294.4
D25: 0.22 | E25: 0.32 | F25: 0.1 | G25: 245 | H25: 3 | I25: =(D25+E25+F25)*2 -> 1.28 | J25: =$C$20*G25 -> 490 | K25: =J25*I25*POWER(H25,2)/16 -> 352.8
A27: VIGA CANAL | B27: VG-1 | C27: 2 | D27: 0.25 | E27: 4.85 | G27: 10 | H27: 5 | I27: =D27+E27+F27 -> 5.1 | J27: =$C$27*G27 -> 20 | K27: =J27*I27*POWER(H27,2)/16 -> 159.375
E28: 9.5 | G28: 20 | H28: 5 | I28: =D28+E28+F28 -> 9.5 | J28: =$C$27*G28 -> 40 | K28: =J28*I28*POWER(H28,2)/16 -> 593.75
D29: 0.2 | E29: 10.3 | G29: 4 | H29: 4 | I29: =D29+E29+F29 -> 10.5 | J29: =$C$27*G29 -> 8 | K29: =J29*I29*POWER(H29,2)/16 -> 84
D30: 0.2 | E30: 7.3 | G30: 4 | H30: 4 | I30: =D30+E30+F30 -> 7.5 | J30: =$C$27*G30 -> 8 | K30: =J30*I30*POWER(H30,2)/16 -> 60
E31: 9.3 | G31: 12 | H31: 4 | I31: =D31+E31+F31 -> 9.3 | J31: =$C$27*G31 -> 24 | K31: =J31*I31*POWER(H31,2)/16 -> 223.2
E32: 6 | G32: 4 | H32: 4 | I32: =D32+E32+F32 -> 6 | J32: =$C$27*G32 -> 8 | K32: =J32*I32*POWER(H32,2)/16 -> 48
D33: 0.32 | E33: 0.32 | F33: 0.1 | G33: 390 | H33: 3 | I33: =(D33+E33+F33)*2 -> 1.48 | J33: =$C$27*G33 -> 780 | K33: =J33*I33*POWER(H33,2)/16 -> 649.35
A35: ALETAS CANAL | B35: VG-1 | C35: =41.8*2 -> 83.6 | D35: 0.04 | E35: 0.6 | G35: 5 | H35: 3 | I35: =D35+E35+F35 -> 0.64 | J35: =$C$35*G35 -> 418 | K35: =J35*I35*POWER(H35,2)/16 -> 150.48
D36: 0.07 | E36: =0.75+0.035 -> 0.785 | F36: 0.07 | G36: 5 | H36: 3 | I36: =(D36+E36+F36)*2 -> 1.85 | J36: =$C$35*G36 -> 418 | K36: =J36*I36*POWER(H36,2)/16 -> 434.98125
E37: 1.2 | G37: 8 | H37: 3 | I37: =D37+E37+F37 -> 1.2 | J37: =$C$35*G37 -> 668.8 | K37: =J37*I37*POWER(H37,2)/16 -> 451.44
I38: TOTAL= | K38: =SUM(K6:K37) -> 7946.7662

Sheet DESPIECE ACERO
A1: CUADRO DE HIERROS | M1: Incluir planos de despiece
A2: =#REF! -> #REF!
A4: LOCALIZACION | B4: ELEMENTO | C4: CANTIDAD DE ELEMENTOS | D4: DIAGRAMA | G4: CANTIDAD POR ELEMENTO | H4: DIAMETRO | I4: LONGITUD | J4: CANTIDAD TOTAL | K4: PESO 60.000PSI
D5: GANCHO IZQUIERDO | E5: TRAMO RECTO | F5: GANCHO DERECHO
A7: LOSA CIMENTACIÓN TANQUE | B7: Sentido A-A' | C7: 1 | D7: 0 | E7: 2.9 | F7: 0 | G7: =ROUNDUP(13.2/0.25,0)+1 -> 54 | H7: 4 | I7: =D7+E7+F7 -> 2.9 | J7: =$C$7*G7 -> 54 | K7: =J7*I7*POWER(H7,2)/16 -> 156.6
C8: 3 | D8: 0 | E8: 6 | F8: 0 | G8: =ROUNDUP(13.2/0.25,0)+1 -> 54 | H8: 4 | I8: =D8+E8+F8 -> 6 | J8: =$C$8*G8 -> 162 | K8: =J8*I8*POWER(H8,2)/16 -> 972
C9: 1 | D9: 0 | E9: 5.9 | F9: 0 | G9: =ROUNDUP(13.2/0.25,0)+1 -> 54 | H9: 4 | I9: =D9+E9+F9 -> 5.9 | J9: =$C$9*G9 -> 54 | K9: =J9*I9*POWER(H9,2)/16 -> 318.6
C10: 1 | D10: 0 | E10: 2.7 | F10: 0 | G10: =ROUNDUP(13.2/0.25,0)+1 -> 54 | H10: 4 | I10: =D10+E10+F10 -> 2.7 | J10: =$C$10*G10 -> 54 | K10: =J10*I10*POWER(H10,2)/16 -> 145.8
B11: Sentido B-B' | C11: 2 | D11: 0 | E11: 2.9 | F11: 0 | G11: =ROUNDUP(13.2/0.25,0)+1 -> 54 | H11: 4 | I11: =D11+E11+F11 -> 2.9 | J11: =$C$11*G11 -> 108 | K11: =J11*I11*POWER(H11,2)/16 -> 313.2
C12: 4 | D12: 0 | E12: 6 | F12: 0 | G12: =ROUNDUP(13.2/0.25,0)+1 -> 54 | H12: 4 | I12: =D12+E12+F12 -> 6 | J12: =$C$12*G12 -> 216 | K12: =J12*I12*POWER(H12,2)/16 -> 1296
A14: MUROS TANQUE | B14: Ambos sentidos | C14: 3 | D14: 0 | E14: 3.6 | F14: 0 | G14: =ROUNDUP(12.8/0.15,0)+1 -> 87 | H14: 4 | I14: =D14+E14+F14 -> 3.6 | J14: =$C$14*G14 -> 261 | K14: =J14*I14*POWER(H14,2)/16 -> 939.6
C15: 3 | D15: 0 | E15: 3.7 | F15: 0 | G15: =ROUNDUP(12.8/0.15,0)+1 -> 87 | H15: 5 | I15: =(D15+E15+F15) -> 3.7 | J15: =$C$15*G15 -> 261 | K15: =J15*I15*POWER(H15,2)/16 -> 1508.9062
C16: 1 | D16: 0 | E16: 3.8 | F16: 0 | G16: =ROUNDUP(12.8/0.15,0)+1 -> 87 | H16: 4 | I16: =(D16+E16+F16) -> 3.8 | J16: =$C$16*G16 -> 87 | K16: =J16*I16*POWER(H16,2)/16 -> 330.6
C17: 1 | D17: 0 | E17: 3.9 | F17: 0 | G17: =ROUNDUP(12.8/0.15,0)+1 -> 87 | H17: 5 | I17: =D17+E17+F17 -> 3.9 | J17: =$C$17*G17 -> 87 | K17: =J17*I17*POWER(H17,2)/16 -> 530.15625
B19: Acero auxiliar | C19: 4 | D19: 0 | E19: 2.3 | F19: 0 | G19: =ROUNDUP(3.2/0.25,0)+1 -> 14 | H19: 4 | I19: =D19+E19+F19 -> 2.3 | J19: =$C$19*G19 -> 56 | K19: =J19*I19*POWER(H19,2)/16 -> 128.8
C20: 4 | D20: 0 | E20: 0.4 | F20: 0 | G20: =ROUNDUP(3.2/0.25,0)+1 -> 14 | H20: 4 | I20: =D20+E20+F20 -> 0.4 | J20: =$C$20*G20 -> 56 | K20: =J20*I20*POWER(H20,2)/16 -> 22.4
C21: 4 | D21: 0 | E21: 1.5 | F21: 0 | G21: =ROUNDUP(12.8/0.3,0)+1 -> 44 | H21: 4 | I21: =D21+E21+F21 -> 1.5 | J21: =$C$21*G21 -> 176 | K21: =J21*I21*POWER(H21,2)/16 -> 264
A23: CAJILLAS | B23: Entrada | C23: 1 | E23: 3.4 | G23: =ROUNDUP(2/0.25,0)+1 -> 9 | H23: 4 | I23: =D23+E23+F23 -> 3.4 | J23: =$C$23*G23 -> 9 | K23: =J23*I23*POWER(H23,2)/16 -> 30.6
E24: 3.35 | G24: =ROUNDUP(2/0.25,0)+1 -> 9 | H24: 4 | I24: =D24+E24+F24 -> 3.35 | J24: =$C$23*G24 -> 9 | K24: =J24*I24*POWER(H24,2)/16 -> 30.15
E25: 4.2 | G25: =ROUNDUP(2/0.25,0)+1 -> 9 | H25: 4 | I25: =D25+E25+F25 -> 4.2 | J25: =$C$23*G25 -> 9 | K25: =J25*I25*POWER(H25,2)/16 -> 37.8
E26: 3.9 | G26: =ROUNDUP(2/0.25,0)+1 -> 9 | H26: 4 | I26: =D26+E26+F26 -> 3.9 | J26: =$C$23*G26 -> 9 | K26: =J26*I26*POWER(H26,2)/16 -> 35.1
E27: 6 | G27: =ROUNDUP(1.6/0.25,0)+1 -> 8 | H27: 4 | I27: =ROUNDUP(1.1/0.2,0)+1 -> 7 | J27: =$C$23*G27 -> 8 | K27: =J27*I27*POWER(H27,2)/16 -> 56
E28: 5.3 | G28: =ROUNDUP(1.6/0.25,0)+1 -> 8 | H28: 4 | I28: =(D28+E28+F28) -> 5.3 | J28: =$C$23*G28 -> 8 | K28: =J28*I28*POWER(H28,2)/16 -> 42.4
B30: Salida | C30: 1 | E30: 6.3 | G30: =ROUNDUP(2/0.25,0)+1 -> 9 | H30: 4 | I30: =D30+E30+F30 -> 6.3 | J30: =$C$30*G30 -> 9 | K30: =J30*I30*POWER(H30,2)/16 -> 56.7
E31: 6 | G31: =ROUNDUP(3.45/0.2,0)+1 -> 19 | H31: 4 | I31: =D31+E31+F31 -> 6 | J31: =$C$30*G31 -> 19 | K31: =J31*I31*POWER(H31,2)/16 -> 114
A33: LOSA SUPERIOR TANQUE | B33: Sentido A-A' | C33: 1 | E33: 2.3 | G33: =ROUNDUP(10.8/0.2,0)+1 -> 55 | H33: 4 | I33: =D33+E33+F33 -> 2.3 | J33: =$C$33*G33 -> 55 | K33: =J33*I33*POWER(H33,2)/16 -> 126.5
C34: 3 | E34: 6 | G34: =ROUNDUP(10.8/0.2,0)+1 -> 55 | H34: 4 | I34: =D34+E34+F34 -> 6 | J34: =$C$34*G34 -> 165 | K34: =J34*I34*POWER(H34,2)/16 -> 990
C35: 1 | E35: 5.3 | G35: =ROUNDUP(10.8/0.2,0)+1 -> 55 | H35: 4 | I35: =D35+E35+F35 -> 5.3 | J35: =$C$35*G35 -> 55 | K35: =J35*I35*POWER(H35,2)/16 -> 291.5
C36: 1 | E36: 3 | G36: =ROUNDUP(10.8/0.2,0)+1 -> 55 | H36: 4 | I36: =D36+E36+F36 -> 3 | J36: =$C$36*G36 -> 55 | K36: =J36*I36*POWER(H36,2)/16 -> 165
C37: 2 | E37: 3 | G37: =ROUNDUP(2/0.2,0)+1 -> 11 | H37: 4 | I37: =D37+E37+F37 -> 3 | J37: =$C$37*G37 -> 22 | K37: =J37*I37*POWER(H37,2)/16 -> 66
C38: 4 | E38: 6 | G38: =ROUNDUP(2/0.2,0)+1 -> 11 | H38: 4 | I38: =D38+E38+F38 -> 6 | J38: =$C$38*G38 -> 44 | K38: =J38*I38*POWER(H38,2)/16 -> 264
B39: Sentido B-B' | C39: 1 | E39: 2.3 | G39: =ROUNDUP(12.8/0.2,0)+1 -> 65 | H39: 4 | I39: =D39+E39+F39 -> 2.3 | J39: =$C$39*G39 -> 65 | K39: =J39*I39*POWER(H39,2)/16 -> 149.5
C40: 3 | E40: 6 | G40: =ROUNDUP(12.8/0.2,0)+1 -> 65 | H40: 4 | I40: =D40+E40+F40 -> 6 | J40: =$C$40*G40 -> 195 | K40: =J40*I40*POWER(H40,2)/16 -> 1170
C41: 1 | E41: 5.3 | G41: =ROUNDUP(12.8/0.2,0)+1 -> 65 | H41: 4 | I41: =D41+E41+F41 -> 5.3 | J41: =$C$41*G41 -> 65 | K41: =J41*I41*POWER(H41,2)/16 -> 344.5
C42: 1 | E42: 3 | G42: =ROUNDUP(12.8/0.2,0)+1 -> 65 | H42: 4 | I42: =D42+E42+F42 -> 3 | J42: =$C$42*G42 -> 65 | K42: =J42*I42*POWER(H42,2)/16 -> 195
A44: COLUMNA | B44: 40x40 | C44: 1 | E44: 3.4 | G44: 12 | H44: 5 | I44: =D44+E44+F44 -> 3.4 | J44: =$C$44*G44 -> 12 | K44: =J44*I44*POWER(H44,2)/16 -> 63.75
B45: Estr - 1 | C45: 1 | E45: 1.48 | G45: 35 | H45: 3 | I45: =(D45+E45+F45) -> 1.48 | J45: =$C$45*G45 -> 35 | K45: =J45*I45*POWER(H45,2)/16 -> 29.1375
B46: Estr - 2 | C46: 1 | E46: 1.12 | G46: 35 | H46: 3 | I46: =(D46+E46+F46) -> 1.12 | J46: =$C$46*G46 -> 35 | K46: =J46*I46*POWER(H46,2)/16 -> 22.05
A48: VIGAS | B48: 30x35 | C48: 4 | E48: 5.1 | G48: 3 | H48: 5 | I48: =D48+E48+F48 -> 5.1 | J48: =$C$48*G48 -> 12 | K48: =J48*I48*POWER(H48,2)/16 -> 95.625
C49: 2 | E49: 4.5 | G49: 3 | H49: 5 | I49: =D49+E49+F49 -> 4.5 | J49: =$C$49*G49 -> 6 | K49: =J49*I49*POWER(H49,2)/16 -> 42.1875
C50: 4 | E50: 5.85 | G50: 3 | H50: 5 | I50: =D50+E50+F50 -> 5.85 | J50: =$C$50*G50 -> 12 | K50: =J50*I50*POWER(H50,2)/16 -> 109.6875
C51: 2 | E51: 3 | G51: 3 | H51: 5 | I51: =D51+E51+F51 -> 3 | J51: =$C$51*G51 -> 6 | K51: =J51*I51*POWER(H51,2)/16 -> 28.125
B52: Estr - 1 | C52: 2 | E52: =(0.22*2+0.27*2)+0.08+0.08 -> 1.14 | G52: =10+26+34+34+26+10 -> 140 | H52: 3 | I52: =E52 -> 1.14 | J52: =$C$52*G52 -> 280 | K52: =J52*I52*POWER(H52,2)/16 -> 179.55
I53: TOTAL= | K53: =SUM(K7:K52) -> 11661.525
A54: Elaboró:
A57: CRISTIAN DANNILO GOMEZ SAPUY
A58: Apoyo profesional - Secretaría de Planeación

Sheet PGIO (0,5%)
A1: =+_xlfn.SINGLE(#REF!) -> #NAME?
A2: =+_xlfn.SINGLE(#REF!) -> #NAME?
A4: FECHA ELABORACIÓN: | B4: Diciembre de 2018
A6: SECTOR OBRA: | B6: Deporte y Recración
A7: OBJETO | B7: CONSTRUCCIÓN DEL CENTRO DE RENDIMIENTO DEPORTIVO LA FELICIDAD DEL DEPARTAMENTO DEL HUILA.
A8: PLAZO (meses): | B8: 10
A9: FRENTES DE OBRA: | B9: 4
A10: PERSONAL OPERATIVO Y ADMINSITRATIVO: | B10: 35
A12: CAMPAMENTO PROVISIONAL: | B12: Si
A13: ÁREA DEL PROYECTO: | B13: 6.903,92 M2
A14: PRESUPUESTO IMPLEMENTACIÓN PGIO - EJE S&SO
A15: ÍTEM | B15: DETALLE | C15: UNIDAD | D15: PLAZO | E15: CANT | F15: VR UNITARIO | G15: VR TOTAL
A16: KIT ELEMENTOS DE PROTECCIÓN | B16: EL KIT INLCUYE: ELEMENTOS DE PROTECCION PERSONAL BASICOS POR PERSONA - PERSONAL OPERATIVO DE LOS FRENTES DE OBRA (INCLUYE CASCO DE SEGURIDAD, GUANTE DE CARNAZA Ó GUANTES DE CAUCHO) | C16: UND/MES | D16: =+B8 -> 10 | E16: =+B10 -> 35 | F16: 13350 | G16: =+E16*F16*D16 -> 4672500
A17: KIT DE EMERGENCIAS | B17: EL KIT INCLUYE: EXTINTOR DE 10 LBS (SEÑALIZACIÓN EN ACRILICO DE 22 CM X 15 CM DE EXTINTOR), CAMILLA RÍGIDA, CONOS REFLECTIVOS Y BOTIQUIN CON ELEMENTOS NECESARIOS) | C17: UND/MES | D17: =+B8 -> 10 | E17: =+B9 -> 4 | F17: 29695.833 | G17: =+E17*F17*D17 -> 1187833.3
A18: KIT PARA TRABAJO EN ALTURAS | B18: EL KIT INCLUYE: ARNES, BARBUQUEJO PARA EL CASCO DE DOTACIÓN, ESLINGA, LINEA DE VIDA, PUNTO DE ANCLAJE FIJO | C18: UND/MES | D18: =+B8 -> 10 | E18: 15 | F18: 30475 | G18: =+E18*F18*D18 -> 4571250
A19: KIT PARA TRABAJO CON SOLDADURA | B19: CARETA PARA SOLDAR FABRICADA EN MATERIAL TERMOPLASTICO PORTAVIDRIO LEVANTABLE - GUANTES -OVEROL ESPECIAL | C19: UND/MES | D19: =+D17 -> 10 | E19: 15 | F19: 19433.333 | G19: =+E19*F19*D19 -> 2915000
A20: KIT SEÑALIZACIÓN S&SO | B20: EL KIT INCLUYE: SEÑAL DE 15 X 15 CM - USO DE EPP, SUSTANCIAS PELIGROSAS, RUTA DE EVACUACION, PUNTO DE ENCUENTRO, BAÑOS. | C20: UND/MES | D20: =+B8 -> 10 | E20: =+B9 -> 4 | F20: 5833.3333 | G20: =+E20*F20*D20 -> 233333.33
A21: EXAMEN MEDICO OCUPACIONAL DE INGRESO Y EGRESO | B21: EXAMENES DE INGRESO Y EGRESO QUE INCLUYE: AGUDEZA VISUAL, TALLA Y PESO, TENSION ARTERIAL, CEROLOGÌA PARA TODO EL PERSONAL EXCEPTO PERSONAL DE TRABAJO EN ALTURAS | C21: UND | D21: 1 | E21: =B10 -> 35 | F21: 75000 | G21: =+E21*F21*D21 -> 2625000
A22: EXAMEN MEDICO OCUPACIONAL + EXAMEN PARA INGRESO TRABAJOS EN ALTURAS | B22: EXAMENES DE INGRESO Y EGRESO QUE INCLUYE: AGUDEZA VISUAL, TALLA Y PESO, TENSION ARTERIAL, CEROLOGÌA.+ HEMOGRAMA, COLESTEROL TOTAL Y TRIGLICERIDOS Y GLICEMIA EN AYUNAS. | C22: UND | D22: 1 | E22: =+E18 -> 15 | F22: 92500 | G22: =+E22*F22*D22 -> 1387500
C24: SUBTOTAL PGIO S&SO | G24: =SUM(G16:G23) -> 17592417
A26: PRESUPUESTO IMPLEMENTACIÓN PGIO - EJE AMBIENTAL
A27: ÍTM | B27: DETALLE | C27: UND | D27: PLAZO | E27: CANT | F27: VR UNITARIO | G27: VR TOTAL
A28: KIT SEÑALIZACIÓN AMBIENTAL | B28: EL KIT INLCLUYE: SEÑAL DE 15 X 15 CM - RECICLABLE, SEÑAL DE 15 X 15 CM - ORGANICO, SEÑAL DE 15 X 15 CM - SUSTANCIAS PELIGROSAS. | C28: UND/MES | D28: =+B8 -> 10 | E28: =+B9 -> 4 | F28: 34550 | G28: =D28*E28*F28 -> 1382000
A29: KIT PARA DESPERDICIOS SOLIDOS | B29: KIT PARA DESPERDICIOS SOLIDOS. INCLUYE TRES (3) CANECAS PARA DE 65 LITROS, COMPUESTA DE DOS PIEZAS (TAPA Y CONTENEDOR) RESISTENTE A LA INTEMPERIE, DE FACIL LIMPIEZA Y CARGUE, EN POLIETILENO DE ALTA DENSIDAD, REDONDA - BOLSAS PARA BASURA COLOR NEGRA (24 MENSUALES), ROJO (4 MENSUALES) Y VERDE (4 MENSUALES) DE MATERIAL PLASTICO DE ALTA DENSIDAD, CALIBRE DE 2", DE 65 x 85 CM - | C29: UND/MES | D29: =+B8 -> 10 | E29: =+B9 -> 4 | F29: 42450 | G29: =+E29*F29*D29 -> 1698000
A30: LAVADO DE HERRAMIENTAS | B30: CANECA PARA LAVADO DE HERRAMIENTAS CON CAPACIDAD PARA 55 GALONES, REDONDA, CON TAPA, MATERIAL: POLIETILENO, IRROMPIBLE, ALTA DENSIDAD RESISTENTE A CARGA ESTATICA RESISTENTE A LA EXPOSICIÓN A LA INTEMPERIE COLOR: DE ACUEDO CON LA DISPONIBILIDAD CON LA QUE SE CUENTE | C30: UND/MES | D30: =+B8 -> 10 | E30: =+B9 -> 4 | F30: 12400 | G30: =+D30*E30*F30 -> 496000
A31: CUBRIMIENTO DE MATERIALES GRANULARES | B31: CUBRIMIENTO DE MATERIALES GRANULARES (BASES, SUBBASES, ARENA, CON PLÀSTICO CALIBRE 6 DE 3 M DE ANCHO x 10M DE LONGITUD PARA 30 M2 POR FRENTE DE OBRA | C31: UND/MES | D31: =+B8 -> 10 | E31: 4 | F31: 15000 | G31: =F31*E31*D31 -> 600000
A32: CUBRIMIENTO DE ESCOMBROS | B32: CUBRIMIENTO DE ESCOMBROS TELA VERDE PARA CERRAMIENTO DE 2,10 M DE ANCHO X 15 DE LONGITUD PARA 30 M2 POR FRENTE DE OBRA | C32: UND/MES | D32: =+B8 -> 10 | E32: 4 | F32: 12500 | G32: =F32*E32*D32 -> 500000
A33: ALQUILER DE BAÑO PORTATIL | B33: SUMINISTRO DE BAÑO PORTATIL | C33: UND/MES | D33: =+D32 -> 10 | E33: =+E32 -> 4 | F33: 320000 | G33: =F33*E33*D33 -> 12800000
A34: ALQUILER BAÑO DE LA ZONA | B34: ALQUILER BAÑO EXISTENTE EN LA ZONA | C34: UND/MES | D34: 1 | E34: 0 | F34: 140000 | G34: =+E34*F34*D34 -> 0
A35: KIT DE ASEO SOCIAL COMUNITARIO | B35: EL KIT DE ASEO CONSTA DE PICA, PALA CON MANGO, ESCOBA, BALDE PLASTICO 25 LT, CARRETILLA RUEDA INFLABLE | C35: UND/MES | D35: =+B8 -> 10 | E35: 0 | F35: 185000 | G35: =D35*E35*F35 -> 0
A36: KIT ASEO INFRAESTRUCTURA | B36: EL KIT CONSTA DE , PALA CON MANGO, CARRETILLA (TIPO BOGGY CON LLANTA NEUMATICA), CONO MINIMO DE H: 45 CM, BALDE PLÀSTICO DE 25 LT, CEPILLO DE CASQUILLO DE 37 X 7 | C36: UND/MES | D36: =+B8 -> 10 | E36: =+E33 -> 4 | F36: 125000 | G36: =D36*E36*F36 -> 5000000
A37: BRIGADA DE ASEO | B37: SUMINISTRO DE BRIGADA DE ASEO NECESARIA PARA LA IMPLEMENTACIÓN Y MANTENIMIENTO DEL PGIO. Incluye el Factor Prestacional | C37: UND/MES | D37: =+B8 -> 10 | E37: 1 | F37: 1370005.1 | G37: =D37*E37*F37 -> 13700051
A38: SUBTOTAL PGIO AMBIENTAL | G38: =SUM(G28:G37) -> 36176051
A40: VALOR TOTAL IMPLEMENTACIÓN PGIO (S&SO + AMBIENTAL) | G40: =G24+G38 -> 53768468 | H40: 53768468
A42: VALOR COSTO DIRECTO OBRA | D42: =+#REF! -> #REF! | F42: % | G42: =G40/D42 -> #REF!
A46: ING. JOHAN JAVIER OÑATE NÚÑEZ | C46: Vo.Bo. FEDERICO GARCÍA ARBELAZ - Interventor
A47: INGECAG LTDA
A48: M.P. 70202 - 222387 TLM

Sheet PRESUP. INTERVENTORIA
A1: =+#REF! -> #REF!
A2: =+#REF! -> #REF!
A3: =+#REF! -> #REF!
A5: PRESUPUESTO INTERVENTORÍA
A6: ÍTEM | B6: CONCEPTO | C6: UNIDAD | D6: CANT | E6: DEDICACION (%) | F6: VALOR UNITARIO | G6: MESES | H6: VALOR TOTAL
A8: I | B8: DIRECTOR DE INTERVENTORÍA
A9: 1.1 | B9: DIRECTOR DE INTERVENTORÍA - ARQUITECTO O INGENIERO CON EXPERIENCIA GENERAL MINIMA DE (10) AÑOS Y (2) EN INTERVENTORIA EN ESCENARIOS DEPORTIVOS | C9: MES | D9: 1 | E9: 0.5 | F9: =+#REF! -> #REF! | G9: 6 | H9: =+G9*F9*D9*E9 -> #REF!
A10: 1.2 | B10: PROFESIONAL DE APOYO (RESIDENTE) - ARQUITECTO O INGENIERO CON EXPERIENCIA GENERAL MINIMA DE (5) AÑOS Y (1) AÑO EN INTERVENTORIA EN ESCENARIOS DEPORTIVOS | C10: MES | D10: 1 | E10: 1 | F10: =+#REF! -> #REF! | G10: =+G9 -> 6 | H10: =+G10*F10*D10*E10 -> #REF!
A11: 1.3 | B11: ESPECIALISTA ESTRUCTURAL - ARQUITECTO O INGENIERO CON EXPERIENCIA GENERAL MINIMA DE (5) AÑOS Y (1) AÑO EN INTERVENTORIA EN ESCENARIOS DEPORTIVOS | C11: MES | D11: 1 | E11: 0.3 | F11: =+F9 -> #REF! | G11: =+G10 -> 6 | H11: =+G11*F11*D11*E11 -> #REF!
A12: SUBTOTAL I | H12: =SUM(H9:H11) -> #REF!
A14: II | B14: PERSONAL DE APOYO
A15: 2.1 | B15: SECRETARIA | C15: MES | D15: 1 | E15: 0.5 | F15: 1450000 | G15: =+G11 -> 6 | H15: =+G15*F15*D15*E15 -> 4350000
A16: 2.2 | B16: TOPOGRAFO | C16: =+C15 -> MES | D16: 1 | E16: 0.5 | F16: 2150000 | G16: 1 | H16: =+G16*F16*D16*E16 -> 1075000
A17: 2.3 | B17: CADENEROS | C17: =+C16 -> MES | D17: 2 | E17: 0.05 | F17: 850000 | G17: 1 | H17: =+G17*F17*D17*E17 -> 85000
A18: SUBTOTAL II | H18: =SUM(H15:H17) -> 5510000
A19: FACTOR MULTIPLICADOR | G19: =+F.M.!I46 -> 1.9433333
A20: VALOR TOTAL PERSONAL | H20: =+(H18+H12)*G19 -> #REF!
A22: III. OTROS INSUMOS
A23: ÍTEM | B23: CONCEPTO | C23: UNIDAD | D23: CANT | F23: VALOR UNITARIO | G23: MESES | H23: VALOR TOTAL
A25: 3.1 | B25: ENSAYOS DE LABORATORIO | C25: UND | D25: 10 | F25: 245000 | G25: =+G15 -> 6 | H25: =+G25*F25*D25 -> 14700000
A26: 3.2 | B26: EDICION DE INFORMES, ESTUDIOS FOTOGRAFICOS, DOCUMENTACION, FOTOCOPIAS, PAPELERIA Y PLOTTEADA DE PLANOS. | C26: MES | D26: 1 | F26: 300000 | G26: =+G25 -> 6 | H26: =+G26*F26*D26 -> 1800000
A27: 3.3 | B27: ALQUILER EQUIPOS DE COMPUTO Y DE OFICINA | C27: MES | D27: 1 | F27: 200000 | G27: =+G26 -> 6 | H27: =+G27*F27*D27 -> 1200000
A28: 3.4 | B28: ARRIENDO OFICINA | C28: MES | D28: 1 | F28: 300000 | G28: =+G27 -> 6 | H28: =+G28*F28*D28 -> 1800000
A29: 3.5 | B29: EQUIPO TOPOGRAFICO | C29: UND | D29: 1 | F29: 1597593.8 | G29: 1 | H29: =+G29*F29*D29 -> 1597593.8
A30: SUBTOTAL III | H30: =SUM(H25:H29) -> 21097594
A32: SUB-TOTAL COSTOS INTERVENTORIA | H32: =+H30+H20 -> #REF!
A33: IVA (19%) | H33: =+H32*19% -> #REF!
A34: TOTAL COSTOS INTERVENTORIA | H34: =+H33+H32 -> #REF! | J34: =#REF! -> #REF!
B36: ___________________________________
B37: ING. JOHAN JAVIER OÑATE NÚÑEZ
B38: M.P. 70202 - 222387 TLM

Sheet F.M.
A1: GOBERNACIÓN DEL HUILA
A2: INDERHUILA
A4: =+'PRESUP. INTERVENTORIA'!A3:H3 -> #REF!
A6: FACTOR MULTIPLICADOR CONTRATOS DE CONSULTORIA
C8: CONCEPTO | I8: PORCENTAJE
A9: 1. | B9: Salarios y Prestaciones Sociales de Personal Facturable
A10: 1.1. | B10: Salarios | I10: 1
A11: 1.2. | B11: Prima anual (legal) | E11: 1 | F11: ÷ 12 = | I11: =1/12 -> 0.083333333
A12: 1.3. | B12: Cesantía | E12: 1 | F12: ÷ 12 = | I12: =1/12 -> 0.083333333
A13: 1.4. | B13: Intereses de cesantía | E13: 0.01 | F13: x 1.3. = | I13: 0.01
A14: 1.5. | B14: Vacaciones | I14: =+I12/2 -> 0.041666667
A15: 1.6. | B15: Seguridad Social (salud + pensión) | I15: 0.205
A16: 1.7. | B16: Caja de Compensación Familiar | I16: 0.04
A17: 1.8. | B17: ARP | I17: 0.025
A18: 1.9. | B18: Sena | I18: 0.02
A19: 1.10. | B19: ICBF | I19: 0.03
A20: 1.11. | B20: Otros (Auxilios varios, prestaciones extralegales, Incapacidades no cubertas) | I20: 0.01
A21: 1.12. | B21: Dotación | I21: 0.02
F22: Sub-total | I22: =SUM(I10:I21) -> 1.5683333
A24: 2. | B24: Gastos Directos
A25: 2.1. | B25: Arriendo oficina | I25: 0.05
A26: 2.2. | B26: Administración edificio | I26: 0.04
A27: 3.2. | B27: Servicios públicos | I27: 0.035
F28: Sub-total | I28: =SUM(I25:I27) -> 0.125
A30: 3. | B30: Gastos Generales
A31: 3.1. | B31: Preparación de Propuesta | I31: 0.03
A32: 3.2. | B32: Asesoria Contable Tributaria y Juridica | I32: 0.05
A33: 3.3. | B33: Equipos y mantenimiento Oficina (Aseo) | I33: 0.02
A34: 3.4. | B34: Gastos de vehículo | I34: 0.02
A35: 3.9. | B35: Personal Profesional no facturado | I35: 0.02
F36: Sub-total | I36: =SUM(I31:I35) -> 0.14
A38: 4. | B38: Costos Directos no Reembolsables
A39: 4.1 | B39: Poliza de Calidad | I39: 0.01
A40: 4.2 | B40: Póliza Cumplimiento | I40: 0.015
A41: 4.3 | B41: Póliza Salarios y prestaciones Sociales | I41: 0.015
F42: Sub-total | I42: =SUM(I39:I41) -> 0.04
A44: 5. | B44: Honorarios (Utilidad del consultor y costos no previstos) | F44: Sub-total | I44: 0.07
A46: T O T A L | I46: =SUM(I44,I42,I36,I28,I22) -> 1.9433333
A49: ING. JOHAN JAVIER OÑATE NÚÑEZ
A50: M.P. 70202 - 222387 TLM

Sheet PRESUPUESTO DOTACIÓN
A1: GOBERNACIÓN DEL HUILA
A2: INDERHUILA
A4: =+#REF! -> #REF!
A5: DOTACION C.R.D.
A6: ITEM | B6: ELEMENTO | C6: UNIDAD | D6: CANTIDAD | E6: VALOR UNITARIO | F6: VALOR TOTAL
A7: 1 | B7: MOBILIARIO
A8: 1.1 | B8: Mueble en L 3*1,7 e:0,60 | C8: UND | D8: 2 | E8: =+'ESTUDIO DE MERCADO - DOTACIÓN'!G11 -> 1258900 | F8: =+D8*E8 -> 2517800
A9: 1.2 | B9: Silla Fija Novaiso Malla | C9: UND | D9: 55 | E9: =+'ESTUDIO DE MERCADO - DOTACIÓN'!G12 -> 90990 | F9: =+D9*E9 -> 5004450
A10: 1.3 | B10: Escritorio Dimensiones (1,2*0,60cm) | C10: UND | D10: 2 | E10: =+'ESTUDIO DE MERCADO - DOTACIÓN'!G13 -> 389990 | F10: =+D10*E10 -> 779980
A11: 1.4 | B11: Repisa ancho:0,50 | C11: ML | D11: 19.5 | E11: =+'ESTUDIO DE MERCADO - DOTACIÓN'!G14 -> 112900 | F11: =+D11*E11 -> 2201550
A12: 1.5 | B12: Escritorio Dimensiones (1,5*0,60cm) | C12: UND | D12: 22 | E12: =+'ESTUDIO DE MERCADO - DOTACIÓN'!G15 -> 469990 | F12: =+D12*E12 -> 10339780
A13: 1.6 | B13: CLOSET profundidad:0,50 | C13: M2 | D13: 116.8 | E13: =+'ESTUDIO DE MERCADO - DOTACIÓN'!G16 -> 220000 | F13: =+D13*E13 -> 25696000
A14: 1.7 | B14: Espejo Ancho:1,5 | C14: ML | D14: 5.4 | E14: =+'ESTUDIO DE MERCADO - DOTACIÓN'!G17 -> 89990 | F14: =+D14*E14 -> 485946
A15: 1.8 | B15: Gabinete de cocina de 2,80*0,60m | C15: UND | D15: 1 | E15: =+'ESTUDIO DE MERCADO - DOTACIÓN'!G18 -> 1269900 | F15: =+D15*E15 -> 1269900
A16: 1.9 | B16: Mueble de cocina de 2,80*0,60 | C16: UND | D16: 1 | E16: =+'ESTUDIO DE MERCADO - DOTACIÓN'!G19 -> 648900 | F16: =+D16*E16 -> 648900
A17: 1.10 | B17: Barra para comidas de 1,80*0,50m | C17: UND | D17: 1 | E17: =+'ESTUDIO DE MERCADO - DOTACIÓN'!G20 -> 400000 | F17: =+D17*E17 -> 400000
A18: 1.11 | B18: Silla alta para barra | C18: UND | D18: 3 | E18: =+'ESTUDIO DE MERCADO - DOTACIÓN'!G21 -> 118900 | F18: =+D18*E18 -> 356700
A19: 1.12 | B19: Mesa wengue con 4 sillas con brazos | C19: UND | D19: 8 | E19: =+'ESTUDIO DE MERCADO - DOTACIÓN'!G22 -> 249900 | F19: =+D19*E19 -> 1999200
... A23: 1.16 | B23: Banca de vestidores L=1,30m | C23: UND | D23: 2 | E23: =+'ESTUDIO DE MERCADO - DOTACIÓN'!G26 -> 1100000 | F23: =+D23*E23 -> 2200000
E24: SUBTOTAL | F24: =SUM(F8:F23) -> 131307006
A25: 2 | B25: ZONA DE ACONDICIONAMIENTO Y RECUPERACION
A26: 2.1 | B26: Cama mecanica de 4 planos C y P en ABS con barandas en acero inoxidable | C26: UND | D26: 14 | E26: =+'ESTUDIO DE MERCADO - DOTACIÓN'!G30 -> 1245990 | F26: =+D26*E26 -> 17443860
A27: 2.2 | B27: Colchoneta antiescaras (1.9x90) Inflable | C27: UND | D27: 14 | E27: =+'ESTUDIO DE MERCADO - DOTACIÓN'!G31 -> 186900 | F27: =+D27*E27 -> 2616600
B28: Escalerilla de dos pasos | C28: UND | D28: 14 | E28: =+'ESTUDIO DE MERCADO - DOTACIÓN'!G32 -> 75500 | F28: =+D28*E28 -> 1057000
A29: 2.2 | B29: Mesa auxiliar | C29: UND | D29: 12 | E29: =+'ESTUDIO DE MERCADO - DOTACIÓN'!G33 -> 315900 | F29: =+D29*E29 -> 3790800
A30: 2.3 | B30: Tanque hidrocolector | C30: UND | D30: 1 | E30: =+'ESTUDIO DE MERCADO - DOTACIÓN'!G34 -> 2124749.3 | F30: =+D30*E30 -> 2124749.3
A31: 2.4 | B31: Tanque parafina | C31: UND | D31: 1 | E31: =+'ESTUDIO DE MERCADO - DOTACIÓN'!G35 -> 534711.76 | F31: =+D31*E31 -> 534711.76
A32: 2.5 | B32: Colchoneta Yoga, Pilates | C32: UND | D32: 14 | E32: =+'ESTUDIO DE MERCADO - DOTACIÓN'!G36 -> 16500 | F32: =+D32*E32 -> 231000
A33: 2.6 | B33: Power Plate | C33: UND | D33: 1 | E33: =+'ESTUDIO DE MERCADO - DOTACIÓN'!G37 -> 9998412.3 | F33: =+D33*E33 -> 9998412.3
A34: 2.7 | B34: Espalderas | C34: UND | D34: 3 | E34: =+'ESTUDIO DE MERCADO - DOTACIÓN'!G38 -> 1156800 | F34: =+D34*E34 -> 3470400
A35: 2.8 | B35: Thera Band | C35: UND | D35: 5 | E35: =+'ESTUDIO DE MERCADO - DOTACIÓN'!G39 -> 9400 | F35: =+D35*E35 -> 47000
A36: 2.9 | B36: Rack de balones | C36: UND | D36: 1 | E36: =+'ESTUDIO DE MERCADO - DOTACIÓN'!G40 -> 399900 | F36: =+D36*E36 -> 399900
E37: SUBTOTAL | F37: =SUM(F26:F36) -> 41714433
A38: 3 | B38: ZONA GIMNASIO
A39: 3.1 | B39: Bicicleta de Spinning | C39: UND | D39: 10 | E39: =+'ESTUDIO DE MERCADO - DOTACIÓN'!G44 -> 1590000 | F39: =+D39*E39 -> 15900000
A40: 3.2 | B40: Maquina de femorales | C40: UND | D40: 2 | E40: =+'ESTUDIO DE MERCADO - DOTACIÓN'!G45 -> 800000 | F40: =+D40*E40 -> 1600000
A41: 3.3 | B41: Maquina Eliptica | C41: UND | D41: 4 | E41: =+'ESTUDIO DE MERCADO - DOTACIÓN'!G46 -> 1679000 | F41: =+D41*E41 -> 6716000
A42: 3.4 | B42: Cinta de correr | C42: UND | D42: 4 | E42: =+'ESTUDIO DE MERCADO - DOTACIÓN'!G47 -> 1945000 | F42: =+D42*E42 -> 7780000
A43: 3.5 | B43: Banco Press | C43: UND | D43: 5 | E43: =+'ESTUDIO DE MERCADO - DOTACIÓN'!G48 -> 540000 | F43: =+D43*E43 -> 2700000
A44: 3.6 | B44: Maquina Peck Deck | C44: UND | D44: 1 | E44: =+'ESTUDIO DE MERCADO - DOTACIÓN'!G49 -> 750000 | F44: =+D44*E44 -> 750000
A45: 3.7 | B45: Maquina para dorsales | C45: UND | D45: 1 | E45: =+'ESTUDIO DE MERCADO - DOTACIÓN'!G50 -> 680000 | F45: =+D45*E45 -> 680000
A46: 3.8 | B46: Prensa de piernas | C46: UND | D46: 2 | E46: =+'ESTUDIO DE MERCADO - DOTACIÓN'!G51 -> 518000 | F46: =+D46*E46 -> 1036000
A47: 3.9 | B47: Maquina de aductores | C47: UND | D47: 1 | E47: =+'ESTUDIO DE MERCADO - DOTACIÓN'!G52 -> 2000000 | F47: =+D47*E47 -> 2000000
A48: 3.10 | B48: Carga de discos | C48: UND | D48: 1 | E48: =+'ESTUDIO DE MERCADO - DOTACIÓN'!G53 -> 200000 | F48: =+D48*E48 -> 200000
A49: 3.11 | B49: Banca de musculacion | C49: UND | D49: 3 | E49: =+'ESTUDIO DE MERCADO - DOTACIÓN'!G54 -> 527900 | F49: =+D49*E49 -> 1583700
A50: 3.12 | B50: Poleas cruzadas | C50: UND | D50: 1 | E50: =+'ESTUDIO DE MERCADO - DOTACIÓN'!G55 -> 800000 | F50: =+D50*E50 -> 800000
... A77: 3.39 | B77: Balon medicinal con agarre de 3 Kg | C77: UND | D77: 2 | E77: =+'ESTUDIO DE MERCADO - DOTACIÓN'!G82 -> 128900 | F77: =+D77*E77 -> 257800
E78: SUBTOTAL | F78: =SUM(F39:F77) -> 72256512
A79: 4 | B79: AREA GIMNASIA
A80: 4.1 | B80: Barras asimetricas | C80: UND | D80: 1 | E80: =+'ESTUDIO DE MERCADO - DOTACIÓN'!G86 -> 9800000 | F80: =+D80*E80 -> 9800000
A81: 4.2 | B81: Barras fijas para gimnasia | C81: UND | D81: 1 | E81: =+'ESTUDIO DE MERCADO - DOTACIÓN'!G87 -> 5700000 | F81: =+D81*E81 -> 5700000
A82: 4.3 | B82: Caballo para gimnasia | C82: UND | D82: 1 | E82: =+'ESTUDIO DE MERCADO - DOTACIÓN'!G88 -> 1200000 | F82: =+D82*E82 -> 1200000
A83: 4.4 | B83: Anillos para gimnasia | C83: UND | D83: 1 | E83: =+'ESTUDIO DE MERCADO - DOTACIÓN'!G89 -> 6694966.7 | F83: =+D83*E83 -> 6694966.7
A84: 4.5 | B84: Barras paralelas para gimnasia | C84: UND | D84: 1 | E84: =+'ESTUDIO DE MERCADO - DOTACIÓN'!G90 -> 2240000 | F84: =+D84*E84 -> 2240000
A85: 4.6 | B85: Barras de equilibio para gimnasia | C85: UND | D85: 1 | E85: =+'ESTUDIO DE MERCADO - DOTACIÓN'!G91 -> 2036000 | F85: =+D85*E85 -> 2036000
E86: SUBTOTAL | F86: =SUM(F80:F85) -> 27670967
A87: 5 | B87: DOTACION OTRAS DISCIPLINAS
A88: 5.1 | B88: Tatami Taekwondo 11,20*11,20m | C88: UND | D88: 1 | E88: =+'ESTUDIO DE MERCADO - DOTACIÓN'!G95 -> 10290000 | F88: =+D88*E88 -> 10290000
A89: 5.2 | B89: Tatami lucha 12*11,30m | C89: UND | D89: 1 | E89: =+'ESTUDIO DE MERCADO - DOTACIÓN'!G96 -> 10584000 | F89: =+D89*E89 -> 10584000
A90: 5.3 | B90: Mesa de ajedrez (Incluye juego y 2 sillas) | C90: UND | D90: 9 | E90: =+'ESTUDIO DE MERCADO - DOTACIÓN'!G97 -> 1459900 | F90: =+D90*E90 -> 13139100
A91: 5.4 | B91: Mesa para tenis (Incluye malla y raquetas) | C91: UND | D91: 1 | E91: =+'ESTUDIO DE MERCADO - DOTACIÓN'!G98 -> 1074900 | F91: =+D91*E91 -> 1074900
A92: 5.5 | B92: Tatami de karate 12*12m | C92: UND | D92: 1 | E92: =+'ESTUDIO DE MERCADO - DOTACIÓN'!G99 -> 10584000 | F92: =+D92*E92 -> 10584000
A93: 5.6 | B93: Tatami de judo 13*13m | C93: UND | D93: 1 | E93: =+'ESTUDIO DE MERCADO - DOTACIÓN'!G100 -> 14406000 | F93: =+D93*E93 -> 14406000
A94: 5.7 | B94: Tatami de Esgrima de 4*1,5m | C94: UND | D94: 2 | E94: =+'ESTUDIO DE MERCADO - DOTACIÓN'!G101 -> 390000 | F94: =+D94*E94 -> 780000
A95: 5.8 | B95: Bloqueador de sillas de Esgrima (Discapacitados) | C95: UND | D95: 2 | E95: =+'ESTUDIO DE MERCADO - DOTACIÓN'!G102 -> 590000 | F95: =+D95*E95 -> 1180000
A96: 5.9 | B96: Tatami 12,5*6m | C96: UND | D96: 1 | E96: =+'ESTUDIO DE MERCADO - DOTACIÓN'!G103 -> 147000 | F96: =+D96*E96 -> 147000
E97: SUBTOTAL | F97: =SUM(F88:F96) -> 62185000
A98: 6 | B98: OTROS
A99: 6.1 | B99: Computadores | C99: UND | D99: 16 | E99: =+'ESTUDIO DE MERCADO - DOTACIÓN'!G107 -> 1150000 | F99: =+D99*E99 -> 18400000
A100: 6.2 | B100: Control de acceso electronico | C100: UND | D100: 1 | E100: =+'ESTUDIO DE MERCADO - DOTACIÓN'!G108 -> 5165000 | F100: =+D100*E100 -> 5165000
A101: 6.3 | B101: Nevera 435 lts | C101: UND | D101: 2 | E101: =+'ESTUDIO DE MERCADO - DOTACIÓN'!G109 -> 1600000 | F101: =+D101*E101 -> 3200000
A102: 6.4 | B102: Balanza para residuos | C102: UND | D102: 1 | E102: =+'ESTUDIO DE MERCADO - DOTACIÓN'!G110 -> 1060000 | F102: =+D102*E102 -> 1060000
A103: 6.5 | B103: Canecas de Basura | C103: UND | D103: 3 | E103: =+'ESTUDIO DE MERCADO - DOTACIÓN'!G111 -> 240900 | F103: =+D103*E103 -> 722700
A104: 6.6 | B104: Estufa de dos hornillas | C104: UND | D104: 3 | E104: =+'ESTUDIO DE MERCADO - DOTACIÓN'!G112 -> 600000 | F104: =+D104*E104 -> 1800000
E105: SUBTOTAL | F105: =SUM(F99:F104) -> 30347700
E106: TOTAL | F106: =+F24+F37+F78+F86+F97+F105 -> 3.6548162e+08
A109: ING. JOHAN JAVIER OÑATE NÚÑEZ | D109: Vo.Bo. FEDERICO GARCÍA ARBELAZ - Interventor
A110: INGECAG LTDA
A111: M.P. 70202 - 222387 TLM

Sheet ESTUDIO DE MERCADO - DOTACIÓN
A1: GOBERNACIÓN DEL HUILA
A2: INDERHUILA
A4: =+'PRESUPUESTO DOTACIÓN'!A4:F4 -> #REF!
A5: ESTUDIO DE MERCADO - DOTACIÓN
D7: MUEBLES HERCAL | E7: MUEBLES Y DECORACIONES CLAUDIA | F7: MUEBLES UMAÑA
A8: ITEM | B8: ELEMENTO | C8: UNIDAD | D8: VALOR UNITARIO | E8: VALOR UNITARIO | F8: VALOR UNITARIO | G8: PROMEDIO
A9: 1 | B9: MOBILIARIO
A11: 1.1 | B11: Mueble en L 3*1,7 e:0,60 | C11: UND | D11: 1358600 | E11: 1065800 | F11: 1352300 | G11: =AVERAGE(D11,E11,F11) -> 1258900
A12: 1.2 | B12: Silla Fija Novaiso Malla | C12: UND | D12: 110900 | E12: 89700 | F12: 72370 | G12: =AVERAGE(D12,E12,F12) -> 90990
A13: 1.3 | B13: Escritorio Dimensiones (1,2*0,60cm) | C13: UND | D13: 476880 | E13: 289900 | F13: 403190 | G13: =AVERAGE(D13,E13,F13) -> 389990
A14: 1.4 | B14: Repisa ancho:0,50 | C14: ML | D14: 132500 | E14: 98600 | F14: 107600 | G14: =AVERAGE(D14,E14,F14) -> 112900
A15: 1.5 | B15: Escritorio Dimensiones (1,5*0,60cm) | C15: UND | D15: 512600 | E15: 345900 | F15: 551470 | G15: =AVERAGE(D15,E15,F15) -> 469990
A16: 1.6 | B16: CLOSET profundidad:0,50 | C16: M2 | D16: 278500 | E16: 209900 | F16: 171600 | G16: =AVERAGE(D16,E16,F16) -> 220000
A17: 1.7 | B17: Espejo Ancho:1,5 | C17: ML | D17: 96300 | E17: 62500 | F17: 111170 | G17: =AVERAGE(D17,E17,F17) -> 89990
A18: 1.8 | B18: Gabinete de cocina de 2,80*0,60m | C18: UND | D18: 1684500 | E18: 1065900 | F18: 1059300 | G18: =AVERAGE(D18,E18,F18) -> 1269900
A19: 1.9 | B19: Mueble de cocina de 2,80*0,60 | C19: UND | D19: 726900 | E19: 504000 | F19: 715800 | G19: =AVERAGE(D19,E19,F19) -> 648900
A20: 1.10 | B20: Barra para comidas de 1,80*0,50m | C20: UND | D20: 568900 | E20: 365500 | F20: 265600 | G20: =AVERAGE(D20,E20,F20) -> 400000
A21: 1.11 | B21: Silla alta para barra | C21: UND | D21: 136900 | E21: 115600 | F21: 104200 | G21: =AVERAGE(D21,E21,F21) -> 118900
A22: 1.12 | B22: Mesa wengue con 4 sillas con brazos | C22: UND | D22: 262300 | E22: 215800 | F22: 271600 | G22: =AVERAGE(D22,E22,F22) -> 249900
... A26: 1.16 | B26: Banca de vestidores L=1,30m | C26: UND | D26: 1659900 | E26: 1090990 | F26: 549110 | G26: =AVERAGE(D26,E26,F26) -> 1100000
A28: 2 | B28: ZONA DE ACONDICIONAMIENTO Y RECUPERACION
D29: DOTACIONES INDUSTRIALES Y HOSPITALARIAS JC | E29: SERVI ELECTROMEDICA | F29: EQUIFARMAS S.A.S. | G29: PROMEDIO
A30: 2.1 | B30: Cama mecanica de 4 planos C y P en ABS con barandas en acero inoxidable | C30: UND | D30: 1114900 | E30: 1021001.1 | F30: 1602068.9 | G30: =AVERAGE(D30,E30,F30) -> 1245990
A31: 2.2 | B31: Colchoneta antiescaras (1.9x90) Inflable | C31: UND | D31: 198900 | E31: 149194.96 | F31: 212605.04 | G31: =AVERAGE(D31,E31,F31) -> 186900
A32: 2.3 | B32: Escalerilla de dos pasos | C32: UND | D32: 59900 | E32: 89986.55 | F32: 76613.45 | G32: =AVERAGE(D32,E32,F32) -> 75500
A33: 2.4 | B33: Mesa auxiliar | C33: UND | D33: 400000 | E33: 409895.8 | F33: 137804.2 | G33: =AVERAGE(D33,E33,F33) -> 315900
A34: 2.5 | B34: Tanque hidrocolector | C34: UND | D34: 1500000 | E34: 2579900 | F34: 2294347.9 | G34: =AVERAGE(D34,E34,F34) -> 2124749.3
A35: 2.6 | B35: Tanque parafina | C35: UND | D35: 280000 | E35: 525900 | F35: 798235.29 | G35: =AVERAGE(D35,E35,F35) -> 534711.76
A36: 2.7 | B36: Colchoneta Yoga, Pilates | C36: UND | D36: 18000 | E36: 15500 | F36: 16000 | G36: =AVERAGE(D36,E36,F36) -> 16500
A37: 2.8 | B37: Power Plate | C37: UND | D37: 10180000 | E37: 11569900 | F37: 8245336.8 | G37: =AVERAGE(D37,E37,F37) -> 9998412.3
A38: 2.9 | B38: Espalderas | C38: UND | D38: 989900 | E38: 1099900 | F38: 1380600 | G38: =AVERAGE(D38,E38,F38) -> 1156800
A39: 2.10 | B39: Thera Band | C39: UND | D39: 7900 | E39: 9800 | F39: 10500 | G39: =AVERAGE(D39,E39,F39) -> 9400
A40: 2.11 | B40: Rack de balones | C40: UND | D40: 345900 | E40: 526500 | F40: 327300 | G40: =AVERAGE(D40,E40,F40) -> 399900
A42: 3 | B42: ZONA GIMNASIO
D43: PLANETA COLOMBIA | E43: ATHLETIC EVOLUTION | F43: FITNESS STORE | G43: PROMEDIO
A44: 3.1 | B44: Bicicleta de Spinning | C44: UND | D44: 1495000 | E44: 1665000 | F44: 1610000 | G44: =AVERAGE(D44,E44,F44) -> 1590000
A45: 3.2 | B45: Maquina de femorales | C45: UND | D45: 826900 | E45: 936900 | F45: 636200 | G45: =AVERAGE(D45,E45,F45) -> 800000
A46: 3.3 | B46: Maquina Eliptica | C46: UND | D46: 1723500 | E46: 1587900 | F46: 1725600 | G46: =AVERAGE(D46,E46,F46) -> 1679000
A47: 3.4 | B47: Cinta de correr | C47: UND | D47: 1925200 | E47: 1889900 | F47: 2019900 | G47: =AVERAGE(D47,E47,F47) -> 1945000
A48: 3.5 | B48: Banco Press | C48: UND | D48: 484500 | E48: 636800 | F48: 498700 | G48: =AVERAGE(D48,E48,F48) -> 540000
A49: 3.6 | B49: Maquina Peck Deck | C49: UND | D49: 794110 | E49: 819900 | F49: 635990 | G49: =AVERAGE(D49,E49,F49) -> 750000
A50: 3.7 | B50: Maquina para dorsales | C50: UND | D50: 706600 | E50: 636900 | F50: 696500 | G50: =AVERAGE(D50,E50,F50) -> 680000
A51: 3.8 | B51: Prensa de piernas | C51: UND | D51: 529000 | E51: 526300 | F51: 498700 | G51: =AVERAGE(D51,E51,F51) -> 518000
A52: 3.9 | B52: Maquina de aductores | C52: UND | D52: 2020100 | E52: 1899900 | F52: 2080000 | G52: =AVERAGE(D52,E52,F52) -> 2000000
A53: 3.10 | B53: Carga de discos | C53: UND | D53: 203500 | E53: 236900 | F53: 159600 | G53: =AVERAGE(D53,E53,F53) -> 200000
A54: 3.11 | B54: Banca de musculacion | C54: UND | D54: 497200 | E54: 496800 | F54: 589700 | G54: =AVERAGE(D54,E54,F54) -> 527900
A55: 3.12 | B55: Poleas cruzadas | C55: UND | D55: 779000 | E55: 824500 | F55: 796500 | G55: =AVERAGE(D55,E55,F55) -> 800000
... A82: 3.39 | B82: Balon medicinal con agarre de 3 Kg | C82: UND | D82: 135600 | E82: 115600 | F82: 135500 | G82: =AVERAGE(D82,E82,F82) -> 128900
A84: 4 | B84: AREA GIMNASIA
D85: ALMACEN EL DEPORTISTA | E85: TIENDA ALIBABA | F85: CASA ATLETICA | G85: PROMEDIO
A86: 4.1 | B86: Barras asimetricas | C86: UND | D86: 10210000 | E86: 8990000 | F86: 10200000 | G86: =AVERAGE(D86,E86,F86) -> 9800000
A87: 4.2 | B87: Barras fijas para gimnasia | C87: UND | D87: 5740000 | E87: 5160000 | F87: 6200000 | G87: =AVERAGE(D87,E87,F87) -> 5700000
A88: 4.3 | B88: Caballo para gimnasia | C88: UND | D88: 1238100 | E88: 1011900 | F88: 1350000 | G88: =AVERAGE(D88,E88,F88) -> 1200000
A89: 4.4 | B89: Anillos para gimnasia | C89: UND | D89: 6660000 | E89: 6840000 | F89: 6584900 | G89: =AVERAGE(D89,E89,F89) -> 6694966.7
A90: 4.5 | B90: Barras paralelas para gimnasia | C90: UND | D90: 2596080 | E90: 1998920 | F90: 2125000 | G90: =AVERAGE(D90,E90,F90) -> 2240000
A91: 4.6 | B91: Barras de equilibio para gimnasia | C91: UND | D91: 2004410 | E91: 2115690 | F91: 1987900 | G91: =AVERAGE(D91,E91,F91) -> 2036000
A93: 5 | B93: DOTACION OTRAS DISCIPLINAS
D94: ALMACEN EL DEPORTISTA | E94: TIENDA ALIBABA | F94: CASA ATLETICA | G94: PROMEDIO
A95: 5.1 | B95: Tatami Taekwondo 11,20*11,20m | C95: UND | D95: 10017200 | E95: 9864900 | F95: 10987900 | G95: =AVERAGE(D95,E95,F95) -> 10290000
A96: 5.2 | B96: Tatami lucha 12*11,30m | C96: UND | D96: 10505200 | E96: 10456900 | F96: 10789900 | G96: =AVERAGE(D96,E96,F96) -> 10584000
A97: 5.3 | B97: Mesa de ajedrez (Incluye juego y 2 sillas) | C97: UND | D97: 1318200 | E97: 1365700 | F97: 1695800 | G97: =AVERAGE(D97,E97,F97) -> 1459900
A98: 5.4 | B98: Mesa para tenis (Incluye malla y raquetas) | C98: UND | D98: 978100 | E98: 1256900 | F98: 989700 | G98: =AVERAGE(D98,E98,F98) -> 1074900
A99: 5.5 | B99: Tatami de karate 12*12m | C99: UND | D99: 19186900 | E99: 1001900 | F99: 11563200 | G99: =AVERAGE(D99,E99,F99) -> 10584000
A100: 5.6 | B100: Tatami de judo 13*13m | C100: UND | D100: 15139100 | E100: 12600000 | F100: 15478900 | G100: =AVERAGE(D100,E100,F100) -> 14406000
A101: 5.7 | B101: Tatami de Esgrima de 4*1,5m | C101: UND | D101: 386300 | E101: 368700 | F101: 415000 | G101: =AVERAGE(D101,E101,F101) -> 390000
A102: 5.8 | B102: Bloqueador de sillas de Esgrima (Discapacitados) | C102: UND | D102: 629400 | E102: 515600 | F102: 625000 | G102: =AVERAGE(D102,E102,F102) -> 590000
A103: 5.9 | B103: Tatami 12,5*6m | C103: UND | D103: 99300 | E103: 126300 | F103: 215400 | G103: =AVERAGE(D103,E103,F103) -> 147000
A105: 6 | B105: OTROS
D106: ESTEREN ELECTRIC | E106: J.M.DIAZ STORE | F106: JHON FARID MENDEZ TIENDA | G106: PROMEDIO
A107: 6.1 | B107: Computadores | C107: UND | D107: 1167300 | E107: 1065800 | F107: 1216900 | G107: =AVERAGE(D107,E107,F107) -> 1150000
A108: 6.2 | B108: Control de acceso electronico | C108: UND | D108: 4896100 | E108: 5618900 | F108: 4980000 | G108: =AVERAGE(D108,E108,F108) -> 5165000
A109: 6.3 | B109: Nevera 435 lts | C109: UND | D109: 1577600 | E109: 1632500 | F109: 1589900 | G109: =AVERAGE(D109,E109,F109) -> 1600000
A110: 6.4 | B110: Balanza para residuos | C110: UND | D110: 1045110 | E110: 1146990 | F110: 987900 | G110: =AVERAGE(D110,E110,F110) -> 1060000
A111: 6.5 | B111: Canecas de Basura | C111: UND | D111: 242500 | E111: 221300 | F111: 258900 | G111: =AVERAGE(D111,E111,F111) -> 240900
A112: 6.6 | B112: Estufa de dos hornillas | C112: UND | D112: 513780 | E112: 689400 | F112: 596820 | G112: =AVERAGE(D112,E112,F112) -> 600000
A116: ING. JOHAN JAVIER OÑATE NÚÑEZ | D116: Vo.Bo. FEDERICO GARCÍA ARBELAZ - Interventor
A117: INGECAG LTDA
A118: M.P. 70202 - 222387 TLM

Sheet M.O
B1: =+#REF! -> #REF! | E1: VALOR DE MANO DE OBRA
B4: =+#REF! -> #REF! | E4: FECHA: 19/08/2025
A5: =+#REF! -> #REF!
A6: Item | B6: Actividad | C6: Cantidad | D6: Und | E6: Valor Unit - Mano de O. | F6: Val. Total | H6: 1.1 | I6: 2.1 | J6: 2.2 | K6: 2.3 | L6: 2.4 | M6: 2.5 | N6: 2.6 | O6: 3.1 | P6: 3.2 | Q6: 3.3 | R6: 3.4 | S6: 3.5 | T6: 3.6 | U6: 4.1 | V6: 4.2 | W6: 4.3 | X6: 4.4 | Y6: 4.5 | Z6: 4.6 | AA6: 4.7 | AB6: 4.8 | AC6: 4.9 | AD6: 4.10 | AE6: 4.11 | AF6: 5.1
A7: 1.1 | B7: =#REF! -> #REF! | C7: =#REF! -> #REF! | D7: =#REF! -> #REF! | E7: =#REF! -> #REF! | F7: =E7*C7 -> #REF! | H7: =F7 -> #REF! | I7: =F8 -> #REF! | J7: =F9 -> #REF! | K7: =F10 -> #REF! | L7: =F11 -> #REF! | M7: =F12 -> #REF! | N7: =F13 -> #REF! | O7: =F14 -> #REF! | P7: =F15 -> #REF! | Q7: =F16 -> #REF! | R7: =F17 -> #REF! | S7: =F18 -> #REF! | T7: =F19 -> #REF! | U7: =F20 -> #REF! | V7: =F21 -> #REF! | W7: =F22 -> #REF! | X7: =F23 -> #REF! | Y7: =F24 -> #REF! | Z7: =F25 -> #REF! | AA7: =F26 -> #REF! | AB7: =F27 -> #REF! | AC7: =F28 -> #REF! | AD7: =F29 -> #REF! | AE7: =F30 -> #REF! | AF7: 0
A8: 2.1 | B8: =#REF! -> #REF! | C8: =#REF! -> #REF! | D8: =#REF! -> #REF! | E8: =#REF! -> #REF! | F8: =E8*C8 -> #REF!
A9: 2.2 | B9: =#REF! -> #REF! | C9: =#REF! -> #REF! | D9: =#REF! -> #REF! | E9: =#REF! -> #REF! | F9: =E9*C9 -> #REF!
A10: 2.3 | B10: =#REF! -> #REF! | C10: =#REF! -> #REF! | D10: =#REF! -> #REF! | E10: =#REF! -> #REF! | F10: =E10*C10 -> #REF!
A11: 2.4 | B11: =#REF! -> #REF! | C11: =#REF! -> #REF! | D11: =#REF! -> #REF! | E11: =#REF! -> #REF! | F11: =E11*C11 -> #REF!
A12: 2.5 | B12: =#REF! -> #REF! | C12: =#REF! -> #REF! | D12: =#REF! -> #REF! | E12: =#REF! -> #REF! | F12: =E12*C12 -> #REF!
A13: 2.6 | B13: =#REF! -> #REF! | C13: =#REF! -> #REF! | D13: =#REF! -> #REF! | E13: =#REF! -> #REF! | F13: =E13*C13 -> #REF!
A14: 3.1 | B14: =#REF! -> #REF! | C14: =#REF! -> #REF! | D14: =#REF! -> #REF! | E14: =#REF! -> #REF! | F14: =E14*C14 -> #REF!
A15: 3.2 | B15: =#REF! -> #REF! | C15: =#REF! -> #REF! | D15: =#REF! -> #REF! | E15: ='4 - CIMENTACIÓN - CONCRETOS'!G69 -> 47949.688 | F15: =E15*C15 -> #REF!
A16: 3.3 | B16: =#REF! -> #REF! | C16: =#REF! -> #REF! | D16: =#REF! -> #REF! | E16: ='8 - PISOS - CONCRETO-ENCHAPES'!G261 -> 567088.07 | F16: =E16*C16 -> #REF!
A17: 3.4 | B17: =#REF! -> #REF! | C17: =#REF! -> #REF! | D17: =#REF! -> #REF! | E17: ='9 - PAÑETES - PINTURA'!G99 -> 26004.062 | F17: =E17*C17 -> #REF!
A18: 3.5 | B18: =#REF! -> #REF! | C18: =#REF! -> #REF! | D18: =#REF! -> #REF! | E18: =#REF! -> #REF! | F18: =E18*C18 -> #REF!
A19: 3.6 | B19: =#REF! -> #REF! | C19: =#REF! -> #REF! | D19: =#REF! -> #REF! | E19: ='9 - PAÑETES - PINTURA'!G137 -> 10401.625 | F19: =E19*C19 -> #REF!
A20: 4.1 | B20: =#REF! -> #REF! | C20: =#REF! -> #REF! | D20: =#REF! -> #REF! | E20: =#REF! -> #REF! | F20: =E20*C20 -> #REF!
A21: 4.2 | B21: =#REF! -> #REF! | C21: =#REF! -> #REF! | D21: =#REF! -> #REF! | E21: =#REF! -> #REF! | F21: =E21*C21 -> #REF!
A22: 4.3 | B22: =#REF! -> #REF! | C22: =#REF! -> #REF! | D22: =#REF! -> #REF! | E22: =#REF! -> #REF! | F22: =E22*C22 -> #REF!
A23: 4.4 | B23: =#REF! -> #REF! | C23: =#REF! -> #REF! | D23: =#REF! -> #REF! | E23: =#REF! -> #REF! | F23: =E23*C23 -> #REF!
A24: 4.5 | B24: =#REF! -> #REF! | C24: =#REF! -> #REF! | D24: =#REF! -> #REF! | E24: =#REF! -> #REF! | F24: =E24*C24 -> #REF!
A25: 4.6 | B25: =#REF! -> #REF! | C25: =#REF! -> #REF! | D25: =#REF! -> #REF! | E25: =#REF! -> #REF! | F25: =E25*C25 -> #REF!
A26: 4.7 | B26: =#REF! -> #REF! | C26: =#REF! -> #REF! | D26: =#REF! -> #REF! | E26: =#REF! -> #REF! | F26: =E26*C26 -> #REF!
A27: 4.8 | B27: =#REF! -> #REF! | C27: =#REF! -> #REF! | D27: =#REF! -> #REF! | E27: =#REF! -> #REF! | F27: =E27*C27 -> #REF!
A28: 4.9 | B28: =#REF! -> #REF! | C28: =#REF! -> #REF! | D28: =#REF! -> #REF! | E28: =#REF! -> #REF! | F28: =E28*C28 -> #REF!
A29: 4.10 | B29: =#REF! -> #REF! | C29: =#REF! -> #REF! | D29: =#REF! -> #REF! | E29: =#REF! -> #REF! | F29: =E29*C29 -> #REF!
A30: 4.11 | B30: =#REF! -> #REF! | C30: =#REF! -> #REF! | D30: =#REF! -> #REF! | E30: =#REF! -> #REF! | F30: =E30*C30 -> #REF!
F31: =SUM(F7:F30) -> #REF!

Sheet TRASIEGO
A1: ACERO DE REFUERZO | B1: KG | C1: =+#REF! -> #REF!
A2: CONCRETO DE 4000 PSI | B2: M3 | C2: =+#REF! -> #REF!
A3: TRITURADO 3/4" | B3: M3 | C3: =+#REF! -> #REF!
A6: TOTAL DE KG A SUBIR | C6: DENSIDAD
B7: M3 | C7: KG/M3 | D7: TOTAL KG
A8: ARENA | B8: =+C2*0.67 -> #REF! | C8: 1600 | D8: =+C8*B8 -> #REF!
A9: TRITURADO | B9: =+C2*0.67 -> #REF! | C9: 1800 | D9: =+C9*B9 -> #REF!
A10: TRITURA MEJORAMIENTO BASE | B10: =+C3 -> #REF! | C10: 1800 | D10: =+C10*B10 -> #REF!
A11: ACERO DE REFUERZO | D11: =+C1 -> #REF!
C12: TOTAL | D12: =SUM(D8:D11) -> #REF! | E12: KG
C14: VIAJE
A15: 1 MULA EN EL DÍA HACE VIAJES | B15: VIAJE MULA | C15: 15
A16: RECUA DE MULAS | B16: MULAS | C16: 4
A17: PRECIO DIA RECUA DE 4 MULAS | B17: RECUA 4 MULAS/DIA | C17: 400000
A18: DIA DE MANEJADOR RECUA MULAS INCLUYE CARGUE CAJONES | B18: DIA MULERO | C18: 150000
A19: COSTO TOTAL DIA 4 MULAS 1 MULERO | B19: DIA RECUA COMPLETA | C19: =+C17+C18 -> 550000
A20: KG TRASPORTADO MULA POR VIAJE | B20: KG | C20: 100
A21: KG TOTAL TRASPORTADO EN 1 DIA POR RECUA DE 4 MULAS Y MULERO | B21: KG | C21: =+C15*C16*C20 -> 6000
A22: PRECIO KG SUBIDO POR DIA POR 4 MULAS Y 1 MULERO | B22: $/KG | C22: =+C19/C21 -> 91.666667
A23: VIAJE DE MULA | B23: VIAJE MULA | C23: =+C22*C20 -> 9166.6667
D25: $/KG | E25: TOTAL
A26: TOTAL A SUBIR | B26: KG | C26: =+D12 -> #REF! | D26: =+C22 -> 91.666667 | E26: =+D26*C26 -> #REF!

Sheet apu trasiego
A8: =+'ANALISIS BASICOS'!$A$7 -> #REF! | D8: SECRETARÍA DE PLANEACIÓN Y DESARROLLO SOCIAL
A11: =+'ANALISIS BASICOS'!A10:C10 -> #REF! | D11: Trasiego
D13: UNIDAD: | E13: =+#REF! -> #REF! | F13: ITEM: | G13: =+#REF! -> #REF!
A14: I. EQUIPO
A15: Descripción | D15: Tarifa/Hora | E15: Rendimiento | F15: Valor-Unit.
A18: SUB-TOTAL | G18: =SUM(F16:F17) -> 0
A19: II. MATERIALES
A20: Descripción | C20: Unidad | D20: Precio-Unit. | E20: Cantidad | F20: Valor-Unit.
A26: SUB-TOTAL | G26: =SUM(F21:F25) -> 0
A27: III. TRANSPORTES
A28: Descripción | C28: Unidad | D28: Precio-Unit. | E28: Cantidad | F28: Valor-Unit.
A29: trasporte en mula | C29: kg | D29: =+TRASIEGO!C22 -> 91.666667 | E29: 1 | F29: =+E29*D29 -> 91.666667
A31: SUB-TOTAL | G31: =+F29 -> 91.666667
A32: IV. MANO DE OBRA
A33: Trabajador | C33: Jornal/H-H | D33: Cantidad | E33: Rendimiento | F33: Valor-Unit.
A36: =+A31 -> SUB-TOTAL | G36: =SUM(F34:F35) -> 0
A38: TOTAL UNITARIO | G38: =ROUND(G18+G26+G31+G36,0) -> 92
A41: ALCALDIA DE NEIVA
A44: =A11 -> #REF! | D44: ITEM: TRAZADO, LOCALIZACIÓN Y REPLANTEO. INCL. REVISIÓN Y AJUSTE DE DISEÑOS
D46: UNIDAD: | E46: KM
A47: I. EQUIPO
A48: Descripción | D48: Tarifa/Día | E48: Rendimiento | F48: Valor-Unit.
A49: =+'LISTADO EQUIPOS'!C20 -> ESTACION TOTAL DE TOPOGRAFÍA | D49: =+'LISTADO EQUIPOS'!E20 -> 540000 | E49: 2 | F49: =+E49*D49 -> 1080000
A50: =+'LISTADO EQUIPOS'!C89 -> CAMIONETA TIPO ESTACA ≥1600 CC MOD 1990 EN ADELANTE. | D50: =+'LISTADO EQUIPOS'!E89 -> 220000 | E50: 2 | F50: =+E50*D50 -> 440000
A51: =+'LISTADO EQUIPOS'!$C$22 -> HERRAMIENTA MENOR. | D51: =+'LISTADO EQUIPOS'!$E$22/8 -> 2850 | E51: =+E67 -> 4 | F51: =+E51*D51 -> 11400
A52: SUB-TOTAL | G52: =SUM(F49:F51) -> 1531400
A53: II. MATERIALES
A54: Descripción | C54: Unidad | D54: Precio-Unit. | E54: Cantidad | F54: Valor-Unit.
A55: =+'LISTADO MATERIALES'!C740 -> ESTACAS MADERA | C55: =+'LISTADO MATERIALES'!$D$740 -> UND | D55: =+'LISTADO MATERIALES'!$E$740 -> 525 | E55: 300 | F55: =+E55*D55 -> 157500
A56: =+'LISTADO MATERIALES'!C380 -> ESMALTE | C56: =+'LISTADO MATERIALES'!$D$380 -> GAL | D56: =+'LISTADO MATERIALES'!$E$380 -> 51450 | E56: 0.25 | F56: =+E56*D56 -> 12862.5
A59: SUB-TOTAL | G59: =SUM(F55:F58) -> 170362.5
A60: III. TRANSPORTES
A61: Descripción | C61: Unidad | D61: Precio-Unit. | E61: Cantidad | F61: Valor-Unit.
A64: SUB-TOTAL
A65: IV. MANO DE OBRA
A66: Trabajador | C66: Jornal/H-H | D66: Cantidad | E66: Rendimiento | F66: Valor-Unit.
A67: Comisión de Topografía | C67: 200000 | D67: 1 | E67: 4 | F67: =+(C67*D67)*E67 -> 800000
A68: =+'MANO DE OBRA'!$A$65 -> Ayudante (Incl. Prestaciones) | C68: =+'MANO DE OBRA'!$E$65 -> 10972.812 | D68: 2 | E68: =+E67 -> 4 | F68: =+(C68*D68)*E68 -> 87782.5
A69: =+A64 -> SUB-TOTAL | G69: =SUM(F67:F68) -> 887782.5
A71: TOTAL UNITARIO | G71: =ROUND(G52+G59+G64+G69,0) -> 2589545
A74: ALCALDIA DE NEIVA
A77: =A11 -> #REF! | D77: ITEM: DESCAPOTE MANUAL E=.20M – INCL. RETIRO
D79: UNIDAD: | E79: M2
A80: I. EQUIPO
A81: Descripción | D81: Tarifa/Hora | E81: Rendimiento | F81: Valor-Unit.
A82: =+'LISTADO EQUIPOS'!$C$22 -> HERRAMIENTA MENOR. | D82: =+'LISTADO EQUIPOS'!$E$22/8 -> 2850 | E82: 5 | F82: =D82/E82 -> 570
A84: SUB-TOTAL | G84: =SUM(F82:F83) -> 570
A85: II. MATERIALES
A86: Descripción | C86: Unidad | D86: Precio-Unit. | E86: Cantidad | F86: Valor-Unit.
A91: SUB-TOTAL
A92: III. TRANSPORTES
A93: Descripción | C93: Unidad | D93: Precio-Unit. | E93: Cantidad | F93: Valor-Unit.
A94: =+'LISTADO EQUIPOS'!C124 -> VOLQUETA (4.2 - 5)M3. | C94: =+'LISTADO EQUIPOS'!D124 -> VJ | D94: =+'LISTADO EQUIPOS'!E124 -> 80000 | E94: 0.03 | F94: =D94*E94 -> 2400
A96: SUB-TOTAL | G96: =SUM(F94:F95) -> 2400
A97: IV. MANO DE OBRA
A98: Trabajador | C98: Jornal/H-H | D98: Cantidad | E98: Rendimiento | F98: Valor-Unit.
A99: =+'MANO DE OBRA'!$A$64 -> Oficial (Incl. Prestaciones) | C99: =+'MANO DE OBRA'!$E$64 -> 15031.25 | D99: 1 | E99: 8 | F99: =+(C99*D99)/E99 -> 1878.9062
A100: =+'MANO DE OBRA'!$A$65 -> Ayudante (Incl. Prestaciones) | C100: =+'MANO DE OBRA'!$E$65 -> 10972.812 | D100: 2 | E100: =+E99 -> 8 | F100: =+(C100*D100)/E100 -> 2743.2031
A101: =+A96 -> SUB-TOTAL | G101: =SUM(F99:F100) -> 4622.1094
A103: TOTAL UNITARIO | G103: =ROUND(G84+G91+G96+G101,0) -> 7592
A106: ALCALDIA DE NEIVA
A109: =A11 -> #REF! | D109: ITEM: DESMONTE Y LIMPIEZA EN BOSQUE. ESP. 200-07 INVIAS.
D111: UNIDAD: | E111: Ha
A112: I. EQUIPO
A113: Descripción | D113: Tarifa/Hora | E113: Rendimiento | F113: Valor-Unit.
A114: =+'LISTADO EQUIPOS'!$C$28 -> MOTOSIERRA. | D114: =+'LISTADO EQUIPOS'!$E$28 -> 18000 | E114: 0.05 | F114: =+D114/E114 -> 360000
A115: =+'LISTADO EQUIPOS'!$C$21 -> GUADAÑADORA. | D115: =+'LISTADO EQUIPOS'!$E$21 -> 12000 | E115: 0.1 | F115: =+D115/E115 -> 120000
A116: =+'LISTADO EQUIPOS'!$C$86 -> BULLDOZER (100 - 140) HP. CAT D6D. | D116: =+'LISTADO EQUIPOS'!$E$86 -> 100000 | E116: 0.15 | F116: =+D116/E116 -> 666666.67
A117: =+'LISTADO EQUIPOS'!$C$90 -> CARGADOR S/LLANTA CAT 930 O 950 | D117: =+'LISTADO EQUIPOS'!$E$90 -> 90000 | E117: 0.15 | F117: =+D117/E117 -> 600000
A118: =+'LISTADO EQUIPOS'!$C$22 -> HERRAMIENTA MENOR. | D118: =+'LISTADO EQUIPOS'!$E$22/8 -> 2850 | E118: =+E134 -> 1.7715167 | F118: =+D118/E118 -> 1608.7909
A119: SUB-TOTAL | G119: =SUM(F114:F118) -> 1748275.5
A120: II. MATERIALES
A121: Descripción | C121: Unidad | D121: Precio-Unit. | E121: Cantidad | F121: Valor-Unit.
A126: SUB-TOTAL
A127: III. TRANSPORTES
A128: Descripción | C128: Unidad | D128: Precio-Unit. | E128: Cantidad | F128: Valor-Unit.
E129: 0
A131: SUB-TOTAL
A132: IV. MANO DE OBRA
A133: Trabajador | C133: Jornal/H-H | D133: Cantidad | E133: Rendimiento | F133: Valor-Unit.
A134: =+'MANO DE OBRA'!$A$65 -> Ayudante (Incl. Prestaciones) | C134: =+'MANO DE OBRA'!$E$65 -> 10972.812 | D134: 2 | E134: 1.7715167 | F134: =+(C134*D134)*E134 -> 38877.041
A136: =+A131 -> SUB-TOTAL | G136: =SUM(F134:F135) -> 38877.041
A138: TOTAL UNITARIO | G138: =ROUND(G119+G126+G131+G136,0) -> 1787152
A141: ALCALDIA DE NEIVA
A144: =A11 -> #REF! | D144: ITEM: DESMONTE Y LIMPIEZA EN ZONAS NO BOSCOSAS. ESP. 200-07 INVIAS.
D146: UNIDAD: | E146: Ha
A147: I. EQUIPO
A148: Descripción | D148: Tarifa/Hora | E148: Rendimiento | F148: Valor-Unit.
A149: =+'LISTADO EQUIPOS'!$C$28 -> MOTOSIERRA. | D149: =+'LISTADO EQUIPOS'!$E$28 -> 18000 | E149: 0.5 | F149: =+D149/E149 -> 36000
A150: =+'LISTADO EQUIPOS'!$C$21 -> GUADAÑADORA. | D150: =+'LISTADO EQUIPOS'!$E$21 -> 12000 | E150: 0.25 | F150: =+D150/E150 -> 48000
A151: =+'LISTADO EQUIPOS'!$C$86 -> BULLDOZER (100 - 140) HP. CAT D6D. | D151: =+'LISTADO EQUIPOS'!$E$86 -> 100000 | E151: 0.33 | F151: =+D151/E151 -> 303030.3
A152: =+'LISTADO EQUIPOS'!$C$90 -> CARGADOR S/LLANTA CAT 930 O 950 | D152: =+'LISTADO EQUIPOS'!$E$90 -> 90000 | E152: 0.33 | F152: =+D152/E152 -> 272727.27
A153: =+'LISTADO EQUIPOS'!$C$22 -> HERRAMIENTA MENOR. | D153: =+'LISTADO EQUIPOS'!$E$22/8 -> 2850 | E153: =+E169 -> 1.7715167 | F153: =+D153/E153 -> 1608.7909
A154: SUB-TOTAL | G154: =SUM(F149:F153) -> 661366.37
A155: II. MATERIALES
A156: Descripción | C156: Unidad | D156: Precio-Unit. | E156: Cantidad | F156: Valor-Unit.
A161: SUB-TOTAL
A162: III. TRANSPORTES
A163: Descripción | C163: Unidad | D163: Precio-Unit. | E163: Cantidad | F163: Valor-Unit.
E164: 0
...

Sheet 2 - DEMOLICIONES
A7: =+'ANALISIS BASICOS'!$A$7 -> #REF!
A10: =+#REF! -> #REF! | D10: ITEM: DEMOLICIÓN DE GRADERÍAS EN CONCRETO EXISTENTE
D12: UNIDAD: | E12: M2 | F12: ITEM: | G12: 1.2
A13: I. EQUIPO
A14: Descripción | D14: Tarifa/Hora | E14: Rendimiento | F14: Valor-Unit.
A15: =+'LISTADO EQUIPOS'!$C$22 -> HERRAMIENTA MENOR. | D15: =+'LISTADO EQUIPOS'!$E$22/8 -> 2850 | E15: =+E32 -> 0.25 | F15: =+E15*D15 -> 712.5
A17: SUB-TOTAL | G17: =SUM(F15:F16) -> 712.5
A18: II. MATERIALES
A19: Descripción | C19: Unidad | D19: Precio-Unit. | E19: Cantidad | F19: Valor-Unit.
A24: SUB-TOTAL | G24: =SUM(F20:F23) -> 0
A25: III. TRANSPORTES
A26: Descripción | C26: Unidad | D26: Precio-Unit. | E26: Cantidad | F26: Valor-Unit.
A27: =+'LISTADO EQUIPOS'!$C$125 -> VOLQUETA (5-6)M3 | C27: =+'LISTADO EQUIPOS'!$D$125 -> VJ | D27: =+'LISTADO EQUIPOS'!$E$125 -> 90000 | E27: 0.07 | F27: =D27*E27 -> 6300
F28: =D28*E28 -> 0
A29: SUB-TOTAL | G29: =SUM(F27:F28) -> 6300
A30: IV. MANO DE OBRA
A31: Trabajador | C31: Jornal/H-H | D31: Cantidad | E31: Rendimiento | F31: Valor-Unit.
A32: =+'MANO DE OBRA'!$A$64 -> Oficial (Incl. Prestaciones) | C32: =+'MANO DE OBRA'!$E$64 -> 15031.25 | D32: 0 | E32: 0.25 | F32: =+(C32*D32)*E32 -> 0
A33: =+'MANO DE OBRA'!$A$65 -> Ayudante (Incl. Prestaciones) | C33: =+'MANO DE OBRA'!$E$65 -> 10972.812 | D33: 2 | E33: =+E32 -> 0.25 | F33: =+(C33*D33)*E33 -> 5486.4062
A34: =+A29 -> SUB-TOTAL | G34: =SUM(F32:F33) -> 5486.4062
A36: TOTAL UNITARIO | G36: =ROUND(G17+G24+G29+G34,0) -> 12499
A39: =+'ANALISIS BASICOS'!$A$7 -> #REF!
A42: =A10 -> #REF! | D42: ITEM: DEMOLICIÓN DE KIOSCO EXISTENTE EN GUADUA Y CUBIERTA EN TEJA DE ZINC
D44: UNIDAD: | E44: M2 | F44: ITEM: | G44: 1.3
A45: I. EQUIPO
A46: Descripción | D46: Tarifa/Hora | E46: Rendimiento | F46: Valor-Unit.
A47: =+'LISTADO EQUIPOS'!$C$22 -> HERRAMIENTA MENOR. | D47: =+'LISTADO EQUIPOS'!$E$22/8 -> 2850 | E47: =+E64 -> 0 | F47: =+E47*D47 -> 0
A49: SUB-TOTAL | G49: =SUM(F47:F48) -> 0
A50: II. MATERIALES
A51: Descripción | C51: Unidad | D51: Precio-Unit. | E51: Cantidad | F51: Valor-Unit.
A56: SUB-TOTAL | G56: =SUM(F52:F55) -> 0
A57: III. TRANSPORTES
A58: Descripción | C58: Unidad | D58: Precio-Unit. | E58: Cantidad | F58: Valor-Unit.
A59: =+'LISTADO EQUIPOS'!$C$124 -> VOLQUETA (4.2 - 5)M3. | C59: =+'LISTADO EQUIPOS'!$D$124 -> VJ | D59: =+'LISTADO EQUIPOS'!$E$124 -> 80000 | E59: 0.1 | F59: =D59*E59 -> 8000
F60: =D60*E60 -> 0
A61: SUB-TOTAL | G61: =SUM(F59:F60) -> 8000
A62: IV. MANO DE OBRA
A63: Trabajador | C63: Jornal/H-H | D63: Cantidad | E63: Rendimiento | F63: Valor-Unit.
A64: =+'MANO DE OBRA'!$A$64 -> Oficial (Incl. Prestaciones)
A65: =+'MANO DE OBRA'!$A$65 -> Ayudante (Incl. Prestaciones) | C65: =+'MANO DE OBRA'!$E$65 -> 10972.812 | D65: 2 | E65: 0.8 | F65: =+(C65*D65)*E65 -> 17556.5
A66: =+A61 -> SUB-TOTAL | G66: =SUM(F64:F65) -> 17556.5
A68: TOTAL UNITARIO | G68: =ROUND(G49+G56+G61+G66,0) -> 25557
A71: =+'ANALISIS BASICOS'!$A$7 -> #REF!
A74: =A10 -> #REF! | D74: ITEM: DEMOLICIÓN DE ENCHAPE Y REVOQUE, CON RETIRO
D76: UNIDAD: | E76: M2
A77: I. EQUIPO
A78: Descripción | D78: Tarifa/Día | E78: Rendimiento | F78: Valor-Unit.
A79: =+'LISTADO EQUIPOS'!$C$22 -> HERRAMIENTA MENOR. | D79: =+'LISTADO EQUIPOS'!$E$22/8 -> 2850 | E79: =+E96 -> 0.53876966 | F79: =+E79*D79 -> 1535.4935
A81: SUB-TOTAL | G81: =SUM(F79:F80) -> 1535.4935
A82: II. MATERIALES
A83: Descripción | C83: Unidad | D83: Precio-Unit. | E83: Cantidad | F83: Valor-Unit.
A88: SUB-TOTAL
A89: III. TRANSPORTES
A90: Descripción | C90: Unidad | D90: Precio-Unit. | E90: Cantidad | F90: Valor-Unit.
A91: =+'LISTADO EQUIPOS'!$C$124 -> VOLQUETA (4.2 - 5)M3. | C91: =+'LISTADO EQUIPOS'!$D$124 -> VJ | D91: =+'LISTADO EQUIPOS'!$E$124 -> 80000 | E91: 0.02 | F91: =D91*E91 -> 1600
F92: =D92*E92 -> 0
A93: SUB-TOTAL | G93: =SUM(F91:F92) -> 1600
A94: IV. MANO DE OBRA
A95: Trabajador | C95: Jornal/H-H | D95: Cantidad | E95: Rendimiento | F95: Valor-Unit.
A96: =+'MANO DE OBRA'!$A$64 -> Oficial (Incl. Prestaciones) | C96: =+'MANO DE OBRA'!$E$64 -> 15031.25 | D96: 0 | E96: 0.53876966 | F96: =+(C96*D96)*E96 -> 0
A97: =+'MANO DE OBRA'!$A$65 -> Ayudante (Incl. Prestaciones) | C97: =+'MANO DE OBRA'!$E$65 -> 10972.812 | D97: 2 | E97: =+E96 -> 0.53876966 | F97: =+(C97*D97)*E97 -> 11823.637
A98: =+A93 -> SUB-TOTAL | G98: =SUM(F96:F97) -> 11823.637
A100: TOTAL UNITARIO | G100: =ROUND(G81+G88+G93+G98,0) -> 14959
A103: =+'ANALISIS BASICOS'!$A$7 -> #REF!
A106: =A10 -> #REF! | D106: ITEM: DEMOLICIÓN DE PLACA POLIDEPORTIVO EN CONCRETO
D108: UNIDAD: | E108: M2 | F108: ITEM:
A109: I. EQUIPO
A110: Descripción | D110: Tarifa/Hora | E110: Rendimiento | F110: Valor-Unit.
A111: =+'LISTADO EQUIPOS'!$C$22 -> HERRAMIENTA MENOR. | D111: =+'LISTADO EQUIPOS'!$E$22/8 -> 2850 | E111: 2 | F111: =+D111/E111 -> 1425
A113: SUB-TOTAL | G113: =SUM(F111:F112) -> 1425
A114: II. MATERIALES
A115: Descripción | C115: Unidad | D115: Precio-Unit. | E115: Cantidad | F115: Valor-Unit.
A120: SUB-TOTAL
A121: III. TRANSPORTES
A122: Descripción | C122: Unidad | D122: Precio-Unit. | E122: Cantidad | F122: Valor-Unit.
A123: =+'LISTADO EQUIPOS'!C124 -> VOLQUETA (4.2 - 5)M3. | C123: =+'LISTADO EQUIPOS'!D124 -> VJ | D123: =+'LISTADO EQUIPOS'!E124 -> 80000 | E123: 0.034 | F123: =D123*E123 -> 2720
A125: SUB-TOTAL | G125: =SUM(F123:F124) -> 2720
A126: IV. MANO DE OBRA
A127: Trabajador | C127: Jornal/H-H | D127: Cantidad | E127: Rendimiento | F127: Valor-Unit.
A129: =+'MANO DE OBRA'!$A$65 -> Ayudante (Incl. Prestaciones) | C129: =+'MANO DE OBRA'!$E$65 -> 10972.812 | D129: 2 | E129: 3.5 | F129: =+(C129*D129)/E129 -> 6270.1786
A130: =+A125 -> SUB-TOTAL | G130: =SUM(F128:F129) -> 6270.1786
A132: TOTAL UNITARIO | G132: =ROUND(G113+G120+G125+G130,0) -> 10415
A135: =+'ANALISIS BASICOS'!$A$7 -> #REF!
A138: =A10 -> #REF! | D138: ITEM: DEMOLICIÓN MECÁNICA DE ESTRUCTURAS EN CONCRETO (PLACA EN CONCRETO, CUNETAS, VIGAS DE CIMENTACIÓN, GRADERÍAS ENTRE OTROS), INCL. RETIRO DE MATERIAL SOBRANTE
D140: UNIDAD: | E140: M2 | F140: ITEM: | G140: 1.2
A141: I. EQUIPO
A142: Descripción | D142: Tarifa/Hora | E142: Rendimiento | F142: Valor-Unit.
A143: =+'LISTADO EQUIPOS'!$C$11 -> COMPRESOR 210 CFM-1 MARTILLO. 90 libras (Tipo Kaeser) | D143: =+'LISTADO EQUIPOS'!$E$11 -> 60000 | E143: =+E160 -> 4.5 | F143: =+D143/E143 -> 13333.333
A144: =+'LISTADO EQUIPOS'!$C$22 -> HERRAMIENTA MENOR. | D144: =+'LISTADO EQUIPOS'!$E$22/8 -> 2850 | E144: =+E143 -> 4.5 | F144: =+D144/E144 -> 633.33333
A145: SUB-TOTAL | G145: =SUM(F143:F144) -> 13966.667
A146: II. MATERIALES
A147: Descripción | C147: Unidad | D147: Precio-Unit. | E147: Cantidad | F147: Valor-Unit.
A152: SUB-TOTAL
A153: III. TRANSPORTES
A154: Descripción | C154: Unidad | D154: Precio-Unit. | E154: Cantidad | F154: Valor-Unit.
A155: =+'LISTADO EQUIPOS'!$C$124 -> VOLQUETA (4.2 - 5)M3. | C155: =+'LISTADO EQUIPOS'!$D$124 -> VJ | D155: =+'LISTADO EQUIPOS'!$E$124 -> 80000 | E155: 0.12 | F155: =D155*E155 -> 9600
F156: =D156*E156 -> 0
A157: SUB-TOTAL | G157: =SUM(F155:F156) -> 9600
A158: IV. MANO DE OBRA
A159: Trabajador | C159: Jornal/H-H | D159: Cantidad | E159: Rendimiento | F159: Valor-Unit.
...

Sheet 4 - CIMENTACIÓN - CONCRETOS
A8: ALCALDIA DE NEIVA
A11: PRECIOS UNITARIOS OFICIALES 2014 | D11: ITEM: CONCRETO PARA SOLADO E=0,05, LIMPIEZA Y/O RELLENOS FLUIDOS - 1700 PSI (140KG/CM2) - ESP. 630-07 INV.
D13: UNIDAD: | E13: M3
A14: I. EQUIPO
A15: Descripción | D15: Tarifa/Hora | E15: Rendimiento | F15: Valor-Unit.
A16: =+'LISTADO EQUIPOS'!$C$22 -> HERRAMIENTA MENOR. | D16: GLOB | F16: 200
A18: SUB-TOTAL | G18: =SUM(F16:F17) -> 200
A19: II. MATERIALES
A20: Descripción | C20: Unidad | D20: Precio-Unit. | E20: Cantidad | F20: Valor-Unit.
A21: =+'ANALISIS BASICOS'!$A$132 -> CONCRETO NORMAL - 1700 PSI (140 KG/CM2) | C21: =+'ANALISIS BASICOS'!$E$108 -> M3 | D21: =+'ANALISIS BASICOS'!$G$132 -> 342401 | E21: 1 | F21: =+E21*D21 -> 342401
A25: SUB-TOTAL | G25: =SUM(F21:F24) -> 342401
A26: III. TRANSPORTES
A27: Descripción | C27: Unidad | D27: Precio-Unit. | E27: Cantidad | F27: Valor-Unit.
A30: SUB-TOTAL
A31: IV. MANO DE OBRA
A32: Trabajador | C32: Jornal/H-H | D32: Unidad | E32: Cantidad | F32: Valor-Unit.
A33: =+'MANO DE OBRA'!$A$64 -> Oficial (Incl. Prestaciones) | C33: =+'MANO DE OBRA'!$E$64 -> 15031.25 | D33: 1 | E33: 1 | F33: =+(C33*D33)/E33 -> 15031.25
A34: =+'MANO DE OBRA'!$A$65 -> Ayudante (Incl. Prestaciones) | C34: =+'MANO DE OBRA'!$E$65 -> 10972.812 | D34: 2 | E34: =+E33 -> 1 | F34: =+(C34*D34)/E34 -> 21945.625
A35: =+A30 -> SUB-TOTAL | G35: =SUM(F33:F34) -> 36976.875
A37: TOTAL UNITARIO | G37: =ROUND(G18+G25+G30+G35,0) -> 379578
A40: =+'ANALISIS BASICOS'!$A$7 -> #REF! | D40: SECRETARÍA DE PLANEACIÓN Y DESARROLLO SOCIAL
A43: =+_xlfn.SINGLE(#REF!) -> #NAME? | D43: =#REF! -> #REF!
D45: UNIDAD: | E45: =#REF! -> #REF! | F45: ITEM: | G45: =#REF! -> #REF! | H45: =#REF! -> #REF!
A46: I. EQUIPO
A47: Descripción | D47: Tarifa/Hora | E47: Rendimiento | F47: Valor-Unit.
A48: =#REF! -> #REF! | D48: =#REF! -> #REF! | E48: 0.2 | F48: =D48/E48 -> #REF!
A49: =#REF! -> #REF! | D49: =#REF! -> #REF! | E49: 1 | F49: =D49/E49 -> #REF!
A50: =#REF! -> #REF! | D50: =#REF! -> #REF! | E50: 2 | F50: =D50/E50 -> #REF!
A51: =#REF! -> #REF! | D51: =#REF! -> #REF! | E51: 2 | F51: =D51/E51 -> #REF!
A52: SUB-TOTAL | G52: =SUM(F48:F51) -> #REF! | H52: =G52*H45 -> #REF!
A53: II. MATERIALES
A54: Descripción | C54: Unidad | D54: Precio-Unit. | E54: Cantidad | F54: Valor-Unit. | I54: Prop. 1:2:3
A55: =#REF! -> #REF! | C55: =#REF! -> #REF! | D55: =#REF! -> #REF! | E55: =7/10 -> 0.7 | F55: =+E55*D55 -> #REF!
A56: =#REF! -> #REF! | C56: =#REF! -> #REF! | D56: =#REF! -> #REF! | E56: =0.84/10 -> 0.084 | F56: =+E56*D56 -> #REF!
A57: =#REF! -> #REF! | C57: =#REF! -> #REF! | D57: =#REF! -> #REF! | E57: =0.55/10 -> 0.055 | F57: =+E57*D57 -> #REF!
A58: =#REF! -> #REF! | C58: =#REF! -> #REF! | D58: =#REF! -> #REF! | E58: =170/10 -> 17 | F58: =+E58*D58 -> #REF!
A59: SUB-TOTAL | G59: =SUM(F55:F58) -> #REF! | H59: =G59*H45 -> #REF!
A60: III. TRANSPORTES
A61: Descripción | C61: Unidad | D61: Precio-Unit. | E61: Cantidad | F61: Valor-Unit.
A64: SUB-TOTAL
A65: IV. MANO DE OBRA
A66: Trabajador | C66: Jornal/H-H | D66: Unidad | E66: Cantidad | F66: Valor-Unit.
A67: =+'MANO DE OBRA'!$A$64 -> Oficial (Incl. Prestaciones) | C67: =+'MANO DE OBRA'!$E$64 -> 15031.25 | D67: 1 | E67: 1 | F67: =+(C67*D67)/E67 -> 15031.25
A68: =+'MANO DE OBRA'!$A$65 -> Ayudante (Incl. Prestaciones) | C68: =+'MANO DE OBRA'!$E$65 -> 10972.812 | D68: 3 | E68: 1 | F68: =+(C68*D68)/E68 -> 32918.438
A69: =+A64 -> SUB-TOTAL | G69: =SUM(F67:F68) -> 47949.688 | H69: =G69*H45 -> #REF!
A71: TOTAL UNITARIO | G71: =ROUND(G52+G59+G64+G69,0) -> #REF! | H71: =H69+H59+H52 -> #REF!
A73: Elaboró: | D73: Revisó y aprobó:
A77: CRISTIAN DANNILO GOMEZ SAPUY | D77: JORGE FERANDO RAMOS BONILLA
A78: Apoyo profesional - Secretaría de Planeación | D78: Secretario de Planeación y Desarrollo Social
A80: =+'ANALISIS BASICOS'!$A$7 -> #REF! | D80: SECRETARÍA DE PLANEACIÓN Y DESARROLLO SOCIAL
A83: =+A43 -> #NAME? | D83: ITEM: CONCRETO PARA BASE DE ESTRUCTURAS EN CONCRETO CICLÓPEO - 2500 PSI (175 KG/CM2) 60% CONCRETO 2500 PSI + 40% PIEDRA MEDIA ZONGA.
D85: UNIDAD: | E85: M3 | F85: ITEM: | G85: 2.2
A86: I. EQUIPO
A87: Descripción | D87: Tarifa/Hora | E87: Rendimiento | F87: Valor-Unit.
A88: =+'LISTADO EQUIPOS'!$C$22 -> HERRAMIENTA MENOR. | D88: =+'LISTADO EQUIPOS'!$E$22/8 -> 2850 | E88: =+E105 -> 1.9685989 | F88: =+E88*D88 -> 5610.5069
A89: =+'LISTADO EQUIPOS'!$C$63 -> FORMALETA PARA BASE DE ESTRUCTURAS. | D89: =+INSUMOS!H50 -> 45681 | E89: 1 | F89: =+E89*D89 -> 45681
A90: SUB-TOTAL | G90: =SUM(F88:F89) -> 51291.507
A91: II. MATERIALES
A92: Descripción | C92: Unidad | D92: Precio-Unit. | E92: Cantidad | F92: Valor-Unit.
A93: =+'ANALISIS BASICOS'!A490 -> CONCRETO CICLÓPEO - 2500 PSI (175 KG/CM2) 60% CONCRETO 2500 PSI + 40% PIEDRA MEDIA ZONGA | C93: =+'ANALISIS BASICOS'!$E$108 -> M3 | D93: =+INSUMOS!H71 -> 589650 | E93: 1.03 | F93: =+E93*D93 -> 607339.5
A94: =+'LISTADO MATERIALES'!$C$723 -> AGUA | C94: =+'LISTADO MATERIALES'!$D$723 -> LT | D94: =+INSUMOS!H7 -> 30 | E94: 50 | F94: =+E94*D94 -> 1500
A97: SUB-TOTAL | G97: =SUM(F93:F96) -> 608839.5
A98: III. TRANSPORTES
A99: Descripción | C99: Unidad | D99: Precio-Unit. | E99: Cantidad | F99: Valor-Unit.
A102: SUB-TOTAL
A103: IV. MANO DE OBRA
A104: Trabajador | C104: Jornal/H-H | D104: Unidad | E104: Cantidad | F104: Valor-Unit.
A105: =+'MANO DE OBRA'!$A$64 -> Oficial (Incl. Prestaciones) | C105: =+'MANO DE OBRA'!$E$64 -> 15031.25 | D105: 1 | E105: 1.9685989 | F105: =+(C105*D105)*E105 -> 29590.502
A106: =+'MANO DE OBRA'!$A$65 -> Ayudante (Incl. Prestaciones) | C106: =+'MANO DE OBRA'!$E$65 -> 10972.812 | D106: 2 | E106: =+E105 -> 1.9685989 | F106: =+(C106*D106)*E106 -> 43202.133
A107: =+A102 -> SUB-TOTAL | G107: =SUM(F105:F106) -> 72792.636
A109: TOTAL UNITARIO | G109: =ROUND(G90+G97+G102+G107,0) -> 732924
A112: ALCALDIA DE NEIVA
A115: =A11 -> PRECIOS UNITARIOS OFICIALES 2014 | D115: ITEM: CONCRETO PARA ELEVACIÓN DE ESTRUCTURAS - 1700 PSI (140KG/CM2) - ESP. 630-07 INV.
D117: UNIDAD: | E117: M3
A118: I. EQUIPO
A119: Descripción | D119: Tarifa/Hora | E119: Rendimiento | F119: Valor-Unit.
A120: =+'LISTADO EQUIPOS'!$C$22 -> HERRAMIENTA MENOR. | D120: =+'LISTADO EQUIPOS'!$E$22/8 -> 2850 | E120: =+E137 -> 2 | F120: =+E120*D120 -> 5700
A121: =+'LISTADO EQUIPOS'!$C$65 -> FORMALETA PARA ELEVACIONES DE ESTRUCTURAS. | D121: =+'LISTADO EQUIPOS'!$E$65 -> 85000 | E121: 1 | F121: =+E121*D121 -> 85000
A122: SUB-TOTAL | G122: =SUM(F120:F121) -> 90700
A123: II. MATERIALES
A124: Descripción | C124: Unidad | D124: Precio-Unit. | E124: Cantidad | F124: Valor-Unit.
